Workbook
Name \0: #REF!
Name \00: #REF!
Name \a: #REF!
Name \AA: #REF!
Name \b: #REF!
Name \b: #REF!
Name \b: #REF!
Name \bb: #REF!
Name \c: #REF!
Name \c: #REF!
Name \C: #REF!
Name \D: #REF!
Name \E: #REF!
Name \EE: #REF!
Name \eliminar: #REF!
Name \eliminar: #REF!
Name \eliminar: #REF!
Name \eliminar1: #REF!
Name \eliminar1: #REF!
Name \eliminar1: #REF!
Name \f: #REF!
Name \G: #REF!
Name \i: #REF!
Name \k: #REF!
Name \l: #REF!
Name \m: #REF!
Name \M: #REF!
Name \ñ: #REF!
Name \o: #REF!
Name \P: #REF!
Name \q: #REF!
Name \q: #REF!
Name \R: #REF!
Name \s: #REF!
Name \sa: #REF!
Name \t: #REF!
Name \V: #REF!
Name \w: #N/A
Name \X: #N/A
Name \z: #REF!
Name \z: #REF!
Name \Z: #N/A
Name _: #REF!
Name _____________________________________________________i1: #REF!
Name __________________________________________________i1: #REF!
Name _________________________________________________AFC1: #REF!
Name _________________________________________________AFC3: #REF!
Name _________________________________________________AFC5: #REF!
Name _________________________________________________BGC1: #REF!
Name _________________________________________________BGC3: #REF!
Name _________________________________________________BGC5: #REF!
Name _________________________________________________CAC1: #REF!
Name _________________________________________________CAC3: #REF!
Name _________________________________________________CAC5: #REF!
Name _________________________________________________i1: #REF!
Name _________________________________________________SBC1: #REF!
Name _________________________________________________SBC3: #REF!
Name _________________________________________________SBC5: #REF!
Name ________________________________________________AFC1: #REF!
Name ________________________________________________AFC3: #REF!

Sheet PPTO RESUMEN
C2: REPUBLICA DE COLOMBIA
C3: DEPARTAMENTO DE LA GUAJIRA
C4: MUNICIPIO DE BARRANCAS
C5: OFICINA ASESORA DE PLANEACION
C7: CONSTRUCCIÓN DE UN SISTEMA SOLAR FOTOVOLTAICO DE GENERACIÓN DISTRIBUIDA DE 0.99 MWE ETAPA 3 PARA EL DESARROLLO SOCIOECONÓMICO DEL MUNICIPIO DE BARRANCAS, EN EL DEPARTAMENTO DE LA GUAJIRA - BARRANCAS III
C9: PRESUPUESTO DE OBRA
C11: Elaboró: | E11: Municipio: | G11: BARRANCAS
C12: Fecha: | E12: Departamento: | G12: LA GUAJIRA
C14: ITEM | D14: DESCRIPCIÓN | E14: UNID. | F14: CANTIDAD | G14: VR. UNITARIO | H14: VR. TOTAL
C17: 1 | D17: OBRAS PRELIMINARES | H17: =SUM(H18:H20) -> 7.2395944e+08
C18: 1.1 | D18: Localizacion, trazado y replanteo | E18: m2 | F18: ='MEM CAP 1'!J32 -> 11803.7 | G18: =+'APU C1'!H47 -> 4293.9427 | H18: =F18*G18 -> 50684412
C19: 1.2 | D19: Limpieza y descapote del terreno (tala de árboles, desbroce de maleza, y retiro de material vegetal. | E19: m2 | F19: ='MEM CAP 1'!J67 -> 11803.7 | G19: =+'APU C1'!H104 -> 53972.893 | H19: =F19*G19 -> 6.3707983e+08
C20: 1.3 | D20: Instalación y adecuacion de campamento y almacen de equipos y herramientas | E20: glb | F20: ='MEM CAP 1'!J102 -> 1 | G20: =+'APU C1'!H158 -> 36195192 | H20: =F20*G20 -> 36195192
C21: 2 | D21: MOVIMIENTOS DE TIERRA Y ADECUACION DEL TERRENO | H21: =SUM(H22:H24) -> 1.8094883e+09
C22: 2.1 | D22: Corte y nivelacion del terreno. Incluye cargue y transporte | E22: m3 | F22: =+'MEM CAP 2'!J32 -> 2360.7 | G22: ='APU C2'!H52 -> 83968.319 | H22: =F22*G22 -> 1.9822401e+08
C23: 2.2 | D23: Excavación sin clasificar de la explanación, canales y préstamos. | E23: m3 | F23: =+'MEM CAP 2'!J67 -> 9231.9 | G23: =+'APU C2'!H108 -> 37491.448 | H23: =F23*G23 -> 3.461173e+08
C24: 2.3 | D24: Suministro, colocacion y compactacion de relleno seleccionado | E24: m3 | F24: =+'MEM CAP 2'!J102 -> 6094.6 | G24: =+'APU C2'!H160 -> 207584.9 | H24: =F24*G24 -> 1.265147e+09
C25: 3 | D25: CERRAMIENTO PERIMETRAL | H25: =SUM(H26:H29) -> 5.5306171e+08
C26: 3.1 | D26: Suministro e instalación de cerramiento perimetral en malla eslabonada de alta seguridad, incluye: excavación, cimentación en dados de concreto de 21 MPA, postes tubulares galvanizados en caliente, brazos inclinados, alambre de púas, accesorios de fijación y todo lo necesario para su correcta ejecución y entrega a satisfacción. | E26: ml | F26: =+'MEM CAP 3'!$J$32 -> 504 | G26: ='APU C3'!H58 -> 857883.55 | H26: =F26*G26 -> 4.3237331e+08
C27: 3.2 | D27: Suministro e instalación de portón vehicular de doble hoja en tubería galvanizada y malla eslabonada, según diseño. Incluye: parales principales, cerrojos de seguridad, accesorios de sujeción, pintura de retoque en soldaduras y todo lo necesario para su entrega a satisfacción. | E27: und | F27: =+'MEM CAP 3'!$J$67 -> 1 | G27: =+'APU C3'!H120 -> 5810035.1 | H27: =F27*G27 -> 5810035.1
C28: 3.3 | D28: Suministro e instalación de puerta peatonal en tubería galvanizada y malla eslabonada, según diseño. Incluye: marco, cerradura/portacandado, bisagras, fijaciones y todo lo necesario para su correcta operación. | E28: und | F28: =+'MEM CAP 3'!J102 -> 1 | G28: =+'APU C3'!H186 -> 2509706.1 | H28: =F28*G28 -> 2509706.1
C29: 3.4 | D29: Suministro e instalacion de lamparas de iluminacion tipo exterior con alimentacion autonoma. Incluye poste de 6 metros en acero galvanizado | E29: und | F29: =+'MEM ELECTRICOS'!J14 -> 20 | G29: =+'APU C3'!H241 -> 5618433.2 | H29: =F29*G29 -> 1.1236866e+08
C30: 4 | D30: OBRAS CIVILES GENERALES | H30: =SUM(H31:H36) -> 1.1231096e+09
C31: 4.1 | D31: Conformación de calzada con sub_base granular tipo invias; incluye: suministro, extendido, humedecimiento, transporte externo, transporte interno, compactación hasta una densidad del 95% de la máxima obtenida en el ensayo del próctor modificado, medido en sitio. | E31: m2 | F31: =+'MEM CAP 4'!J32 -> 4149.4 | G31: ='APU 4.1.'!H48 -> 208621.22 | H31: =F31*G31 -> 8.6565288e+08
C32: 4.2 | D32: Construcción de cuneta de sección trapezoidal revestida con geosintético textil impermeable (tipo impertex o similar). Incluye: excavación, perfilado, compactación de la banca, suministro, corte, instalación y anclaje del material geosintético, y todo lo necesario para su correcto funcionamiento. | E32: ml | F32: =+'MEM CAP 4'!J67 -> 317.8 | G32: ='APU4.2.'!H49 -> 511254.17 | H32: =F32*G32 -> 1.6247658e+08
C33: 4.3 | D33: Construcción de camino peatonal permeable. Incluye: actividades de adecuación, nivelación y preparación del terreno, suministro e instalación de sistema de confinamiento celular (geocelda), suministro, llenado y acomodo de material granular tipo grava, y todo lo necesario para su correcto funcionamiento. | E33: ml | F33: =+'MEM CAP 4'!J102 -> 184 | G33: ='APU4.3.'!H49 -> 351502.76 | H33: =F33*G33 -> 64676509
C34: 4.4 | D34: Caja de inspección eléctrico de 90 x 90 x 110cm, en concreto reforzado de f'c= 3.500 psi - impermeabilizado. Incluye excavación y tape, tapa y herrajes, cañuelas, marcos en ángulo de 1 1/2"x3/16 e incluye todo lo necesario para su correcto funcionamiento. | E34: und | F34: =+'MEM CAP 4'!J137 -> 5 | G34: ='APU4.4.'!H46 -> 950354.16 | H34: =F34*G34 -> 4751770.8
C35: 4.5 | D35: Construcción de caseta tipo cobertizo de 2 x 1 mts, para la ubicación de inversores, sin muros. Incluye: placa base en concreto de 3.500 psi, estructura metálica con protección anticorrosiva, cubierta termoacústica, accesorios para fijación de equipos y todo lo necesario para su correcto funcionamiento. | E35: und | F35: =+'MEM CAP 4'!J172 -> 5 | G35: ='APU4.5.'!H55 -> 3603543.9 | H35: =F35*G35 -> 18017719
C36: 4.6 | D36: Construcción de cimentación en concreto de 4.000 PSI para soporte de subestación eléctrica principal. Incluye excavación, retiro de material y acero de refuerzo. | E36: und | F36: =+'MEM CAP 4'!J208 -> 1 | G36: ='APU4.6.'!H54 -> 7534184.5 | H36: =F36*G36 -> 7534184.5
C37: 5 | D37: ZANJA MT PARA 1 CIRCUITO | H37: =SUM(H38:H39) -> 80172729
C38: 5.1 | D38: Suministro e instalación de canalización de dos (02) tubos enterrada a profundidad máxima de 1,00 mts, en tubería de PVC de 4" tipo DB (ZANJA 1) | E38: ml | F38: =+'MEM ELECTRICOS'!J31 -> 60 | G38: ='APU 5.1.'!H52 -> 277991.73 | H38: =F38*G38 -> 16679504
C39: 5.2 | D39: Suministro e instalación de canalización de tres (04) tubos enterrada a profundidad máxima de 1,00 mts, en tubería de PVC de 4" tipo DB (ZANJA 2) | E39: ml | F39: =+'MEM ELECTRICOS'!J48 -> 144 | G39: ='APU 5.2.'!H52 -> 440925.17 | H39: =F39*G39 -> 63493225
C40: 6 | D40: ZANJA BT PARA 1 CIRCUITO | H40: =SUM(H41:H42) -> 30337324
C41: 6.1 | D41: Suministro e instalación de canalización de cuatro (01) tubos enterrada a profundidad máxima de 1,10 mts, en tubería de PVC de 4" tipo DB (ZANJA 3) | E41: ml | F41: =+'MEM ELECTRICOS'!J65 -> 25 | G41: ='APU 6.1.'!H52 -> 262780.58 | H41: =F41*G41 -> 6569514.5
C42: 6.2 | D42: Suministro e instalación de canalización de tres (02) tubos enterrada a profundidad máxima de 1,00 mts, en tubería de PVC de 2" tipo DB (ZANJA 4) | E42: ml | F42: =+'MEM ELECTRICOS'!J82 -> 115 | G42: ='APU 6.2.'!H52 -> 206676.61 | H42: =F42*G42 -> 23767810
C43: 7 | D43: MALLA A TIERRA | H43: =SUM(H44:H52) -> 25700990
C44: 7.1 | D44: Suministro e instalacion de cable de cobre desnudo de calibre N° 1/0 AWG | E44: m | F44: =+'MEM ELECTRICOS'!P91 -> 260 | G44: ='APU 7.1.'!H48 -> 65791.709 | H44: =F44*G44 -> 17105844
C45: 7.2 | D45: Ejecucion de soldadura exotermica del cable conductor en X, 115 gr | E45: und | F45: =+'MEM ELECTRICOS'!P108 -> 5 | G45: ='APU 7.2.'!H48 -> 44454.614 | H45: =F45*G45 -> 222273.07
C46: 7.3 | D46: Ejecucion de soldadura exotermica del cable conductor en T, 115 gr | E46: und | F46: =+'MEM ELECTRICOS'!P125 -> 11 | G46: ='APU 7.3.'!H48 -> 44454.614 | H46: =F46*G46 -> 489000.75
C47: 7.4 | D47: Ejecucion de soldadura exotermica del cable conductor terminal, 115 gr | E47: und | F47: =+'MEM ELECTRICOS'!P142 -> 5 | G47: ='APU 7.4.'!H48 -> 44454.614 | H47: =F47*G47 -> 222273.07
C48: 7.5 | D48: Suministro e instalacion de varilla de cobre con conector puesta a tierra 2.4Mx5/8" | E48: und | F48: =+'MEM ELECTRICOS'!P159 -> 7 | G48: ='APU 7.5.'!H48 -> 325302.77 | H48: =F48*G48 -> 2277119.4
C49: 7.6 | D49: Suministro e instalacion de Cajas de inspeccion para SPT 30x30cm Libres | E49: m | F49: =+'MEM ELECTRICOS'!P176 -> 4 | G49: ='APU 7.6.'!H48 -> 179442.53 | H49: =F49*G49 -> 717770.12
C50: 7.7 | D50: Suministro e instalacion de Punta Captadora Aluminio 60cm - ∅8mm | E50: und | F50: =+'MEM ELECTRICOS'!P193 -> 5 | G50: ='APU 7.7.'!H48 -> 213890.17 | H50: =F50*G50 -> 1069450.8
C51: 7.8 | D51: Suministro e instalacion de Anillo Equipotencial Alambron (barra Solida) Calibre 8mm2 | E51: m | F51: =+'MEM ELECTRICOS'!P210 -> 18 | G51: ='APU 7.8.'!H48 -> 190338.76 | H51: =F51*G51 -> 3426097.6
C52: 7.9 | D52: Suministro e instalacion de bajante, incluye Caja de paso 15x15 cm,conector bimetalico Aluminio - Cobre. | E52: und | F52: =+'MEM ELECTRICOS'!P227 -> 2 | G52: ='APU 7.9.'!H48 -> 85580.516 | H52: =F52*G52 -> 171161.03
C53: 8 | D53: TRANSFORMADORES Y RED DE MT | H53: =SUM(H54:H66) -> 9.5680597e+08
C54: 8.1 | D54: Suministro e instalacion de CENTRO DE TRANSFORMACIÓN, incluye Envolvente de acero galvanizado K10 C4 (LxWxH) 3119 x 2550 x 2715 mm,RMU SafePlus RMU, CF, 17.5kV, 600A, 21kA/3s, 60Hz, 01 Cable Switch, 01 Fuse Disconnector,Transformador de aceite de 1100 kVA, 13.8/0.800kV, 60 Hz, aceite mineral, ONAN, Dy5, Al/Al y Tablero de baja tensión 800V-1250A- 50kA/1s, 36kA/1s y protecciones en BT. | E54: und | F54: =+'MEM ELECTRICOS'!P244 -> 1 | G54: ='APU 8.1.'!H49 -> 4.4844981e+08 | H54: =F54*G54 -> 4.4844981e+08
C55: 8.2 | D55: Suministro e instalacion de transicion aerea - subterranea para derivacion corta, ya sea en cruce de via y/o salida de circuito para conexiones a MT | E55: und | F55: =+'MEM ELECTRICOS'!P261 -> 2 | G55: ='APU 8.2.'!H48 -> 13193963 | H55: =F55*G55 -> 26387926
C56: 8.3 | D56: Suministro e instalacion de Reconectador automático 15kV. Inom 800A. Icc 16kA. BIL 110kV. 30,000 Operaciones Electromecánicas. Disparo Trifásico. Interrupción en vacío. Aislamiento, Dieléctrico Sólido. Contención de Fallas de Arco Interno. Grado de Protección IP 65, incluye Tanque OSM15-16-800: Tres (3) transformadores de corriente. Seis (6) sensores de tensión capacitivos.CUBÍCULO DE CONTROL RECONECTADOR En acero inoxidable. Grado de protección IP66. Protocolos de comunicación, DNP 3.0, IEC 104, IEC 61850 Nativo Rango de operación -40°C a +55°C. Un (1) Cable de Control. 7 m de longitud. Una (1) estructura para montaje en poste. Puertos de comunicación RS232, (3) USB y Ethernet Acceso software propietario CMS y Transformador 0.5kVA 11,4/120v | E56: und | F56: 1 | G56: ='APU 8.3.'!H48 -> 93698925 | H56: =F56*G56 -> 93698925
C57: 8.4 | D57: Suministro e instalacion de Acometida 3F 3N°1/0 + 1 N°2 ACSR desnudo aerea abierta | E57: m | F57: =+'MEM ELECTRICOS'!P294 -> 186 | G57: ='APU 8.4.'!H48 -> 993403.8 | H57: =F57*G57 -> 1.8477311e+08
C58: 8.5 | D58: Suministro e instalación de Acometida 3F 3N°1/0 XLPE aislada 133% AL 15 kV + N1/3 | E58: m | F58: =+'MEM ELECTRICOS'!P311 -> 126 | G58: ='APU 8.5.'!H48 -> 688479.75 | H58: =F58*G58 -> 86748448
C59: 8.6 | D59: Suministro e instalacion de Poste de concreto de 12 metros 1030 daN | E59: und | F59: =+'MEM ELECTRICOS'!P327 -> 2 | G59: ='APU 8.6.'!H48 -> 6750661 | H59: =F59*G59 -> 13501322
C60: 8.7 | D60: Suministro e instalacion de Poste de concreto de 14 metros 1030 daN | E60: und | F60: =+'MEM ELECTRICOS'!P344 -> 3 | G60: ='APU 8.7.'!H48 -> 4752312.6 | H60: =F60*G60 -> 14256938
C61: 8.8 | D61: Suministro e instalacion de vestida de poste EPP 001.ESTRUCTURA TRIFASICA TIPO COMPACTA, incluye Vestida 3Ø red aérea tipo horizontal trifasico angulo 20°-39° a 60° 13.2kV REF MT 334 Air-e. | E61: und | F61: =+'MEM ELECTRICOS'!P360 -> 1 | G61: ='APU 8.8.'!H48 -> 8183562.4 | H61: =F61*G61 -> 8183562.4
C62: 8.9 | D62: Suministro e instalacion de vestida de poste EPP 002.TRANSICIÓN AEREA- SUBTERRANEA.SEGUN SB 200 AIR-E, incluye Vestida para transición aerea- subterranea Cruceta 2.4m. norma SB 200 Air-e, DPS tipo línea 15 kV 12 MCOV,Aisladero tipo cuchilla 3Ø 13,2 kV para red aérea en poste,Juego 3Ø de terminales premoldeadas tipo exterior a 15 kV.(Compresión bim.tipo pletina) | E62: und | F62: =+'MEM ELECTRICOS'!P376 -> 1 | G62: ='APU 8.9.'!H48 -> 21953856 | H62: =F62*G62 -> 21953856
C63: 8.10 | D63: Suministro e instalacion de vestida de poste EPP 003.TRANSICIÓN AÉREA SUBTERRANEA SEGUN SB 200 AIR-E, inlcuye Vestida para transición aerea- subterranea cruceta 2.4m . norma SB 200 Air-e, DPS tipo línea 15 kV 12 MCOV, Aisladero tipo cuchilla 3Ø 13,2 kV para red aérea en poste,Juego 3Ø de terminales premoldeadas tipo exterior a 15 kV.(Compresión bim.tipo pletina). | E63: und | F63: =+'MEM ELECTRICOS'!P393 -> 1 | G63: ='APU 8.10.'!H48 -> 4733562.4 | H63: =F63*G63 -> 4733562.4
C64: 8.11 | D64: Suministro e instalacion de vestida de poste EPP 004.MONTAJE DE RECONECTADORES TRIFASICO SEGÚN MT 903-2 Air-e, incluye Vestida 3Ø red aérea tipo horizontal trifasico angulo 20°-39° a 60° 13.2kV,cruceta 2.4, Aisladero 1F 7,6 kV para transformadores en poste,Aisladero tipo cuchilla 3Ø 13,2 kV para red aérea en poste, DPS tipo línea 15 kV 12 MCOV. | E64: und | F64: =+'MEM ELECTRICOS'!$P$409 -> 1 | G64: ='APU 8.11.'!H48 -> 5706504.7 | H64: =F64*G64 -> 5706504.7
C65: 8.12 | D65: Suministro e instalacion de vestida de poste EPP 005.SISTEMA DE MEDIA COMPACTO SEGÚN ICE -38 AIR-E, incluye Vestida para sistema de medida compacto según N.T ICE-38 Air-e, DPS tipo línea 15 kV 12 MCOV, Transformador de corriente 17kV, 50/5A, Cl 0.5s, 5VA tipo exterior, Transformador de tensión 17kV, 13200/V3/120/V3, Cl 0.5, 10VA, Ganinete de medida IP 66 y 2 MEDIDORES METCOM TRIFASICO CLASE 0.2S 1-10A | E65: und | F65: =+'MEM ELECTRICOS'!P426 -> 1 | G65: ='APU 8.12.'!H50 -> 47647353 | H65: =F65*G65 -> 47647353
C66: 8.13 | D66: Suministro e instalacion de RETENIDA SEGÚN RT-003 AIR-E | E66: und | F66: =+'MEM ELECTRICOS'!P442 -> 1 | G66: ='APU 8.13.'!H48 -> 764650.61 | H66: =F66*G66 -> 764650.61
C67: 9 | D67: EQUIPOS PRINCIPALES INSTALACION SOLAR | H67: =SUM(H68:H80) -> 2.2401875e+09
C68: 9.1 | D68: Trazado y replanteo topografico de ejes para hincas de la estructura de soporte de modulos fotovoltaicos | E68: m2 | F68: =+'MEM ELECTRICOS'!J461 -> 4287.36 | G68: ='APU 9.1.'!H49 -> 9131.6853 | H68: =F68*G68 -> 39150823
C69: 9.2 | D69: Concreto de 3000 psi para cimentacion hincas embebidas | E69: m3 | F69: =+'MEM ELECTRICOS'!J462 -> 104.54435 | G69: ='APU 9.2.'!H48 -> 1274699.8 | H69: =F69*G69 -> 1.3326267e+08
C70: 9.3 | D70: Suministro e instalación de hincas en acero galvanizado embebidas en concreto para soporte de estructura metalica | E70: kg | F70: =+'MEM ELECTRICOS'!J463 -> 6501.19 | G70: =+'APU 9.3.'!H49 -> 45069.921 | H70: =F70*G70 -> 2.9300812e+08
C71: 9.4 | D71: Suministro e instalación de estructura metalica de soporte tipo para 1620 módulos solares o equivalentes, con módulo de protección descargador de sobrepotencial instalado. Incluye Hincas, tubos de amarre longitudinales, tubos de amarre transversales, placas y herrajes de unión. | E71: kg | F71: =+'MEM ELECTRICOS'!J464 -> 23919.38 | G71: ='APU 9.4.'!H66 -> 20500 | H71: =F71*G71 -> 4.9034729e+08
C72: 9.5 | D72: Suministro e instalacion de cables solares fotovoltaico para modulos de 6mm2 | E72: m | F72: =+'MEM ELECTRICOS'!P475 -> 4332 | G72: ='APU 9.5.'!H47 -> 13984.632 | H72: =F72*G72 -> 60581426
C73: 9.6 | D73: Suministro e instalacion de módulo solar fotovoltaico de células de silicio monocristalino, potencia máxima (Wp) 710 W | E73: und | F73: =+'MEM ELECTRICOS'!P490 -> 1620 | G73: ='APU 9.6.'!H41 -> 611229.52 | H73: =F73*G73 -> 9.9019183e+08
C74: 9.7 | D74: Suministro e instalación de Inversor Huawei SUN2000-330KTL-H1, Incluye instalación de marcaciones y etiquetado | E74: und | F74: ='MEM ELECTRICOS'!J512 -> 3 | G74: ='APU 9.7.'!H45 -> 33600160 | H74: =F74*G74 -> 1.0080048e+08
C75: 9.8 | D75: Suministro e instalación de sistema de comunicaciones, control y monitoreo del sistema solar fotovoltaico incluyendo programación y comisionamiento de los equipos, incluye Smartlogger 3000. | E75: und | F75: ='MEM ELECTRICOS'!J527 -> 1 | G75: ='APU 9.8.'!H45 -> 5414615.5 | H75: =F75*G75 -> 5414615.5
C76: 9.9 | D76: Suministro e instalacion de caja de paso con breakers DC para conexión desde modulos fotovoltaicos | E76: und | F76: =+'MEM ELECTRICOS'!P505 -> 3 | G76: ='APU 9.9.'!H48 -> 5982800.3 | H76: =F76*G76 -> 17948401
C77: 9.1 | D77: Suministro e instalacion de cable número 6 AWG THHN/THWN-2 CU 90°C 600V color verde. Cable de cobre suave aislado 7 hilos, chaqueta resistente a la abrasión y sustancias químicas. | E77: m | F77: =+'MEM ELECTRICOS'!P550 -> 490 | G77: ='APU 9.10.'!H48 -> 33114.154 | H77: =F77*G77 -> 16225936
C78: 9.11 | D78: Suministro e instalacion de cable de aluminio 3N500kcmil(F)Al AA8000 HFFR-LS 1000 V 90°C + 1N°2 AWG (T)Cu HFFR-LS 1000 V 90°C | E78: m | F78: =+'MEM ELECTRICOS'!P565 -> 356 | G78: ='APU 9.11.'!H49 -> 252031.29 | H78: =F78*G78 -> 89723139
C79: 9.12 | D79: Suministro e instalación de Bandeja portacable pesada Tapa bandeja tipo ducto cerrado 10x8 cm galvanizada en caliente | E79: m | F79: =+'MEM ELECTRICOS'!P580 -> 6 | G79: ='APU 9.12.'!H49 -> 350109.28 | H79: =F79*G79 -> 2100655.7
C80: 9.13 | D80: Suministro e instalación de Cable UTP CAT 6A o cable multiconductor blindado 3x22 awg | E80: m | F80: =+'MEM ELECTRICOS'!P595 -> 180 | G80: ='APU 9.13.'!H45 -> 7956.0498 | H80: =F80*G80 -> 1432089
C81: 10 | D81: CERTIFICACIÓN RETIE | H81: =SUM(H82:H83) -> 47584465
C82: 10.1 | D82: Servicio de Certificación de la instalación eléctrica del proyecto | E82: gl | F82: 1 | G82: ='APU 10.1.'!H45 -> 11259117 | H82: =F82*G82 -> 11259117
C83: 10.2 | D83: Pruebas cadena FV al 100%, Pruebas SAT a transformador de potencia 1.1 MVA, 13.8 kV / 0.8 kV, conexión Dy5, Pruebas a cableado AC en baja tensión (acometidas de inversores), Verificación de cableado DC (circuitos de strings), Pruebas a cables de media tensión. | E83: gl | F83: 1 | G83: ='APU 10.2.'!H45 -> 36325347 | H83: =F83*G83 -> 36325347
C85: TOTAL COSTOS DIRECTOS | H85: =SUM(H17:H83)/2 -> 7.590408e+09
E87: ADMINISTRACION | G87: 0.27 | H87: =H85*G87 -> 2.0494102e+09 | J87: =+H85*0.27 -> 2.0494102e+09 | K87: =+J87-H87 -> 0
E88: IMPREVISTOS | G88: 0.02 | H88: =H85*G88 -> 1.5180816e+08
E89: UTILIDAD | G89: 0.04 | H89: =H85*G89 -> 3.0361632e+08
C90: TOTAL COSTOS INDIRECTOS | H90: =SUM(H87:H89) -> 2.5048346e+09
C92: 11 | D92: IMPLEMENTACION PLANES DE MANEJO
C93: 11.1 | D93: PLAN MANEJO AMBIENTAL Y SOCIAL | H93: 85313764
C94: 11.2 | D94: PROGRAMA DE HSST (HIGIENE SEGURIDAD Y SALUD EN EL TRABAJO) SST | H94: 112020000
C96: SUBTOTAL PLANES DE MANEJO | H96: =SUM(H93:H94) -> 1.9733376e+08
C98: COSTO TOTAL OBRA | H98: =H85+H90+H96 -> 1.0292576e+10
C99: INTERVENTORIA DEL PROYECTO | G99: 0.073519845 | H99: =+G99*H85 -> 5.5804562e+08 | J99: =+G99*H85 -> 5.5804562e+08 | K99: =+H99-J99 -> 0
C100: APOYO A LA SUPERVISION | G100: 0.01 | H100: =G100*H85 -> 75904080
C102: COSTO TOTAL OBRA + INTERVENTORIA | H102: =+H99+H98+H100 -> 1.0926526e+10 | J102: 1.0926526e+10 | K102: =+H102-J102 -> 0
G108: RAULITH BRITO GARCÍA
G109: INGENIERO CIVIL
G110: ESPECIALISTA EN VÍAS TERRESTRES
G111: MAGISTER EN GESTIÓN AMBIENTAL
G112: MP No. 54202-131582 NTS
G113: C.C. 12.523.977

Sheet PPTO TOTAL
C2: REPUBLICA DE COLOMBIA
C3: DEPARTAMENTO DE LA GUAJIRA
C4: MUNICIPIO DE BARRANCAS
C5: OFICINA ASESORA DE PLANEACION
C7: CONSTRUCCIÓN DE UN SISTEMA SOLAR FOTOVOLTAICO DE GENERACIÓN DISTRIBUIDA DE 0.99 MWE PARA EL DESARROLLO SOCIOECONÓMICO DEL MUNICIPIO DE BARRANCAS, EN EL DEPARTAMENTO DE LA GUAJIRA - BARRANCAS III
C9: PRESUPUESTO DE OBRA
C11: Elaboró: | E11: Municipio: | G11: BARRANCAS
C12: Fecha: | E12: Departamento: | G12: LA GUAJIRA
C14: ITEM | D14: DESCRIPCIÓN | E14: UNID. | F14: CANTIDAD | G14: MATERIALES | H14: EQUIPOS | I14: TRANSPORTES | J14: MANO DE OBRA | K14: VR UNITARIO | L14: MATERIALES | M14: EQUIPOS | N14: TRANSPORTES | O14: MANO DE OBRA | P14: VR TOTAL
R16: MO | S16: MAT | T16: EQUIP | U16: TRANS | V16: TOTAL
C17: 1 | D17: OBRAS PRELIMINARES | P17: =SUM(P18:P20) -> 7.2395944e+08 | Q17: =+P17*1.33 -> 9.6286605e+08 | R17: =+SUM(O18:O20)*1.33 -> 62110570 | S17: =+SUM(L18:L20)*1.33 -> 82047746 | T17: =+SUM(M18:M20)*1.33 -> 6.7935761e+08 | U17: =+SUM(N18:N20)*1.33 -> 1.3935012e+08 | V17: =SUM(R17:U17) -> 9.6286605e+08
C18: 1.1 | D18: Localizacion, trazado y replanteo | E18: m2 | F18: ='MEM CAP 1'!J32 -> 11803.7 | G18: =+'APU C1'!H23 -> 1576.0636 | H18: =+'APU C1'!H32 -> 1065.8489 | I18: =+'APU C1'!H39 -> 78.80318 | J18: =+'APU C1'!H45 -> 1573.2271 | K18: =+'APU C1'!H47 -> 4293.9427 | L18: =+$F$18*G18 -> 18603382 | M18: =+$F$18*H18 -> 12580960 | N18: =+$F$18*I18 -> 930169.1 | O18: =+$F$18*J18 -> 18569901 | P18: =F18*K18 -> 50684412
C19: 1.2 | D19: Limpieza y descapote del terreno (tala de árboles, desbroce de maleza, y retiro de material vegetal. | E19: m2 | F19: ='MEM CAP 1'!J67 -> 11803.7 | G19: =+'APU C1'!H75 -> 1928.1256 | H19: =+'APU C1'!H85 -> 41752.552 | I19: =+'APU C1'!H94 -> 8625.3968 | J19: =+'APU C1'!H102 -> 1666.8188 | K19: =+'APU C1'!H104 -> 53972.893 | L19: =+$F$19*G19 -> 22759016 | M19: =+$F$19*H19 -> 4.9283459e+08 | N19: =+$F$19*I19 -> 1.018116e+08 | O19: =+$F$19*J19 -> 19674629 | P19: =F19*K19 -> 6.3707983e+08
C20: 1.3 | D20: Instalación y adecuacion de campamento y almacen de equipos y herramientas | E20: glb | F20: ='MEM CAP 1'!J102 -> 1 | G20: =+'APU C1'!H132 -> 20327637 | H20: =+'APU C1'!H141 -> 5379644.2 | I20: =+'APU C1'!H148 -> 2032763.7 | J20: =+'APU C1'!H156 -> 8455147 | K20: =+'APU C1'!H158 -> 36195192 | L20: =+$F$20*G20 -> 20327637 | M20: =+$F$20*H20 -> 5379644.2 | N20: =+$F$20*I20 -> 2032763.7 | O20: =+$F$20*J20 -> 8455147 | P20: =F20*K20 -> 36195192
C21: 2 | D21: MOVIMIENTOS DE TIERRA Y ADECUACION DEL TERRENO | P21: =SUM(P22:P24) -> 1.8094883e+09 | Q21: =+P21*1.33 -> 2.4066194e+09 | R21: =+SUM(O22:O24)*1.33 -> 1.0676486e+08 | S21: =+SUM(L22:L24)*1.33 -> 6.279845e+08 | T21: =+SUM(M22:M24)*1.33 -> 8.055381e+08 | U21: =+SUM(N22:N24)*1.33 -> 8.6633194e+08 | V21: =SUM(R21:U21) -> 2.4066194e+09
C22: 2.1 | D22: Corte y nivelacion del terreno. Incluye cargue y transporte | E22: m3 | F22: =+'MEM CAP 2'!J32 -> 2360.7 | G22: =+'APU C2'!H23 -> 8764.2071 | H22: =+'APU C2'!H33 -> 34330.944 | I22: =+'APU C2'!H42 -> 39206.349 | J22: =+'APU C2'!H50 -> 1666.8188 | K22: ='APU C2'!H52 -> 83968.319 | L22: =+$F$22*G22 -> 20689664 | M22: =+$F$22*H22 -> 81045061 | N22: =+$F$22*I22 -> 92554428 | O22: =+$F$22*J22 -> 3934859.2 | P22: =F22*K22 -> 1.9822401e+08
C23: 2.2 | D23: Excavación sin clasificar de la explanación, canales y préstamos. | E23: m3 | F23: =+'MEM CAP 2'!J67 -> 9231.9 | G23: =+'APU C2'!H79 -> 0 | H23: =+'APU C2'!H89 -> 31717.297 | I23: =+'APU C2'!H98 -> 4107.3318 | J23: =+'APU C2'!H106 -> 1666.8188 | K23: =+'APU C2'!H108 -> 37491.448 | L23: =+$F$23*G23 -> 0 | M23: =+$F$23*H23 -> 2.9281092e+08 | N23: =+$F$23*I23 -> 37918476 | O23: =+$F$23*J23 -> 15387905 | P23: =F23*K23 -> 3.461173e+08
C24: 2.3 | D24: Suministro, colocacion y compactacion de relleno seleccionado | E24: m3 | F24: =+'MEM CAP 2'!J102 -> 6094.6 | G24: =+'APU C2'!H134 -> 74078.55 | H24: =+'APU C2'!H143 -> 38035.6 | I24: =+'APU C2'!H150 -> 85469.841 | J24: =+'APU C2'!H158 -> 10000.913 | K24: =+'APU C2'!H160 -> 207584.9 | L24: =+$F$24*G24 -> 4.5147913e+08 | M24: =+$F$24*H24 -> 2.3181176e+08 | N24: =+$F$24*I24 -> 5.2090449e+08 | O24: =+$F$24*J24 -> 60951564 | P24: =F24*K24 -> 1.265147e+09
C25: 3 | D25: CERRAMIENTO PERIMETRAL | P25: =SUM(P26:P29) -> 5.5306171e+08 | Q25: =+P25*1.33 -> 7.3557208e+08 | R25: =+SUM(O26:O29)*1.33 -> 2.606627e+08 | S25: =+SUM(L26:L29)*1.33 -> 4.1723444e+08 | T25: =+SUM(M26:M29)*1.33 -> 36813219 | U25: =+SUM(N26:N29)*1.33 -> 20861722 | V25: =SUM(R25:U25) -> 7.3557208e+08
C26: 3.1 | D26: Suministro e instalación de cerramiento perimetral en malla eslabonada de alta seguridad, incluye: excavación, cimentación en dados de concreto de 21 MPA, postes tubulares galvanizados en caliente, brazos inclinados, alambre de púas, accesorios de fijación y todo lo necesario para su correcta ejecución y entrega a satisfacción. | E26: ml | F26: =+'MEM CAP 3'!$J$32 -> 504 | G26: =+'APU C3'!H29 -> 421392.68 | H26: =+'APU C3'!H40 -> 47212.612 | I26: =+'APU C3'!H47 -> 21069.634 | J26: =+'APU C3'!H56 -> 368208.62 | K26: ='APU C3'!H58 -> 857883.55 | L26: =+$F$26*G26 -> 2.1238191e+08 | M26: =+$F$26*H26 -> 23795156 | N26: =+$F$26*I26 -> 10619096 | O26: =+$F$26*J26 -> 1.8557714e+08 | P26: =F26*K26 -> 4.3237331e+08
C27: 3.2 | D27: Suministro e instalación de portón vehicular de doble hoja en tubería galvanizada y malla eslabonada, según diseño. Incluye: parales principales, cerrojos de seguridad, accesorios de sujeción, pintura de retoque en soldaduras y todo lo necesario para su entrega a satisfacción. | E27: und | F27: =+'MEM CAP 3'!$J$67 -> 1 | G27: =+'APU C3'!H91 -> 4644625.2 | H27: =+'APU C3'!H102 -> 296770.62 | I27: =+'APU C3'!H109 -> 232231.26 | J27: =+'APU C3'!H118 -> 636408.11 | K27: =+'APU C3'!H120 -> 5810035.1 | L27: =+$F$27*G27 -> 4644625.2 | M27: =+$F$27*H27 -> 296770.62 | N27: =+$F$27*I27 -> 232231.26 | O27: =+$F$27*J27 -> 636408.11 | P27: =F27*K27 -> 5810035.1
C28: 3.3 | D28: Suministro e instalación de puerta peatonal en tubería galvanizada y malla eslabonada, según diseño. Incluye: marco, cerradura/portacandado, bisagras, fijaciones y todo lo necesario para su correcta operación. | E28: und | F28: =+'MEM CAP 3'!J102 -> 1 | G28: =+'APU C3'!H157 -> 1984890.6 | H28: =+'APU C3'!H168 -> 107366.84 | I28: =+'APU C3'!H175 -> 99244.532 | J28: =+'APU C3'!H184 -> 318204.06 | K28: =+'APU C3'!H186 -> 2509706.1 | L28: =+$F$28*G28 -> 1984890.6 | M28: =+$F$28*H28 -> 107366.84 | N28: =+$F$28*I28 -> 99244.532 | O28: =+$F$28*J28 -> 318204.06 | P28: =F28*K28 -> 2509706.1
C29: 3.4 | D29: Suministro e instalacion de lamparas de iluminacion tipo exterior con alimentacion autonoma. Incluye poste de 6 metros en acero galvanizado | E29: und | F29: =+'MEM ELECTRICOS'!J14 -> 20 | G29: =+'APU C3'!H215 -> 4734933.7 | H29: =+'APU C3'!H226 -> 173990.92 | I29: =+'APU C3'!H232 -> 236746.68 | J29: =+'APU C3'!H239 -> 472761.92 | K29: =+'APU C3'!H241 -> 5618433.2 | L29: =+$F$29*G29 -> 94698674 | M29: =+$F$29*H29 -> 3479818.4 | N29: =+$F$29*I29 -> 4734933.7 | O29: =+$F$29*J29 -> 9455238.3 | P29: =F29*K29 -> 1.1236866e+08
C30: 4 | D30: OBRAS CIVILES GENERALES | P30: =SUM(P31:P36) -> 1.1231096e+09 | Q30: =+P30*1.33 -> 1.4937358e+09 | R30: =+SUM(O31:O36)*1.33 -> 3.3805151e+08 | S30: =+SUM(L31:L36)*1.33 -> 2.1456241e+08 | T30: =+SUM(M31:M36)*1.33 -> 7.782177e+08 | U30: =+SUM(N31:N36)*1.33 -> 1.6290421e+08 | V30: =SUM(R30:U30) -> 1.4937358e+09
C31: 4.1 | D31: Conformación de calzada con sub_base granular tipo invias; incluye: suministro, extendido, humedecimiento, transporte externo, transporte interno, compactación hasta una densidad del 95% de la máxima obtenida en el ensayo del próctor modificado, medido en sitio. | E31: m2 | F31: =+'MEM CAP 4'!J32 -> 4149.4 | G31: =+'APU 4.1.'!H22 -> 21535.877 | H31: =+'APU 4.1.'!H31 -> 133787.28 | I31: =+'APU 4.1.'!H38 -> 28295.782 | J31: =+'APU 4.1.'!H46 -> 25002.282 | K31: ='APU 4.1.'!H48 -> 208621.22 | L31: =+$F$31*G31 -> 89360969 | M31: =+$F$31*H31 -> 5.5513692e+08 | N31: =+$F$31*I31 -> 1.1741052e+08 | O31: =+$F$31*J31 -> 1.0374447e+08 | P31: =F31*K31 -> 8.6565288e+08
C32: 4.2 | D32: Construcción de cuneta de sección trapezoidal revestida con geosintético textil impermeable (tipo impertex o similar). Incluye: excavación, perfilado, compactación de la banca, suministro, corte, instalación y anclaje del material geosintético, y todo lo necesario para su correcto funcionamiento. | E32: ml | F32: =+'MEM CAP 4'!J67 -> 317.8 | G32: =+'APU4.2.'!H23 -> 102409.36 | H32: =+'APU4.2.'!H33 -> 40059.898 | I32: =+'APU4.2.'!H40 -> 5120.4678 | J32: =+'APU4.2.'!H47 -> 363664.45 | K32: ='APU4.2.'!H49 -> 511254.17 | L32: =+$F$32*G32 -> 32545693 | M32: =+$F$32*H32 -> 12731035 | N32: =+$F$32*I32 -> 1627284.7 | O32: =+$F$32*J32 -> 1.1557256e+08 | P32: =F32*K32 -> 1.6247658e+08
C33: 4.3 | D33: Construcción de camino peatonal permeable. Incluye: actividades de adecuación, nivelación y preparación del terreno, suministro e instalación de sistema de confinamiento celular (geocelda), suministro, llenado y acomodo de material granular tipo grava, y todo lo necesario para su correcto funcionamiento. | E33: ml | F33: =+'MEM CAP 4'!J102 -> 184 | G33: =+'APU4.3.'!H23 -> 95653.853 | H33: =+'APU4.3.'!H31 -> 83944.408 | I33: =+'APU4.3.'!H38 -> 12802.477 | J33: =+'APU4.3.'!H47 -> 159102.03 | K33: ='APU4.3.'!H49 -> 351502.76 | L33: =+$F$33*G33 -> 17600309 | M33: =+$F$33*H33 -> 15445771 | N33: =+$F$33*I33 -> 2355655.8 | O33: =+$F$33*J33 -> 29274773 | P33: =F33*K33 -> 64676509
C34: 4.4 | D34: Caja de inspección eléctrico de 90 x 90 x 110cm, en concreto reforzado de f'c= 3.500 psi - impermeabilizado. Incluye excavación y tape, tapa y herrajes, cañuelas, marcos en ángulo de 1 1/2"x3/16 e incluye todo lo necesario para su correcto funcionamiento. | E34: und | F34: =+'MEM CAP 4'!J137 -> 5 | G34: =+'APU4.4.'!H24 -> 648875.9 | H34: =+'APU4.4.'!H32 -> 69016.209 | I34: =+'APU4.4.'!H38 -> 32443.795 | J34: =+'APU4.4.'!H44 -> 200018.26 | K34: ='APU4.4.'!H46 -> 950354.16 | L34: =+$F$34*G34 -> 3244379.5 | M34: =+$F$34*H34 -> 345081.04 | N34: =+$F$34*I34 -> 162218.98 | O34: =+$F$34*J34 -> 1000091.3 | P34: =F34*K34 -> 4751770.8
C35: 4.5 | D35: Construcción de caseta tipo cobertizo de 2 x 1 mts, para la ubicación de inversores, sin muros. Incluye: placa base en concreto de 3.500 psi, estructura metálica con protección anticorrosiva, cubierta termoacústica, accesorios para fijación de equipos y todo lo necesario para su correcto funcionamiento. | E35: und | F35: =+'MEM CAP 4'!J172 -> 5 | G35: =+'APU4.5.'!H29 -> 2405889.1 | H35: =+'APU4.5.'!H41 -> 240933.9 | I35: =+'APU4.5.'!H47 -> 120294.46 | J35: =+'APU4.5.'!H53 -> 836426.37 | K35: ='APU4.5.'!H55 -> 3603543.9 | L35: =+$F$35*G35 -> 12029446 | M35: =+$F$35*H35 -> 1204669.5 | N35: =+$F$35*I35 -> 601472.29 | O35: =+$F$35*J35 -> 4182131.8 | P35: =F35*K35 -> 18017719
C36: 4.6 | D36: Construcción de cimentación en concreto de 4.000 PSI para soporte de subestación eléctrica principal. Incluye excavación, retiro de material y acero de refuerzo. | E36: und | F36: =+'MEM CAP 4'!J208 -> 1 | G36: =+'APU4.6.'!H24 -> 6544321.6 | H36: =+'APU4.6.'!H36 -> 262610.27 | I36: =+'APU4.6.'!H43 -> 327216.08 | J36: =+'APU4.6.'!H52 -> 400036.52 | K36: ='APU4.6.'!H54 -> 7534184.5 | L36: =+$F$36*G36 -> 6544321.6 | M36: =+$F$36*H36 -> 262610.27 | N36: =+$F$36*I36 -> 327216.08 | O36: =+$F$36*J36 -> 400036.52 | P36: =F36*K36 -> 7534184.5
C37: 5 | D37: ZANJA MT PARA 1 CIRCUITO | P37: =SUM(P38:P39) -> 80172729 | Q37: =+P37*1.33 -> 1.0662973e+08 | R37: =+SUM(O38:O40)*1.33 -> 25849740 | S37: =+SUM(L38:L40)*1.33 -> 63137434 | T37: =+SUM(M38:M40)*1.33 -> 8556408.5 | U37: =+SUM(N38:N40)*1.33 -> 9086146.3 | V37: =SUM(R37:U37) -> 1.0662973e+08
C38: 5.1 | D38: Suministro e instalación de canalización de dos (02) tubos enterrada a profundidad máxima de 1,00 mts, en tubería de PVC de 4" tipo DB (ZANJA 1) | E38: ml | F38: =+'MEM ELECTRICOS'!J31 -> 60 | G38: =+'APU 5.1.'!H26 -> 149802.32 | H38: =+'APU 5.1.'!H35 -> 30204.588 | I38: =+'APU 5.1.'!H42 -> 29343.553 | J38: =+'APU 5.1.'!H50 -> 68641.267 | K38: ='APU 5.1.'!H52 -> 277991.73 | L38: =+$F$38*G38 -> 8988139.5 | M38: =+$F$38*H38 -> 1812275.3 | N38: =+$F$38*I38 -> 1760613.2 | O38: =+$F$38*J38 -> 4118476 | P38: =F38*K38 -> 16679504
C39: 5.2 | D39: Suministro e instalación de canalización de tres (04) tubos enterrada a profundidad máxima de 1,00 mts, en tubería de PVC de 4" tipo DB (ZANJA 2) | E39: ml | F39: =+'MEM ELECTRICOS'!J48 -> 144 | G39: =+'APU 5.2.'!H26 -> 267247.33 | H39: =+'APU 5.2.'!H35 -> 32091.073 | I39: =+'APU 5.2.'!H42 -> 35215.804 | J39: =+'APU 5.2.'!H50 -> 106370.96 | K39: ='APU 5.2.'!H52 -> 440925.17 | L39: =+$F$39*G39 -> 38483616 | M39: =+$F$39*H39 -> 4621114.5 | N39: =+$F$39*I39 -> 5071075.7 | O39: =+$F$39*J39 -> 15317419 | P39: =F39*K39 -> 63493225
C40: 6 | D40: ZANJA BT PARA 1 CIRCUITO | P40: =SUM(P41:P42) -> 30337324 | Q40: =+P40*1.33 -> 40348641 | R40: =+SUM(O41:O43)*1.33 -> 15719271 | S40: =+SUM(L41:L43)*1.33 -> 14971949 | T40: =+SUM(M41:M43)*1.33 -> 5039251.7 | U40: =+SUM(N41:N43)*1.33 -> 4618169.7 | V40: =SUM(R40:U40) -> 40348641
C41: 6.1 | D41: Suministro e instalación de canalización de cuatro (01) tubos enterrada a profundidad máxima de 1,10 mts, en tubería de PVC de 4" tipo DB (ZANJA 3) | E41: ml | F41: =+'MEM ELECTRICOS'!J65 -> 25 | G41: =+'APU 6.1.'!H26 -> 109198.19 | H41: =+'APU 6.1.'!H35 -> 25444.794 | I41: =+'APU 6.1.'!H42 -> 21312.213 | J41: =+'APU 6.1.'!H50 -> 106825.38 | K41: ='APU 6.1.'!H52 -> 262780.58 | L41: =+$F$41*G41 -> 2729954.8 | M41: =+$F$41*H41 -> 636119.85 | N41: =+$F$41*I41 -> 532805.34 | O41: =+$F$41*J41 -> 2670634.5 | P41: =F41*K41 -> 6569514.5
C42: 6.2 | D42: Suministro e instalación de canalización de tres (02) tubos enterrada a profundidad máxima de 1,00 mts, en tubería de PVC de 2" tipo DB (ZANJA 4) | E42: ml | F42: =+'MEM ELECTRICOS'!J82 -> 115 | G42: =+'APU 6.2.'!H26 -> 74149.125 | H42: =+'APU 6.2.'!H35 -> 27415.576 | I42: =+'APU 6.2.'!H42 -> 25560.893 | J42: =+'APU 6.2.'!H50 -> 79551.014 | K42: ='APU 6.2.'!H52 -> 206676.61 | L42: =+$F$42*G42 -> 8527149.3 | M42: =+$F$42*H42 -> 3152791.2 | N42: =+$F$42*I42 -> 2939502.7 | O42: =+$F$42*J42 -> 9148366.6 | P42: =F42*K42 -> 23767810
C43: 7 | D43: MALLA A TIERRA | P43: =SUM(P44:P52) -> 25700990 | Q43: =+P43*1.33 -> 34182317 | R43: =+SUM(O44:O52)*1.33 -> 10367135 | S43: =+SUM(L44:L52)*1.33 -> 22124543 | T43: =+SUM(M44:M52)*1.33 -> 1100249.6 | U43: =+SUM(N44:N52)*1.33 -> 590389.24 | V43: =SUM(R43:U43) -> 34182317
C44: 7.1 | D44: Suministro e instalacion de cable de cobre desnudo de calibre N° 1/0 AWG | E44: m | F44: =+'MEM ELECTRICOS'!P91 -> 260 | G44: =+'APU 7.1.'!H22 -> 41011.831 | H44: =+'APU 7.1.'!H30 -> 1610 | I44: =+'APU 7.1.'!H38 -> 1230.3549 | J44: =+'APU 7.1.'!H46 -> 21939.523 | K44: ='APU 7.1.'!H48 -> 65791.709 | L44: =+$F$44*G44 -> 10663076 | M44: =+$F$44*H44 -> 418600 | N44: =+$F$44*I44 -> 319892.28 | O44: =+$F$44*J44 -> 5704276 | P44: =F44*K44 -> 17105844
C45: 7.2 | D45: Ejecucion de soldadura exotermica del cable conductor en X, 115 gr | E45: und | F45: =+'MEM ELECTRICOS'!P108 -> 5 | G45: =+'APU 7.2.'!H22 -> 26392.975 | H45: =+'APU 7.2.'!H30 -> 5741.2857 | I45: =+'APU 7.2.'!H38 -> 527.8595 | J45: =+'APU 7.2.'!H46 -> 11792.494 | K45: ='APU 7.2.'!H48 -> 44454.614 | L45: =+$F$45*G45 -> 131964.88 | M45: =+$F$45*H45 -> 28706.429 | N45: =+$F$45*I45 -> 2639.2975 | O45: =+$F$45*J45 -> 58962.469 | P45: =F45*K45 -> 222273.07
C46: 7.3 | D46: Ejecucion de soldadura exotermica del cable conductor en T, 115 gr | E46: und | F46: =+'MEM ELECTRICOS'!P125 -> 11 | G46: =+'APU 7.3.'!H22 -> 26392.975 | H46: =+'APU 7.3.'!H30 -> 5741.2857 | I46: =+'APU 7.3.'!H38 -> 527.8595 | J46: =+'APU 7.3.'!H46 -> 11792.494 | K46: ='APU 7.3.'!H48 -> 44454.614 | L46: =+$F$46*G46 -> 290322.73 | M46: =+$F$46*H46 -> 63154.143 | N46: =+$F$46*I46 -> 5806.4545 | O46: =+$F$46*J46 -> 129717.43 | P46: =F46*K46 -> 489000.75
C47: 7.4 | D47: Ejecucion de soldadura exotermica del cable conductor terminal, 115 gr | E47: und | F47: =+'MEM ELECTRICOS'!P142 -> 5 | G47: =+'APU 7.4.'!H22 -> 26392.975 | H47: =+'APU 7.4.'!H30 -> 5741.2857 | I47: =+'APU 7.4.'!H38 -> 527.8595 | J47: =+'APU 7.4.'!H46 -> 11792.494 | K47: ='APU 7.4.'!H48 -> 44454.614 | L47: =+$F$47*G47 -> 131964.88 | M47: =+$F$47*H47 -> 28706.429 | N47: =+$F$47*I47 -> 2639.2975 | O47: =+$F$47*J47 -> 58962.469 | P47: =F47*K47 -> 222273.07
C48: 7.5 | D48: Suministro e instalacion de varilla de cobre con conector puesta a tierra 2.4Mx5/8" | E48: und | F48: =+'MEM ELECTRICOS'!P159 -> 7 | G48: =+'APU 7.5.'!H22 -> 300105.79 | H48: =+'APU 7.5.'!H30 -> 5741.2857 | I48: =+'APU 7.5.'!H38 -> 3001.0579 | J48: =+'APU 7.5.'!H46 -> 16454.642 | K48: ='APU 7.5.'!H48 -> 325302.77 | L48: =+$F$48*G48 -> 2100740.5 | M48: =+$F$48*H48 -> 40189 | N48: =+$F$48*I48 -> 21007.405 | O48: =+$F$48*J48 -> 115182.5 | P48: =F48*K48 -> 2277119.4
C49: 7.6 | D49: Suministro e instalacion de Cajas de inspeccion para SPT 30x30cm Libres | E49: m | F49: =+'MEM ELECTRICOS'!P176 -> 4 | G49: =+'APU 7.6.'!H22 -> 60300.077 | H49: =+'APU 7.6.'!H30 -> 6429.8333 | I49: =+'APU 7.6.'!H38 -> 3015.0038 | J49: =+'APU 7.6.'!H46 -> 109697.62 | K49: ='APU 7.6.'!H48 -> 179442.53 | L49: =+$F$49*G49 -> 241200.31 | M49: =+$F$49*H49 -> 25719.333 | N49: =+$F$49*I49 -> 12060.015 | O49: =+$F$49*J49 -> 438790.46 | P49: =F49*K49 -> 717770.12
C50: 7.7 | D50: Suministro e instalacion de Punta Captadora Aluminio 60cm - ∅8mm | E50: und | F50: =+'MEM ELECTRICOS'!P193 -> 5 | G50: =+'APU 7.7.'!H22 -> 122282.81 | H50: =+'APU 7.7.'!H30 -> 3220 | I50: =+'APU 7.7.'!H38 -> 6114.1407 | J50: =+'APU 7.7.'!H46 -> 82273.212 | K50: ='APU 7.7.'!H48 -> 213890.17 | L50: =+$F$50*G50 -> 611414.07 | M50: =+$F$50*H50 -> 16100 | N50: =+$F$50*I50 -> 30570.703 | O50: =+$F$50*J50 -> 411366.06 | P50: =F50*K50 -> 1069450.8
C51: 7.8 | D51: Suministro e instalacion de Anillo Equipotencial Alambron (barra Solida) Calibre 8mm2 | E51: m | F51: =+'MEM ELECTRICOS'!P210 -> 18 | G51: =+'APU 7.8.'!H22 -> 134117.36 | H51: =+'APU 7.8.'!H30 -> 9660 | I51: =+'APU 7.8.'!H38 -> 2682.3473 | J51: =+'APU 7.8.'!H46 -> 43879.046 | K51: ='APU 7.8.'!H48 -> 190338.76 | L51: =+$F$51*G51 -> 2414112.5 | M51: =+$F$51*H51 -> 173880 | N51: =+$F$51*I51 -> 48282.251 | O51: =+$F$51*J51 -> 789822.84 | P51: =F51*K51 -> 3426097.6
C52: 7.9 | D52: Suministro e instalacion de bajante, incluye Caja de paso 15x15 cm,conector bimetalico Aluminio - Cobre. | E52: und | F52: =+'MEM ELECTRICOS'!P227 -> 2 | G52: =+'APU 7.9.'!H22 -> 25099.48 | H52: =+'APU 7.9.'!H30 -> 16100 | I52: =+'APU 7.9.'!H38 -> 501.9896 | J52: =+'APU 7.9.'!H46 -> 43879.046 | K52: ='APU 7.9.'!H48 -> 85580.516 | L52: =+$F$52*G52 -> 50198.96 | M52: =+$F$52*H52 -> 32200 | N52: =+$F$52*I52 -> 1003.9792 | O52: =+$F$52*J52 -> 87758.093 | P52: =F52*K52 -> 171161.03
C53: 8 | D53: TRANSFORMADORES Y RED DE MT | P53: =SUM(P54:P66) -> 9.5680597e+08 | Q53: =+P53*1.33 -> 1.2725519e+09 | R53: =+SUM(O54:O66)*1.33 -> 1.8357018e+08 | S53: =+SUM(L54:L66)*1.33 -> 1.052117e+09 | T53: =+SUM(M54:M66)*1.33 -> 19668763 | U53: =+SUM(N54:N66)*1.33 -> 17196011 | V53: =SUM(R53:U53) -> 1.2725519e+09
C54: 8.1 | D54: Suministro e instalacion de CENTRO DE TRANSFORMACIÓN, incluye Envolvente de acero galvanizado K10 C4 (LxWxH) 3119 x 2550 x 2715 mm,RMU SafePlus RMU, CF, 17.5kV, 600A, 21kA/3s, 60Hz, 01 Cable Switch, 01 Fuse Disconnector,Transformador de aceite de 1100 kVA, 13.8/0.800kV, 60 Hz, aceite mineral, ONAN, Dy5, Al/Al y Tablero de baja tensión 800V-1250A- 50kA/1s, 36kA/1s y protecciones en BT. | E54: und | F54: =+'MEM ELECTRICOS'!P244 -> 1 | G54: =+'APU 8.1.'!H23 -> 408679800 | H54: =+'APU 8.1.'!H31 -> 1504591.3 | I54: =+'APU 8.1.'!H39 -> 8173596 | J54: =+'APU 8.1.'!H47 -> 30091825 | K54: ='APU 8.1.'!H49 -> 4.4844981e+08 | L54: =+$F$54*G54 -> 408679800 | M54: =+$F$54*H54 -> 1504591.3 | N54: =+$F$54*I54 -> 8173596 | O54: =+$F$54*J54 -> 30091825 | P54: =F54*K54 -> 4.4844981e+08
C55: 8.2 | D55: Suministro e instalacion de transicion aerea - subterranea para derivacion corta, ya sea en cruce de via y/o salida de circuito para conexiones a MT | E55: und | F55: =+'MEM ELECTRICOS'!P261 -> 2 | G55: =+'APU 8.2.'!H22 -> 11437722 | H55: =+'APU 8.2.'!H30 -> 273643.89 | I55: =+'APU 8.2.'!H38 -> 114377.22 | J55: =+'APU 8.2.'!H46 -> 1368219.4 | K55: ='APU 8.2.'!H48 -> 13193963 | L55: =+$F$55*G55 -> 22875445 | M55: =+$F$55*H55 -> 547287.77 | N55: =+$F$55*I55 -> 228754.45 | O55: =+$F$55*J55 -> 2736438.9 | P55: =F55*K55 -> 26387926
C56: 8.3 | D56: Suministro e instalacion de Reconectador automático 15kV. Inom 800A. Icc 16kA. BIL 110kV. 30,000 Operaciones Electromecánicas. Disparo Trifásico. Interrupción en vacío. Aislamiento, Dieléctrico Sólido. Contención de Fallas de Arco Interno. Grado de Protección IP 65, incluye Tanque OSM15-16-800: Tres (3) transformadores de corriente. Seis (6) sensores de tensión capacitivos.CUBÍCULO DE CONTROL RECONECTADOR En acero inoxidable. Grado de protección IP66. Protocolos de comunicación, DNP 3.0, IEC 104, IEC 61850 Nativo Rango de operación -40°C a +55°C. Un (1) Cable de Control. 7 m de longitud. Una (1) estructura para montaje en poste. Puertos de comunicación RS232, (3) USB y Ethernet Acceso software propietario CMS y Transformador 0.5kVA 11,4/120v | E56: und | F56: 1 | G56: =+'APU 8.3.'!H22 -> 67008260 | H56: =+'APU 8.3.'!H30 -> 6308020 | I56: =+'APU 8.3.'!H38 -> 670082.6 | J56: =+'APU 8.3.'!H46 -> 19712562 | K56: ='APU 8.3.'!H48 -> 93698925 | L56: =+$F$56*G56 -> 67008260 | M56: =+$F$56*H56 -> 6308020 | N56: =+$F$56*I56 -> 670082.6 | O56: =+$F$56*J56 -> 19712562 | P56: =F56*K56 -> 93698925
C57: 8.4 | D57: Suministro e instalacion de Acometida 3F 3N°1/0 + 1 N°2 ACSR desnudo aerea abierta | E57: m | F57: =+'MEM ELECTRICOS'!P294 -> 186 | G57: =+'APU 8.4.'!H22 -> 812505 | H57: =+'APU 8.4.'!H30 -> 8227.3212 | I57: =+'APU 8.4.'!H38 -> 8125.05 | J57: =+'APU 8.4.'!H46 -> 164546.42 | K57: ='APU 8.4.'!H48 -> 993403.8 | L57: =+$F$57*G57 -> 151125930 | M57: =+$F$57*H57 -> 1530281.7 | N57: =+$F$57*I57 -> 1511259.3 | O57: =+$F$57*J57 -> 30605635 | P57: =F57*K57 -> 1.8477311e+08
C58: 8.5 | D58: Suministro e instalación de Acometida 3F 3N°1/0 XLPE aislada 133% AL 15 kV + N1/3 | E58: m | F58: =+'MEM ELECTRICOS'!P311 -> 126 | G58: =+'APU 8.5.'!H22 -> 510600 | H58: =+'APU 8.5.'!H30 -> 8227.3212 | I58: =+'APU 8.5.'!H38 -> 5106 | J58: =+'APU 8.5.'!H46 -> 164546.42 | K58: ='APU 8.5.'!H48 -> 688479.75 | L58: =+$F$58*G58 -> 64335600 | M58: =+$F$58*H58 -> 1036642.5 | N58: =+$F$58*I58 -> 643356 | O58: =+$F$58*J58 -> 20732849 | P58: =F58*K58 -> 86748448
C59: 8.6 | D59: Suministro e instalacion de Poste de concreto de 12 metros 1030 daN | E59: und | F59: =+'MEM ELECTRICOS'!P327 -> 2 | G59: =+'APU 8.6.'!H22 -> 4822845 | H59: =+'APU 8.6.'!H30 -> 589697.62 | I59: =+'APU 8.6.'!H38 -> 241142.25 | J59: =+'APU 8.6.'!H46 -> 1096976.2 | K59: ='APU 8.6.'!H48 -> 6750661 | L59: =+$F$59*G59 -> 9645690 | M59: =+$F$59*H59 -> 1179395.2 | N59: =+$F$59*I59 -> 482284.5 | O59: =+$F$59*J59 -> 2193952.3 | P59: =F59*K59 -> 13501322
C60: 8.7 | D60: Suministro e instalacion de Poste de concreto de 14 metros 1030 daN | E60: und | F60: =+'MEM ELECTRICOS'!P344 -> 3 | G60: =+'APU 8.7.'!H22 -> 2919656 | H60: =+'APU 8.7.'!H30 -> 589697.62 | I60: =+'APU 8.7.'!H38 -> 145982.8 | J60: =+'APU 8.7.'!H46 -> 1096976.2 | K60: ='APU 8.7.'!H48 -> 4752312.6 | L60: =+$F$60*G60 -> 8758968 | M60: =+$F$60*H60 -> 1769092.8 | N60: =+$F$60*I60 -> 437948.4 | O60: =+$F$60*J60 -> 3290928.5 | P60: =F60*K60 -> 14256938
C61: 8.8 | D61: Suministro e instalacion de vestida de poste EPP 001.ESTRUCTURA TRIFASICA TIPO COMPACTA, incluye Vestida 3Ø red aérea tipo horizontal trifasico angulo 20°-39° a 60° 13.2kV REF MT 334 Air-e. | E61: und | F61: =+'MEM ELECTRICOS'!P360 -> 1 | G61: =+'APU 8.8.'!H22 -> 5200000 | H61: =+'APU 8.8.'!H30 -> 137122.02 | I61: =+'APU 8.8.'!H38 -> 104000 | J61: =+'APU 8.8.'!H46 -> 2742440.4 | K61: ='APU 8.8.'!H48 -> 8183562.4 | L61: =+$F$61*G61 -> 5200000 | M61: =+$F$61*H61 -> 137122.02 | N61: =+$F$61*I61 -> 104000 | O61: =+$F$61*J61 -> 2742440.4 | P61: =F61*K61 -> 8183562.4
C62: 8.9 | D62: Suministro e instalacion de vestida de poste EPP 002.TRANSICIÓN AEREA- SUBTERRANEA.SEGUN SB 200 AIR-E, incluye Vestida para transición aerea- subterranea Cruceta 2.4m. norma SB 200 Air-e, DPS tipo línea 15 kV 12 MCOV,Aisladero tipo cuchilla 3Ø 13,2 kV para red aérea en poste,Juego 3Ø de terminales premoldeadas tipo exterior a 15 kV.(Compresión bim.tipo pletina) | E62: und | F62: =+'MEM ELECTRICOS'!P376 -> 1 | G62: =+'APU 8.9.'!H22 -> 18885439 | H62: =+'APU 8.9.'!H30 -> 137122.02 | I62: =+'APU 8.9.'!H38 -> 188854.39 | J62: =+'APU 8.9.'!H46 -> 2742440.4 | K62: ='APU 8.9.'!H48 -> 21953856 | L62: =+$F$62*G62 -> 18885439 | M62: =+$F$62*H62 -> 137122.02 | N62: =+$F$62*I62 -> 188854.39 | O62: =+$F$62*J62 -> 2742440.4 | P62: =F62*K62 -> 21953856
C63: 8.10 | D63: Suministro e instalacion de vestida de poste EPP 003.TRANSICIÓN AÉREA SUBTERRANEA SEGUN SB 200 AIR-E, inlcuye Vestida para transición aerea- subterranea cruceta 2.4m . norma SB 200 Air-e, DPS tipo línea 15 kV 12 MCOV, Aisladero tipo cuchilla 3Ø 13,2 kV para red aérea en poste,Juego 3Ø de terminales premoldeadas tipo exterior a 15 kV.(Compresión bim.tipo pletina). | E63: und | F63: =+'MEM ELECTRICOS'!P393 -> 1 | G63: =+'APU 8.10.'!H22 -> 1800000 | H63: =+'APU 8.10.'!H30 -> 137122.02 | I63: =+'APU 8.10.'!H38 -> 54000 | J63: =+'APU 8.10.'!H46 -> 2742440.4 | K63: ='APU 8.10.'!H48 -> 4733562.4 | L63: =+$F$63*G63 -> 1800000 | M63: =+$F$63*H63 -> 137122.02 | N63: =+$F$63*I63 -> 54000 | O63: =+$F$63*J63 -> 2742440.4 | P63: =F63*K63 -> 4733562.4
C64: 8.11 | D64: Suministro e instalacion de vestida de poste EPP 004.MONTAJE DE RECONECTADORES TRIFASICO SEGÚN MT 903-2 Air-e, incluye Vestida 3Ø red aérea tipo horizontal trifasico angulo 20°-39° a 60° 13.2kV,cruceta 2.4, Aisladero 1F 7,6 kV para transformadores en poste,Aisladero tipo cuchilla 3Ø 13,2 kV para red aérea en poste, DPS tipo línea 15 kV 12 MCOV. | E64: und | F64: =+'MEM ELECTRICOS'!$P$409 -> 1 | G64: =+'APU 8.11.'!H22 -> 2692326 | H64: =+'APU 8.11.'!H30 -> 137122.02 | I64: =+'APU 8.11.'!H38 -> 134616.3 | J64: =+'APU 8.11.'!H46 -> 2742440.4 | K64: ='APU 8.11.'!H48 -> 5706504.7 | L64: =+$F$64*G64 -> 2692326 | M64: =+$F$64*H64 -> 137122.02 | N64: =+$F$64*I64 -> 134616.3 | O64: =+$F$64*J64 -> 2742440.4 | P64: =F64*K64 -> 5706504.7
C65: 8.12 | D65: Suministro e instalacion de vestida de poste EPP 005.SISTEMA DE MEDIA COMPACTO SEGÚN ICE -38 AIR-E, incluye Vestida para sistema de medida compacto según N.T ICE-38 Air-e, DPS tipo línea 15 kV 12 MCOV, Transformador de corriente 17kV, 50/5A, Cl 0.5s, 5VA tipo exterior, Transformador de tensión 17kV, 13200/V3/120/V3, Cl 0.5, 10VA, Ganinete de medida IP 66 y 2 MEDIDORES METCOM TRIFASICO CLASE 0.2S 1-10A | E65: und | F65: =+'MEM ELECTRICOS'!P426 -> 1 | G65: =+'APU 8.12.'!H24 -> 29450200 | H65: =+'APU 8.12.'!H32 -> 351032.37 | I65: =+'APU 8.12.'!H40 -> 294502 | J65: =+'APU 8.12.'!H48 -> 17551619 | K65: ='APU 8.12.'!H50 -> 47647353 | L65: =+$F$65*G65 -> 29450200 | M65: =+$F$65*H65 -> 351032.37 | N65: =+$F$65*I65 -> 294502 | O65: =+$F$65*J65 -> 17551619 | P65: =F65*K65 -> 47647353
C66: 8.13 | D66: Suministro e instalacion de RETENIDA SEGÚN RT-003 AIR-E | E66: und | F66: =+'MEM ELECTRICOS'!P442 -> 1 | G66: =+'APU 8.13.'!H22 -> 607739 | H66: =+'APU 8.13.'!H30 -> 13712.202 | I66: =+'APU 8.13.'!H38 -> 6077.39 | J66: =+'APU 8.13.'!H46 -> 137122.02 | K66: ='APU 8.13.'!H48 -> 764650.61 | L66: =+$F$66*G66 -> 607739 | M66: =+$F$66*H66 -> 13712.202 | N66: =+$F$66*I66 -> 6077.39 | O66: =+$F$66*J66 -> 137122.02 | P66: =F66*K66 -> 764650.61
C67: 9 | D67: EQUIPOS PRINCIPALES INSTALACION SOLAR | P67: =SUM(P68:P80) -> 2.2401875e+09 | Q67: =+P67*1.33 -> 2.9794493e+09 | R67: =+SUM(O68:O80)*1.33 -> 2.9194964e+08 | S67: =+SUM(L68:L80)*1.33 -> 2.3941882e+09 | T67: =+SUM(M68:M80)*1.33 -> 2.0501895e+08 | U67: =+SUM(N68:N80)*1.33 -> 88292571 | V67: =SUM(R67:U67) -> 2.9794493e+09
C68: 9.1 | D68: Trazado y replanteo topografico de ejes para hincas de la estructura de soporte de modulos fotovoltaicos | E68: m2 | F68: =+'MEM ELECTRICOS'!J461 -> 4287.36 | G68: =+'APU 9.1.'!H23 -> 1576.0636 | H68: =+'APU 9.1.'!H32 -> 2236.3961 | I68: =+'APU 9.1.'!H39 -> 78.80318 | J68: =+'APU 9.1.'!H47 -> 5240.4224 | K68: ='APU 9.1.'!H49 -> 9131.6853 | L68: =+$F$68*G68 -> 6757152.1 | M68: =+$F$68*H68 -> 9588235.3 | N68: =+$F$68*I68 -> 337857.6 | O68: =+$F$68*J68 -> 22467578 | P68: =F68*K68 -> 39150823
C69: 9.2 | D69: Concreto de 3000 psi para cimentacion hincas embebidas | E69: m3 | F69: =+'MEM ELECTRICOS'!J462 -> 104.54435 | G69: =+'APU 9.2.'!H22 -> 759395.99 | H69: =+'APU 9.2.'!H31 -> 227311.23 | I69: =+'APU 9.2.'!H38 -> 37969.8 | J69: =+'APU 9.2.'!H46 -> 250022.82 | K69: ='APU 9.2.'!H48 -> 1274699.8 | L69: =+$F$69*G69 -> 79390560 | M69: =+$F$69*H69 -> 23764104 | N69: =+$F$69*I69 -> 3969528 | O69: =+$F$69*J69 -> 26138473 | P69: =F69*K69 -> 1.3326267e+08
C70: 9.3 | D70: Suministro e instalación de hincas en acero galvanizado embebidas en concreto para soporte de estructura metalica | E70: kg | F70: =+'MEM ELECTRICOS'!J463 -> 6501.19 | G70: =+'APU 9.3.'!H23 -> 37582.151 | H70: =+'APU 9.3.'!H31 -> 3323.5148 | I70: =+'APU 9.3.'!H39 -> 1879.1075 | J70: =+'APU 9.3.'!H47 -> 2285.1483 | K70: =+'APU 9.3.'!H49 -> 45069.921 | L70: =+$F$70*G70 -> 2.443287e+08 | M70: =+$F$70*H70 -> 21606801 | N70: =+$F$70*I70 -> 12216435 | O70: =+$F$70*J70 -> 14856183 | P70: =F70*K70 -> 2.9300812e+08
C71: 9.4 | D71: Suministro e instalación de estructura metalica de soporte tipo para 1620 módulos solares o equivalentes, con módulo de protección descargador de sobrepotencial instalado. Incluye Hincas, tubos de amarre longitudinales, tubos de amarre transversales, placas y herrajes de unión. | E71: kg | F71: =+'MEM ELECTRICOS'!J464 -> 23919.38 | G71: =+'APU 9.4.'!H40 -> 13808.953 | H71: =+'APU 9.4.'!H48 -> 3517.9586 | I71: =+'APU 9.4.'!H56 -> 690.44764 | J71: =+'APU 9.4.'!H64 -> 2482.641 | K71: ='APU 9.4.'!H66 -> 20500 | L71: =+$F$71*G71 -> 3.3030159e+08 | M71: =+$F$71*H71 -> 84147388 | N71: =+$F$71*I71 -> 16515079 | O71: =+$F$71*J71 -> 59383233 | P71: =F71*K71 -> 4.9034729e+08
C72: 9.5 | D72: Suministro e instalacion de cables solares fotovoltaico para modulos de 6mm2 | E72: m | F72: =+'MEM ELECTRICOS'!P475 -> 4332 | G72: =+'APU 9.5.'!H22 -> 6446.055 | H72: =+'APU 9.5.'!H30 -> 1610 | I72: =+'APU 9.5.'!H37 -> 443.69633 | J72: =+'APU 9.5.'!H45 -> 5484.8808 | K72: ='APU 9.5.'!H47 -> 13984.632 | L72: =+$F$72*G72 -> 27924310 | M72: =+$F$72*H72 -> 6974520 | N72: =+$F$72*I72 -> 1922092.5 | O72: =+$F$72*J72 -> 23760504 | P72: =F72*K72 -> 60581426
C73: 9.6 | D73: Suministro e instalacion de módulo solar fotovoltaico de células de silicio monocristalino, potencia máxima (Wp) 710 W | E73: und | F73: =+'MEM ELECTRICOS'!P490 -> 1620 | G73: =+'APU 9.6.'!H20 -> 569000 | H73: =+'APU 9.6.'!H26 -> 3220 | I73: =+'APU 9.6.'!H32 -> 17070 | J73: =+'APU 9.6.'!H39 -> 21939.523 | K73: ='APU 9.6.'!H41 -> 611229.52 | L73: =+$F$73*G73 -> 921780000 | M73: =+$F$73*H73 -> 5216400 | N73: =+$F$73*I73 -> 27653400 | O73: =+$F$73*J73 -> 35542028 | P73: =F73*K73 -> 9.9019183e+08
C74: 9.7 | D74: Suministro e instalación de Inversor Huawei SUN2000-330KTL-H1, Incluye instalación de marcaciones y etiquetado | E74: und | F74: ='MEM ELECTRICOS'!J512 -> 3 | G74: =+'APU 9.7.'!H21 -> 30384961 | H74: =+'APU 9.7.'!H28 -> 109697.62 | I74: =+'APU 9.7.'!H35 -> 911548.84 | J74: =+'APU 9.7.'!H43 -> 2193952.3 | K74: ='APU 9.7.'!H45 -> 33600160 | L74: =+$F$74*G74 -> 91154884 | M74: =+$F$74*H74 -> 329092.85 | N74: =+$F$74*I74 -> 2734646.5 | O74: =+$F$74*J74 -> 6581857 | P74: =F74*K74 -> 1.0080048e+08
C75: 9.8 | D75: Suministro e instalación de sistema de comunicaciones, control y monitoreo del sistema solar fotovoltaico incluyendo programación y comisionamiento de los equipos, incluye Smartlogger 3000. | E75: und | F75: ='MEM ELECTRICOS'!J527 -> 1 | G75: =+'APU 9.8.'!H21 -> 5130994.5 | H75: =+'APU 9.8.'!H28 -> 16454.642 | I75: =+'APU 9.8.'!H35 -> 102619.89 | J75: =+'APU 9.8.'!H43 -> 164546.42 | K75: ='APU 9.8.'!H45 -> 5414615.5 | L75: =+$F$75*G75 -> 5130994.5 | M75: =+$F$75*H75 -> 16454.642 | N75: =+$F$75*I75 -> 102619.89 | O75: =+$F$75*J75 -> 164546.42 | P75: =F75*K75 -> 5414615.5
C76: 9.9 | D76: Suministro e instalacion de caja de paso con breakers DC para conexión desde modulos fotovoltaicos | E76: und | F76: =+'MEM ELECTRICOS'!P505 -> 3 | G76: =+'APU 9.9.'!H22 -> 5353354.3 | H76: =+'APU 9.9.'!H30 -> 27424.404 | I76: =+'APU 9.9.'!H38 -> 53533.543 | J76: =+'APU 9.9.'!H46 -> 548488.08 | K76: ='APU 9.9.'!H48 -> 5982800.3 | L76: =+$F$76*G76 -> 16060063 | M76: =+$F$76*H76 -> 82273.212 | N76: =+$F$76*I76 -> 160600.63 | O76: =+$F$76*J76 -> 1645464.2 | P76: =F76*K76 -> 17948401
C77: 9.1 | D77: Suministro e instalacion de cable número 6 AWG THHN/THWN-2 CU 90°C 600V color verde. Cable de cobre suave aislado 7 hilos, chaqueta resistente a la abrasión y sustancias químicas. | E77: m | F77: =+'MEM ELECTRICOS'!P550 -> 490 | G77: =+'APU 9.10.'!H22 -> 18449.573 | H77: =+'APU 9.10.'!H30 -> 2413.3476 | I77: =+'APU 9.10.'!H38 -> 184.49573 | J77: =+'APU 9.10.'!H46 -> 12066.738 | K77: ='APU 9.10.'!H48 -> 33114.154 | L77: =+$F$77*G77 -> 9040290.9 | M77: =+$F$77*H77 -> 1182540.3 | N77: =+$F$77*I77 -> 90402.909 | O77: =+$F$77*J77 -> 5912701.5 | P77: =F77*K77 -> 16225936
C78: 9.11 | D78: Suministro e instalacion de cable de aluminio 3N500kcmil(F)Al AA8000 HFFR-LS 1000 V 90°C + 1N°2 AWG (T)Cu HFFR-LS 1000 V 90°C | E78: m | F78: =+'MEM ELECTRICOS'!P565 -> 356 | G78: =+'APU 9.11.'!H26 -> 186812.79 | H78: =+'APU 9.11.'!H33 -> 3016.6844 | I78: =+'APU 9.11.'!H40 -> 1868.1279 | J78: =+'APU 9.11.'!H47 -> 60333.689 | K78: ='APU 9.11.'!H49 -> 252031.29 | L78: =+$F$78*G78 -> 66505352 | M78: =+$F$78*H78 -> 1073939.7 | N78: =+$F$78*I78 -> 665053.52 | O78: =+$F$78*J78 -> 21478793 | P78: =F78*K78 -> 89723139
C79: 9.12 | D79: Suministro e instalación de Bandeja portacable pesada Tapa bandeja tipo ducto cerrado 10x8 cm galvanizada en caliente | E79: m | F79: =+'MEM ELECTRICOS'!P580 -> 6 | G79: =+'APU 9.12.'!H26 -> 175579.74 | H79: =+'APU 9.12.'!H33 -> 8227.3212 | I79: =+'APU 9.12.'!H40 -> 1755.7974 | J79: =+'APU 9.12.'!H47 -> 164546.42 | K79: ='APU 9.12.'!H49 -> 350109.28 | L79: =+$F$79*G79 -> 1053478.4 | M79: =+$F$79*H79 -> 49363.927 | N79: =+$F$79*I79 -> 10534.784 | O79: =+$F$79*J79 -> 987278.54 | P79: =F79*K79 -> 2100655.7
C80: 9.13 | D80: Suministro e instalación de Cable UTP CAT 6A o cable multiconductor blindado 3x22 awg | E80: m | F80: =+'MEM ELECTRICOS'!P595 -> 180 | G80: =+'APU 9.13.'!H22 -> 3967.263 | H80: =+'APU 9.13.'!H29 -> 658.1857 | I80: =+'APU 9.13.'!H36 -> 39.67263 | J80: =+'APU 9.13.'!H43 -> 3290.9285 | K80: ='APU 9.13.'!H45 -> 7956.0498 | L80: =+$F$80*G80 -> 714107.34 | M80: =+$F$80*H80 -> 118473.43 | N80: =+$F$80*I80 -> 7141.0734 | O80: =+$F$80*J80 -> 592367.13 | P80: =F80*K80 -> 1432089
C81: 10 | D81: CERTIFICACIÓN RETIE | P81: =SUM(P82:P83) -> 47584465 | Q81: =+P81*1.33 -> 63287338 | R81: =+SUM(O82:O84)*1.33 -> 9076139 | S81: =+SUM(L82:L84)*1.33 -> 41466740 | T81: =+SUM(M82:M84)*1.33 -> 12744459 | U81: =+SUM(N82:N84)*1.31 -> 0 | V81: =SUM(R81:U81) -> 63287338
C82: 10.1 | D82: Servicio de Certificación de la instalación eléctrica del proyecto | E82: gl | F82: 1 | G82: =+'APU 10.1.'!H22 -> 8330000 | H82: =+'APU 10.1.'!H29 -> 2211300 | I82: =+'APU 10.1.'!H36 -> 0 | J82: =+'APU 10.1.'!H43 -> 717817.37 | K82: ='APU 10.1.'!H45 -> 11259117 | L82: =+$F$82*G82 -> 8330000 | M82: =+$F$82*H82 -> 2211300 | N82: =+$F$82*I82 -> 0 | O82: =+$F$82*J82 -> 717817.37 | P82: =F82*K82 -> 11259117
C83: 10.2 | D83: Pruebas cadena FV al 100%, Pruebas SAT a transformador de potencia 1.1 MVA, 13.8 kV / 0.8 kV, conexión Dy5, Pruebas a cableado AC en baja tensión (acometidas de inversores), Verificación de cableado DC (circuitos de strings), Pruebas a cables de media tensión. | E83: gl | F83: 1 | G83: =+'APU 10.2.'!H22 -> 22848000 | H83: =+'APU 10.2.'!H29 -> 7371000 | I83: =+'APU 10.2.'!H36 -> 0 | J83: =+'APU 10.2.'!H43 -> 6106347.3 | K83: ='APU 10.2.'!H45 -> 36325347 | L83: =+$F$83*G83 -> 22848000 | M83: =+$F$83*H83 -> 7371000 | N83: =+$F$83*I83 -> 0 | O83: =+$F$83*J83 -> 6106347.3 | P83: =F83*K83 -> 36325347
C85: TOTAL COSTOS DIRECTOS | P85: =SUM(P17:P83)/2 -> 7.590408e+09
M87: ADMINISTRACION | O87: =+'PPTO RESUMEN'!G87 -> 0.27 | P87: =P85*O87 -> 2.0494102e+09
M88: IMPREVISTOS | O88: =+'PPTO RESUMEN'!G88 -> 0.02 | P88: =P85*O88 -> 1.5180816e+08
M89: UTILIDAD | O89: =+'PPTO RESUMEN'!G89 -> 0.04 | P89: =P85*O89 -> 3.0361632e+08
C90: TOTAL COSTOS INDIRECTOS | P90: =SUM(P87:P89) -> 2.5048346e+09
C92: 11 | D92: IMPLEMENTACION PLANES DE MANEJO
C93: 11.1 | D93: PLAN MANEJO AMBIENTAL Y SOCIAL | P93: =+'PPTO RESUMEN'!H93 -> 85313764 | Q93: =+P93 -> 85313764 | R93: =+P93*0.23 -> 19622166 | S93: =+P93*0.58 -> 49481983 | T93: =+P93*0.19 -> 16209615 | V93: =SUM(R93:U93) -> 85313764
C94: 11.2 | D94: PROGRAMA DE HSST (HIGIENE SEGURIDAD Y SALUD EN EL TRABAJO) SST | P94: =+'PPTO RESUMEN'!H94 -> 112020000 | Q94: =+P94 -> 112020000 | R94: =+P94*0.4 -> 44808000 | S94: =+P94*0.6 -> 67212000 | V94: =SUM(R94:U94) -> 112020000
C96: SUBTOTAL PLANES DE MANEJO | P96: =SUM(P93:P94) -> 1.9733376e+08
C98: COSTO TOTAL OBRA | P98: =P85+P90+P96 -> 1.0292576e+10
C99: INTERVENTORIA DEL PROYECTO | P99: =+'PPTO RESUMEN'!H99 -> 5.5804562e+08 | Q99: =+P99 -> 5.5804562e+08 | R99: =+P99*0.73 -> 4.073733e+08 | S99: =+P99*0.08 -> 44643649 | T99: =+P99*0.07 -> 39063193 | U99: =+P99*0.12 -> 66965474 | V99: =SUM(R99:U99) -> 5.5804562e+08
C100: APOYO A LA SUPERVISION | P100: =+'PPTO RESUMEN'!H100 -> 75904080 | Q100: =+P100 -> 75904080 | R100: =+P100 -> 75904080 | S100: =+SUM(M100)*1.28 -> 0 | T100: =+SUM(L100)*(1+O105+0.06) -> 0 | U100: =+SUM(N100)*(1+O105+0.06) -> 0 | V100: =SUM(R100:U100) -> 75904080
V101: =SUM(R101:U101) -> 0
C102: COSTO TOTAL OBRA + INTERVENTORIA | P102: =+P99+P98+P100 -> 1.0926526e+10 | Q102: =SUM(Q17:Q101) -> 1.0926526e+10 | V102: =SUM(V17:V101) -> 1.0926526e+10
K109: RAULITH BRITO GARCÍA
K110: INGENIERO CIVIL
K111: ESPECIALISTA EN VÍAS TERRESTRES
K112: MAGISTER EN GESTIÓN AMBIENTAL
K113: MP No. 54202-131582 NTS
K114: C.C. 12.523.977

Sheet MO SUPERVISION
A1: SALARIOS MENSUAL BASICO POR APOYO A LA SUPERVISIÓN
A2: 1
B3: Duracion en obra (MESES) | C3: 11 | E3: CONSTRUCCIÓN DE OBRAS CIVILES Y ELECTRICAS
B4: PERSONAL ESPECIALISTA, PROFESIONAL O DE APOYO | C4: CANTIDAD DE PERSONAL POR ACTIVIDAD | D4: VALOR MES | E4: MES 1 | F4: MES 2 | G4: MES 3 | H4: MES 4 | I4: MES 5 | J4: MES 6 | K4: MES 7 | L4: MES 8 | M4: MES 9 | N4: MES 10 | O4: MES 11 | P4: TOTAL DEDICACIÓN HOMBRES ETAPA OBRA | Q4: % DE DEDICACIÓN | R4: COSTO ($) TOTAL HOMBRES PROYECTO ETAPA OBRA
B5: INGENIERO APOYO A LA SUPERVISION | C5: 1 | D5: ='PPTO RESUMEN'!H100/C3 -> 6900370.9 | E5: 1 | F5: 1 | G5: 1 | H5: 1 | I5: 1 | J5: 1 | K5: 1 | L5: 1 | M5: 1 | N5: 1 | O5: 1 | P5: =C3 -> 11 | Q5: 1 | R5: =P5*D5 -> 75904080 | S5: =R5-'PPTO RESUMEN'!H100 -> 0
A6: RESPONSABILIDADES
A7: Apoyar tecnicamente a la supervision de cronogramas del proyecto energetico sostenible
A8: Apoyar tecnicamente a la supervision en la revision de los informes mensuales presentados en los contratos del proyecto energetico sostenible
A9: INCLUSIONES
A10: El monto salarial incluye todos los costos asociados a contratos de prestacion de servicios y se realizará el pago neto mensual por el monto relacionado. Se debe presentar los documentos asociados a la liquidacion y pago de Planilla Unica para consolidacion del proceso, por el valor cotizado mensual.

Sheet AIU
B2: REPUBLICA DE COLOMBIA
B3: DEPARTAMENTO DE LA GUAJIRA
B4: MUNICIPIO DE BARRANCAS
B5: OFICINA ASESORA DE PLANEACION
B7: CONSTRUCCIÓN DE UN SISTEMA SOLAR FOTOVOLTAICO DE GENERACIÓN DISTRIBUIDA DE 0.99 MWE PARA EL DESARROLLO SOCIOECONÓMICO DEL MUNICIPIO DE BARRANCAS, EN EL DEPARTAMENTO DE LA GUAJIRA - BARRANCAS III
B9: ANALISIS DETALLADO AIU
B11: VALOR BASE COSTO DIRECTO | K11: ='PPTO RESUMEN'!H85 -> 7.590408e+09
B13: ÍTEM | C13: DESCRIPCIÓN | D13: SUELDO Y/O TARIFA MENSUAL | E13: FP | F13: SUBTOTAL MES | G13: CANT | H13: DEDICACIÓN | I13: VALOR TOTAL MES | J13: TIEMPO | K13: VALOR TOTAL | L13: % PARICIPACIÓN
B14: ADMINISTRACIÓN
B15: 1 | C15: COSTOS DE PERSONAL
C16: PERSONAL PROFESIONAL
C17: DIRECTOR DE OBRA - ING ELECTRICO | D17: 4500000 | E17: ='F.P MANO DE OBRA'!N26 -> 1.5596 | F17: =D17*E17 -> 7018200 | G17: 1 | H17: 0.5 | I17: =F17*G17*H17 -> 3509100 | J17: 10 | K17: =I17*J17 -> 35091000 | L17: =K17/$K$11 -> 0.0046230716
C18: RESIDENTE DE OBRA - ING ELECTRICO | D18: 2600000 | E18: =E21 -> 1.7501 | F18: =D18*E18 -> 4550260 | G18: 1 | H18: 1 | I18: =F18*G18*H18 -> 4550260 | J18: 10 | K18: =I18*J18 -> 45502600 | L18: =K18/$K$11 -> 0.0059947502
C19: RESIDENTE DE OBRA - ING CIVIL | D19: 2600000 | E19: =E18 -> 1.7501 | F19: =D19*E19 -> 4550260 | G19: 1 | H19: 1 | I19: =F19*G19*H19 -> 4550260 | J19: 10 | K19: =I19*J19 -> 45502600 | L19: =K19/$K$11 -> 0.0059947502
C20: PERSONAL NO PROFESIONAL
C21: SECRETARIA | D21: 2000000 | E21: ='F.P MANO DE OBRA'!G26 -> 1.7501 | F21: =D21*E21 -> 3500200 | G21: 1 | H21: 0.5 | I21: =F21*G21*H21 -> 1750100 | J21: 10 | K21: =I21*J21 -> 17501000 | L21: =K21/$K$11 -> 0.0023056732
C22: AUXILIAR DE LOGISTICA | D22: 2000000 | E22: =E21 -> 1.7501 | F22: =D22*E22 -> 3500200 | G22: 1 | H22: 1 | I22: =F22*G22*H22 -> 3500200 | J22: 10 | K22: =I22*J22 -> 35002000 | L22: =K22/$K$11 -> 0.0046113463
B24: 2 | C24: COSTOS GENERALES DE OBRA
C25: VALLA INFORMATIVA DEL PROYECTO | D25: UNIDAD | F25: 2500000 | G25: 1 | H25: 1 | K25: =F25*G25*H25 -> 2500000 | L25: =K25/$K$11 -> 0.00032936306
C26: PLANOS RECORD | D26: UNIDAD | F26: 3000000 | G26: 1 | H26: 1 | K26: =F26*G26*H26 -> 3000000 | L26: =K26/$K$11 -> 0.00039523567
C27: MANEJO DE ALMACEN | D27: MES | F27: 1500000 | G27: 1 | H27: 0.5 | J27: 10 | K27: =F27*G27*H27*J27 -> 7500000 | L27: =K27/$K$11 -> 0.00098808918
C28: LIMPIEZA DE OBRA | D28: UNIDAD | G28: 1 | H28: 1 | K28: =F28*G28*H28 -> 0 | L28: =K28/$K$11 -> 0
B30: 3 | C30: COSTOS ADMINISTRATIVOS
C31: OFICINA Y MOBILIARIO | D31: MES | F31: 1489049.2 | G31: 1 | H31: 1 | J31: 10 | K31: =F31*G31*H31*J31 -> 14890492 | L31: =K31/$K$11 -> 0.0019617512
C32: EQUIPOS DE COMPUTO Y SOFTWARE | D32: UNIDAD | F32: 3000000 | G32: 1 | H32: 1 | K32: =F32*G32*H32 -> 3000000 | L32: =K32/$K$11 -> 0.00039523567
C33: ALQUILER DE CAMIONETA INCLUYE TRANSPORTE | D33: MES | F33: 10277122 | G33: 1 | H33: 1 | J33: 10 | K33: =F33*G33*H33*J33 -> 1.0277122e+08 | L33: =K33/$K$11 -> 0.013539618
C34: COMUNICACIONES (TELEFONOS, RADIOS, INTERNET) | D34: MES | F34: 275948.39 | G34: 1 | H34: 1 | J34: 10 | K34: =F34*G34*H34*J34 -> 2759483.9 | L34: =K34/$K$11 -> 0.00036354882
C35: ACOMETIDA ELECTRICA TEMPORAL | D35: UNIDAD | F35: 2500000 | G35: 1 | H35: 1 | K35: =F35*G35*H35 -> 2500000 | L35: =K35/$K$11 -> 0.00032936306
C36: PAPELERIA-FOTOCOPIAS-INFORMES CONTRATISTA DE OBRA | D36: MES | F36: 500000 | G36: 1 | H36: 1 | J36: 10 | K36: =F36*G36*H36*J36 -> 5000000 | L36: =K36/$K$11 -> 0.00065872612
C37: SOFTWARE DE CONTROL LOGISTICO | D37: UNIDAD | F37: 3000000 | G37: 1 | H37: 1 | K37: =F37*G37*H37 -> 3000000 | L37: =K37/$K$11 -> 0.00039523567
C38: REVISIÓN CONTRACTUAL | D38: UNIDAD | F38: =ROUNDUP(K11*0.1%/1000000,0)*1000000 -> 8000000 | G38: 1 | H38: 1 | K38: =F38*G38*H38 -> 8000000 | L38: =K38/$K$11 -> 0.0010539618
C39: ASESORIA JURIDICA | D39: MES | F39: 3500000 | G39: 1 | H39: 0.5 | J39: 10 | K39: =F39*G39*H39*J39 -> 17500000 | L39: =K39/$K$11 -> 0.0023055414
C40: ASESORIA AMBIENTAL | D40: MES | F40: 3500000 | G40: 1 | H40: 0.5 | J40: 10 | K40: =F40*G40*H40*J40 -> 17500000 | L40: =K40/$K$11 -> 0.0023055414
C41: ASESORIA FINANCIERA Y CONTABLE | D41: MES | F41: 2200000 | G41: 1 | H41: 0.5 | J41: 10 | K41: =F41*G41*H41*J41 -> 11000000 | L41: =K41/$K$11 -> 0.0014491975
C42: GASTOS FINANCIEROS Y BANCARIOS | G42: 1 | H42: 1 | K42: =F42*G42*H42 -> 0 | L42: =K42/$K$11 -> 0
B44: 4 | C44: POLIZAS
C45: Poliza de cumplimiento, estabilidad y manejo de anticipo | H45: 0.005 | K45: =ROUNDUP(H45*$K$11,)*0 -> 0 | L45: =K45/$K$11 -> 0
C46: Poliza Responsabilidad Civil Extracontractual | H46: 0.001 | K46: =ROUNDUP(H46*$K$11,)*0 -> 0 | L46: =K46/$K$11 -> 0
B48: TOTAL ADMINISTRACIÓN | K48: =SUM(K15:K47) -> 3.795204e+08 | L48: =+K48/K11 -> 0.05 | N48: =+'PPTO RESUMEN'!H85*0.05 -> 3.795204e+08 | T48: =+K48-N48 -> 0
B50: IMPREVISTOS | K50: =L50*$K$11 -> 1.5180816e+08 | L50: 0.02 | N50: =+K48+K73 -> 2.0494102e+09
C51: Riesgos cubiertos: Variacion TRM, Incremento combustible, Daños menores en equipos, Reprocesos constructivos, Demoras logisticas, Daños por lluvias, Incremento de vigilancia, Perdidas menores de materiales, Ajustes de diseños, Riesgos de comunidades vecinas, Incrementos en transporte
B54: UTILIDAD | K54: =L54*$K$11 -> 3.0361632e+08 | L54: 0.04
B56: ESTAMPILLAS Y TASAS
C58: COSTO DE LEGALIZACIÓN
B59: ÍTEM | C59: DESCRIPCIÓN | I59: APLICA | J59: % | K59: VALOR
B60: 1 | C60: Retencion de otros impuestos departamentales | I60: NO | J60: 0.02 | K60: =IF(I60="SI",J60*$K$11,0) -> 0 | O60: =K60/$K$11 -> 0
B61: 2 | C61: Retefuente - Contratos de construccion de obra material | I61: NO | J61: 0.02 | K61: =IF(I61="SI",J61*$K$11,0) -> 0 | O61: =K61/$K$11 -> 0
B62: 3 | C62: Industria y comercio (ICA) | I62: NO | J62: 0.01 | K62: =IF(I62="SI",J62*$K$11,0) -> 0 | O62: =K62/$K$11 -> 0
B63: 4 | C63: Avisos y tableros | I63: NO | J63: 0.0015 | K63: =IF(I63="SI",J63*$K$11,0) -> 0 | O63: =K63/$K$11 -> 0
B64: 5 | C64: Estampilla pro cultura | I64: SI | J64: 0.01 | K64: =IF(I64="SI",J64*$K$11,0) -> 75904080 | O64: =K64/$K$11 -> 0.01
B65: 6 | C65: Tasa pro deporte y recreación | I65: SI | J65: 0.02 | K65: =IF(I65="SI",J65*$K$11,0) -> 1.5180816e+08 | O65: =K65/$K$11 -> 0.02
B66: 7 | C66: Fondo de seguridad | I66: SI | J66: 0.05 | K66: =IF(I66="SI",J66*$K$11,0) -> 3.795204e+08 | O66: =K66/$K$11 -> 0.05
B67: 8 | C67: Estampilla Pro Adulto mayor | I67: SI | J67: 0.04 | K67: =IF(I67="SI",J67*$K$11,0) -> 3.0361632e+08 | O67: =K67/$K$11 -> 0.04
B68: 9 | C68: Estampilla pro desarrollo dptal | I68: SI | J68: 0.02 | K68: =IF(I68="SI",J68*$K$11,0) -> 1.5180816e+08 | O68: =K68/$K$11 -> 0.02
B69: 10 | C69: Estampilla pro UNIGUAJIRA | I69: SI | J69: 0.02 | K69: =IF(I69="SI",J69*$K$11,0) -> 1.5180816e+08 | O69: =K69/$K$11 -> 0.02
B70: 11 | C70: Estampilla Pro Desarrollo Fronterizo | I70: SI | J70: 0.02 | K70: =IF(I70="SI",J70*$K$11,0) -> 1.5180816e+08 | O70: =K70/$K$11 -> 0.02
B71: 12 | C71: Estampilla pro - hospitales públicos | I71: SI | J71: 0.02 | K71: =IF(I71="SI",J71*$K$11,0) -> 1.5180816e+08 | O71: =K71/$K$11 -> 0.02
B72: 13 | C72: Estampilla justicia Familiar | I72: SI | J72: 0.02 | K72: =IF(I72="SI",J72*$K$11,0) -> 1.5180816e+08 | N72: =+K73+K54+K50+K48 -> 2.5048346e+09 | O72: =K72/$K$11 -> 0.02 | T72: =+'PPTO RESUMEN'!H90 -> 2.5048346e+09 | U72: =+N72-T72 -> 0
B73: TOTAL | J73: =K73/$K$11 -> 0.22 | K73: =SUM(K60:L72) -> 1.6698898e+09 | N73: =+J73+L48+L50+L54 -> 0.33 | O73: =SUM(J60:J72) -> 0.2715 | P73: =J73+L48+L50+L54 -> 0.33 | R73: =25%*K11 -> 1.897602e+09 | S73: =(K48+K73)-R73 -> 1.5180816e+08 | T73: =+N73 -> 0.33
O74: =SUM(O60:O72) -> 0.22 | P74: =25%-J73 -> 0.03 | R74: =P74*K11 -> 2.2771224e+08
I78: RAULITH BRITO GARCÍA
I79: INGENIERO CIVIL
I80: ESPECIALISTA EN VÍAS TERRESTRES
I81: MAGISTER EN GESTIÓN AMBIENTAL
I82: MP No. 54202-131582 NTS
I83: C.C. 12.523.977

Sheet MO INTERVENTORIA
B1: PRESUPUESTO DE INTERVENTORÍA
C2: FECHA | D2: MARZO 2025
B3: ÍTEM | C3: CONCEPTO | D3: CANTIDAD | E3: COSTO MES | F3: F.P. | G3: COSTO TOTAL MENSUAL | H3: DEDICACIÓN | S3: VALOR PARCIAL
H4: 1 | I4: 2 | J4: 3 | K4: 4 | L4: 5 | M4: 6 | N4: 7 | O4: 8 | P4: 9 | Q4: 10 | R4: TOTAL MES
B5: A | C5: PERSONAL PROFESIONAL
B6: 1 | C6: INGENIERO ESPECIALISTA DIRECTOR | D6: 1 | E6: 4500000 | F6: ='F.P INTERVENTORIA'!N30 -> 1.7396 | G6: =E6*F6 -> 7828200 | H6: 0.5 | I6: =H6 -> 0.5 | J6: =I6 -> 0.5 | K6: =J6 -> 0.5 | L6: =K6 -> 0.5 | M6: =L6 -> 0.5 | N6: =M6 -> 0.5 | O6: =N6 -> 0.5 | P6: =O6 -> 0.5 | Q6: =P6 -> 0.5 | R6: =+SUM(H6:Q6) -> 5 | S6: =+R6*G6 -> 39141000
B7: 2 | C7: INGENIERO RESIDENTE CAMPO | D7: 1 | E7: 3600000 | F7: =F6 -> 1.7396 | G7: =E7*F7 -> 6262560 | H7: 1 | I7: =H7 -> 1 | J7: 1 | K7: 1 | L7: =K7 -> 1 | M7: =L7 -> 1 | N7: =M7 -> 1 | O7: =N7 -> 1 | P7: =O7 -> 1 | Q7: =P7 -> 1 | R7: =+SUM(H7:Q7) -> 10 | S7: =+R7*G7 -> 62625600
B8: 3 | C8: INGENIERO AMBIENTAL | D8: 1 | E8: 3600000 | F8: =F7 -> 1.7396 | G8: =E8*F8 -> 6262560 | H8: 0.2 | I8: =H8 -> 0.2 | J8: =I8 -> 0.2 | K8: =J8 -> 0.2 | L8: =K8 -> 0.2 | M8: =L8 -> 0.2 | N8: =M8 -> 0.2 | O8: =N8 -> 0.2 | P8: =O8 -> 0.2 | Q8: =P8 -> 0.2 | R8: =+SUM(H8:Q8) -> 2 | S8: =+R8*G8 -> 12525120
B9: 4 | C9: ABOGADO | D9: 1 | E9: 3500000 | F9: 1.7396 | G9: =E9*F9 -> 6088600 | H9: 0.1 | I9: =H9 -> 0.1 | J9: =I9 -> 0.1 | K9: =J9 -> 0.1 | L9: =K9 -> 0.1 | M9: =L9 -> 0.1 | N9: =M9 -> 0.1 | O9: =N9 -> 0.1 | P9: =O9 -> 0.1 | Q9: =P9 -> 0.1 | R9: =+SUM(H9:Q9) -> 1 | S9: =+R9*G9 -> 6088600
B10: 5 | C10: CONTADOR | D10: 1 | E10: 3500000 | F10: 1.7396 | G10: =E10*F10 -> 6088600 | H10: 0.1 | I10: =H10 -> 0.1 | J10: =I10 -> 0.1 | K10: =J10 -> 0.1 | L10: =K10 -> 0.1 | M10: =L10 -> 0.1 | N10: =M10 -> 0.1 | O10: =N10 -> 0.1 | P10: =O10 -> 0.1 | Q10: =P10 -> 0.1 | R10: =+SUM(H10:Q10) -> 1 | S10: =+R10*G10 -> 6088600
B11: SUBTOTAL A. COSTOS DE PERSONAL PROFESIONAL | S11: =SUM(S6:S10) -> 1.2646892e+08
B13: ÍTEM | C13: CONCEPTO | D13: CANTIDAD | E13: =+E3 -> COSTO MES | F13: =+F3 -> F.P. | G13: =+G3 -> COSTO TOTAL MENSUAL | H13: DEDICACIÓN | S13: VALOR PARCIAL
H14: 1 | I14: 2 | J14: 3 | K14: 4 | L14: 5 | M14: 6 | N14: 7 | O14: 8 | P14: 9 | Q14: 10 | R14: TOTAL MES
B15: B | C15: PERSONAL TÉCNICO AUXILIAR
B16: 1 | C16: SECRETARIA | D16: 1 | E16: 2100000 | F16: ='F.P INTERVENTORIA'!G30 -> 1.9301 | G16: =+E16*F16*D16 -> 4053210 | H16: 0.5 | I16: =H16 -> 0.5 | J16: =I16 -> 0.5 | K16: =J16 -> 0.5 | L16: =K16 -> 0.5 | M16: =L16 -> 0.5 | N16: =M16 -> 0.5 | O16: =N16 -> 0.5 | P16: =O16 -> 0.5 | Q16: =P16 -> 0.5 | R16: =+SUM(H16:Q16) -> 5 | S16: =+R16*G16 -> 20266050
B17: 2 | C17: PROFESIONAL SISO | D17: 1 | E17: 3300000 | F17: =F8 -> 1.7396 | G17: =+E17*F17*D17 -> 5740680 | H17: 1 | I17: =H17 -> 1 | J17: =I17 -> 1 | K17: =J17 -> 1 | L17: =K17 -> 1 | M17: =L17 -> 1 | N17: =M17 -> 1 | O17: =N17 -> 1 | P17: =O17 -> 1 | Q17: =P17 -> 1 | R17: =+SUM(H17:Q17) -> 10 | S17: =+R17*G17 -> 57406800
B18: 3 | C18: INSPECTOR DE OBRA ELECTRICA | D18: 2 | E18: 2500000 | F18: =F16 -> 1.9301 | G18: =+E18*F18*D18 -> 9650500 | H18: 1 | I18: 1 | J18: 1 | K18: 1 | L18: =K18 -> 1 | M18: =L18 -> 1 | N18: =M18 -> 1 | O18: =N18 -> 1 | P18: =O18 -> 1 | Q18: =P18 -> 1 | R18: =+SUM(H18:Q18) -> 10 | S18: =+G18*R18 -> 96505000
B19: SUBTOTAL B. PERSONAL TÉCNICO AUXILIAR | S19: =SUM(S16:S18) -> 1.7417785e+08
B21: TOTAL COSTOS DE PERSONAL A+B (PROFESIONAL + TÉCNICO AUXILIAR) | S21: =+S11+S19 -> 3.0064677e+08
B23: ITEM | C23: CONCEPTO | D23: CANTIDAD | E23: UNIDAD | G23: COSTO X UNIDAD | H23: DEDICACIÓN | S23: VALOR PARCIAL
H24: 1 | I24: 2 | J24: 3 | K24: 4 | L24: 5 | M24: 6 | N24: 7 | O24: 8 | P24: 9 | Q24: 10 | R24: TOTAL MES
B25: C | C25: INSUMOS (OTROS COSTOS ADMINISTRATIVOS)
B26: 1 | C26: ALQUILER DE VEHÍCULO TIPO TIPO PICK UP < 2,000 CC MODELO MINIMO 2013, Incluye Gastos de Combustible y conductor. | D26: 1 | E26: MES | G26: 8000000 | H26: 0.7 | I26: =H26 -> 0.7 | J26: =I26 -> 0.7 | K26: =J26 -> 0.7 | L26: =K26 -> 0.7 | M26: =+L26 -> 0.7 | N26: =K26 -> 0.7 | O26: =N26 -> 0.7 | P26: =O26 -> 0.7 | Q26: =P26 -> 0.7 | R26: =+SUM(H26:Q26) -> 7 | S26: =D26*R26*G26 -> 56000000
B27: 2 | C27: ALQUILER EQUIPOS DE COMPUTO Y DE OFICINA. | D27: 1 | E27: MES | G27: 414147.7 | H27: 1 | I27: 1 | J27: 1 | K27: 1 | L27: 1 | M27: =+L27 -> 1 | N27: =K27 -> 1 | O27: =N27 -> 1 | P27: =O27 -> 1 | Q27: =P27 -> 1 | R27: =+SUM(H27:Q27) -> 10 | S27: =D27*R27*G27 -> 4141477
B28: 3 | C28: ALQUILER OFICINA.INCLUYE SERVICIOS PUBLICOS Y COMPLEMENTARIOS | D28: 1 | E28: MES | G28: 2500000 | H28: 1 | I28: 1 | J28: 1 | K28: 1 | L28: 1 | M28: =+L28 -> 1 | N28: =K28 -> 1 | O28: =N28 -> 1 | P28: =O28 -> 1 | Q28: =P28 -> 1 | R28: =+SUM(H28:Q28) -> 10 | S28: =D28*R28*G28 -> 25000000
B29: 4 | C29: EDICIÓN DE INFORMES, PAPELERÍA, IMPRESIONES | D29: 1 | E29: MES | G29: 500000 | H29: 1 | I29: 1 | J29: 1 | K29: 1 | L29: 1 | M29: =+L29 -> 1 | N29: =K29 -> 1 | O29: =N29 -> 1 | P29: =O29 -> 1 | Q29: =P29 -> 1 | R29: =+SUM(H29:Q29) -> 10 | S29: =D29*R29*G29 -> 5000000
B30: 5 | C30: VIATICOS | D30: 0 | E30: MES | G30: 1500000 | H30: 0 | I30: 0 | J30: 0 | K30: 0 | L30: 0 | M30: 0 | N30: =K30 -> 0 | O30: =N30 -> 0 | R30: =+SUM(H30:O30) -> 0 | S30: =D30*R30*G30 -> 0
B31: SUBTOTAL C. INSUMOS (OTROS COSTOS ADMINISTRATIVOS) | S31: =SUM(S26:S30) -> 90141477
B33: ITEM | C33: CONCEPTO | D33: CANTIDAD | E33: UNIDAD | G33: SUBO TOTAL | H33: 1 | I33: 2 | J33: 3 | K33: 4 | L33: 5 | M33: 6 | N33: 7 | O33: 8 | P33: 9 | Q33: 10 | R33: TOTAL MES | S33: VALOR PARCIAL
B35: D | C35: UTILIDAD
B36: 1 | C36: UTILIDAD (4% DE A+B+C) | D36: 0.05 | G36: =+S21+S31 -> 3.9078825e+08 | S36: =+D36*G36 -> 19539412
B37: SUBTOTAL A + B + C + D | S37: =+S21+S31+S36 -> 4.1032766e+08
B39: ITEM | C39: CONCEPTO | D39: CANTIDAD | E39: UNIDAD | G39: SUBO TOTAL | H39: 1 | I39: 2 | J39: 3 | K39: 4 | L39: 5 | M39: 6 | N39: 7 | O39: 8 | P39: 9 | Q39: 10 | R39: TOTAL MES | S39: VALOR PARCIAL
B41: E | C41: E- GASTOS DE ADMINISTRACIÓN
B42: 1 | C42: GASTOS DE LEGALIZACIÓN (polizas de calidad, cumplimiento, salarios y prestaciones sociales), ESTAMPILLAS MUNICIPAL Y DEPARTAMENTAL( Procultura=1%; Pro-adulto mayor=4%; Pro- desarrollo fronterizo=2%; Prodesarrollo departamental=2%; Pro- uniguajira=2%; Pro deporte y recreacion=2%; pro hospital 2%; justicia familiar 2%). | D42: 0.17 | E42: Nota: los impuestos Son deducidos del Valor total antes del iva (19%). | G42: =+S21+S31+S36 -> 4.1032766e+08 | S42: =+D42*G42 -> 69755702
B43: SUBTOTAL C. INSUMOS (OTROS COSTOS ADMINISTRATIVOS) | S43: =SUM(S42:S42) -> 69755702
B45: TOTAL COSTOS PERSONAL PROFESIONAL(A) + COSTOS PERSONAL TÉCNICO AUXILIAR (B) + OTROS COSTOS ADMINISTRATIVOS ( C ) + UTILIDAD ( D ) + GASTOS DE LEGALIZACION ( E ) | S45: =+S11+S19+S31+S36+S42 -> 4.8008336e+08
B46: IVA (19% DE A +B + C +D) | S46: =+S37*19% -> 77962255
B47: VALOR TOTAL INTERVENTORÍA | S47: =SUM(S45:S46) -> 5.5804562e+08 | U47: ='PPTO RESUMEN'!H99 -> 5.5804562e+08 | V47: =U47-S47 -> 0
B49: FECHA: MARZO DE 2026
B50: Elaboró:
G53: RAULITH BRITO GARCÍA
G54: INGENIERO CIVIL
G55: ESPECIALISTA EN VÍAS TERRESTRES
G56: MAGISTER EN GESTIÓN AMBIENTAL
G57: MP No. 54202-131582 NTS
G58: C.C. 12.523.977

Sheet FLUJO DE CAJA
A1: FLUJO DE CAJA DEL PROYECTO:CONSTRUCCIÓN DE UN SISTEMA SOLAR FOTOVOLTAICO DE 0.99 MWE PARA EL DESARROLLO SOCIOECONÓMICO DEL MUNICIPIO DE BARRANCAS, EN EL DEPARTAMENTO DE LA GUAJIRA
A2: Etapas constructivas del proyecto | D2: CANTIDAD | E2: 1 | I2: 2 | M2: 3 | Q2: 4 | U2: 5 | Y2: 6 | AC2: 7 | AG2: 8 | AK2: 9 | AO2: 10 | AS2: 11 | AW2: 12 | BA2: 13
D3: Semanas | E3: 1 | F3: 2 | G3: 3 | H3: 4 | I3: 1 | J3: 2 | K3: 3 | L3: 4 | M3: 1 | N3: 2 | O3: 3 | P3: 4 | Q3: 1 | R3: 2 | S3: 3 | T3: 4 | U3: 1 | V3: 2 | W3: 3 | X3: 4 | Y3: 1 | Z3: 2 | AA3: 3 | AB3: 4 | AC3: 1 | AD3: 2 | AE3: 3 | AF3: 4 | AG3: 1 | AH3: 2 | AI3: 3 | AJ3: 4 | AK3: 1 | AL3: 2 | AM3: 3 | AN3: 4 | AO3: 1 | AP3: 2 | AQ3: 3 | AR3: 4 | AS3: 1 | AT3: 2 | AU3: 3 | AV3: 4 | AW3: 1 | AX3: 2 | AY3: 3 | AZ3: 4 | BA3: 1 | BB3: 2 | BC3: 3 | BD3: 4
A4: OBRAS PRELIMINARES | C4: Actividades relacionadas | D4: Precio por actividad | E4: ETAPA PRECONTRACTUAL | BA4: ETAPA DE LIQUIDACION
A5: Localizacion, trazado y replanteo | D5: ='PPTO RESUMEN'!H18 -> 50684412 | M5: =100%/30 -> 0.033333333 | N5: =M5 -> 0.033333333 | O5: =N5 -> 0.033333333 | P5: =O5 -> 0.033333333 | Q5: =P5 -> 0.033333333 | R5: =Q5 -> 0.033333333 | S5: =R5 -> 0.033333333 | T5: =S5 -> 0.033333333 | U5: =T5 -> 0.033333333 | ... AP5: =AO5 -> 0.033333333 | BI5: =SUM(M6:AZ6)-D5 -> 0
M6: =M5*$D$5 -> 1689480.4 | N6: =N5*$D5 -> 1689480.4 | O6: =O5*$D$5 -> 1689480.4 | P6: =P5*$D$5 -> 1689480.4 | Q6: =Q5*$D$5 -> 1689480.4 | R6: =R5*$D$5 -> 1689480.4 | S6: =S5*$D$5 -> 1689480.4 | T6: =T5*$D$5 -> 1689480.4 | U6: =U5*$D$5 -> 1689480.4 | V6: =V5*$D$5 -> 1689480.4 | ... AP6: =AP5*$D$5 -> 1689480.4
A7: Limpieza y descapote del terreno (tala de árboles, desbroce de maleza, y retiro de material vegetal. | D7: ='PPTO RESUMEN'!H19 -> 6.3707983e+08 | N7: =100%/10 -> 0.1 | O7: =N7 -> 0.1 | P7: =O7 -> 0.1 | Q7: =P7 -> 0.1 | R7: =Q7 -> 0.1 | S7: =R7 -> 0.1 | T7: =S7 -> 0.1 | U7: =T7 -> 0.1 | V7: =U7 -> 0.1 | W7: =V7 -> 0.1 | BI7: =SUM(M8:AZ8)-D7 -> 0
N8: =N7*$D7 -> 63707983 | O8: =O7*$D7 -> 63707983 | P8: =P7*$D7 -> 63707983 | Q8: =Q7*$D7 -> 63707983 | R8: =R7*$D7 -> 63707983 | S8: =S7*$D7 -> 63707983 | T8: =T7*$D7 -> 63707983 | U8: =U7*$D7 -> 63707983 | ... W8: =W7*$D7 -> 63707983
A9: Instalación y adecuacion de campamento y almacen de equipos y herramientas | D9: ='PPTO RESUMEN'!H20 -> 36195192 | M9: =100%/4 -> 0.25 | N9: =M9 -> 0.25 | O9: =N9 -> 0.25 | P9: =O9 -> 0.25 | BI9: =SUM(M10:AZ10)-D9 -> 0
M10: =M9*$D9 -> 9048797.9 | N10: =N9*$D9 -> 9048797.9 | O10: =O9*$D9 -> 9048797.9 | P10: =P9*$D9 -> 9048797.9
A11: MOVIMIENTOS DE TIERRA Y ADECUACION DEL TERRENO
A12: Corte y nivelacion del terreno. Incluye cargue y transporte | D12: ='PPTO RESUMEN'!H22 -> 1.9822401e+08 | Q12: =100%/4 -> 0.25 | R12: =Q12 -> 0.25 | S12: =R12 -> 0.25 | T12: =S12 -> 0.25 | BI12: =SUM(M13:AZ13)-D12 -> 0
Q13: =Q12*$D12 -> 49556003 | R13: =R12*$D12 -> 49556003 | S13: =S12*$D12 -> 49556003 | T13: =T12*$D12 -> 49556003
A14: Excavación sin clasificar de la explanación, canales y préstamos. | D14: ='PPTO RESUMEN'!H23 -> 3.461173e+08 | R14: =1/5 -> 0.2 | S14: =R14 -> 0.2 | T14: =S14 -> 0.2 | U14: =T14 -> 0.2 | V14: =U14 -> 0.2 | BI14: =SUM(M15:AZ15)-D14 -> 0
R15: =R14*$D14 -> 69223460 | S15: =S14*$D14 -> 69223460 | T15: =T14*$D14 -> 69223460 | U15: =U14*$D14 -> 69223460 | V15: =V14*$D14 -> 69223460
A16: Suministro, colocacion y compactacion de relleno seleccionado | D16: ='PPTO RESUMEN'!H24 -> 1.265147e+09 | U16: =1/10 -> 0.1 | V16: =U16 -> 0.1 | W16: =V16 -> 0.1 | X16: =W16 -> 0.1 | Y16: =X16 -> 0.1 | Z16: =Y16 -> 0.1 | AA16: =Z16 -> 0.1 | AB16: =AA16 -> 0.1 | AC16: =AB16 -> 0.1 | AD16: =AC16 -> 0.1 | BI16: =SUM(M17:AZ17)-D16 -> 0
U17: =U16*$D16 -> 1.265147e+08 | V17: =V16*$D16 -> 1.265147e+08 | W17: =W16*$D16 -> 1.265147e+08 | X17: =X16*$D16 -> 1.265147e+08 | Y17: =Y16*$D16 -> 1.265147e+08 | Z17: =Z16*$D16 -> 1.265147e+08 | AA17: =AA16*$D16 -> 1.265147e+08 | AB17: =AB16*$D16 -> 1.265147e+08 | ... AD17: =AD16*$D16 -> 1.265147e+08
A18: CERRAMIENTO PERIMETRAL
A19: Suministro e instalación de cerramiento perimetral en malla eslabonada de alta seguridad, incluye: excavación, cimentación en dados de concreto de 21 MPA, postes tubulares galvanizados en caliente, brazos inclinados, alambre de púas, accesorios de fijación y todo lo necesario para su correcta ejecución y entrega a satisfacción. | D19: ='PPTO RESUMEN'!H26 -> 4.3237331e+08 | Q19: =1/20 -> 0.05 | R19: =Q19 -> 0.05 | S19: =R19 -> 0.05 | T19: =S19 -> 0.05 | U19: =T19 -> 0.05 | V19: =U19 -> 0.05 | W19: =V19 -> 0.05 | X19: =W19 -> 0.05 | Y19: =X19 -> 0.05 | ... AJ19: =AI19 -> 0.05 | BI19: =SUM(M20:AZ20)-D19 -> 0
Q20: =Q19*$D19 -> 21618665 | R20: =R19*$D19 -> 21618665 | S20: =S19*$D19 -> 21618665 | T20: =T19*$D19 -> 21618665 | U20: =U19*$D19 -> 21618665 | V20: =V19*$D19 -> 21618665 | W20: =W19*$D19 -> 21618665 | X20: =X19*$D19 -> 21618665 | ... AJ20: =AJ19*$D19 -> 21618665
A21: Suministro e instalación de portón vehicular de doble hoja en tubería galvanizada y malla eslabonada, según diseño. Incluye: parales principales, cerrojos de seguridad, accesorios de sujeción, pintura de retoque en soldaduras y todo lo necesario para su entrega a satisfacción. | D21: ='PPTO RESUMEN'!H27 -> 5810035.1 | AC21: =1/3 -> 0.33333333 | AD21: =AC21 -> 0.33333333 | AE21: =AD21 -> 0.33333333 | BI21: =SUM(M22:AZ22)-D21 -> 0
AC22: =AC21*$D21 -> 1936678.4 | AD22: =AD21*$D21 -> 1936678.4 | AE22: =AE21*$D21 -> 1936678.4
A23: Suministro e instalación de puerta peatonal en tubería galvanizada y malla eslabonada, según diseño. Incluye: marco, cerradura/portacandado, bisagras, fijaciones y todo lo necesario para su correcta operación. | D23: ='PPTO RESUMEN'!H28 -> 2509706.1 | AE23: =1/2 -> 0.5 | AF23: =AE23 -> 0.5 | BI23: =SUM(M24:AZ24)-D23 -> 0
AE24: =AE23*$D23 -> 1254853 | AF24: =AF23*$D23 -> 1254853
A25: Suministro e instalacion de lamparas de iluminacion tipo exterior con alimentacion autonoma. Incluye poste de 6 metros en acero galvanizado | D25: ='PPTO RESUMEN'!H29 -> 1.1236866e+08 | V25: =1/12 -> 0.083333333 | W25: =V25 -> 0.083333333 | X25: =W25 -> 0.083333333 | Z25: =X25 -> 0.083333333 | AA25: =Z25 -> 0.083333333 | AB25: =AA25 -> 0.083333333 | AD25: =AB25 -> 0.083333333 | AE25: =AD25 -> 0.083333333 | AF25: =AE25 -> 0.083333333 | AI25: =AF25 -> 0.083333333 | AJ25: =AI25 -> 0.083333333 | AK25: =AJ25 -> 0.083333333 | BI25: =SUM(M26:AZ26)-D25 -> 0
V26: =V25*$D25 -> 9364055.3 | W26: =W25*$D25 -> 9364055.3 | X26: =X25*$D25 -> 9364055.3 | Z26: =Z25*$D25 -> 9364055.3 | AA26: =AA25*$D25 -> 9364055.3 | AB26: =AB25*$D25 -> 9364055.3 | AD26: =AD25*$D25 -> 9364055.3 | AE26: =AE25*$D25 -> 9364055.3 | AF26: =AF25*$D25 -> 9364055.3 | AI26: =AI25*$D25 -> 9364055.3 | AJ26: =AJ25*$D25 -> 9364055.3 | AK26: =AK25*$D25 -> 9364055.3
A27: OBRAS CIVILES GENERALES
A28: Conformación de calzada con sub_base granular tipo invias; incluye: suministro, extendido, humedecimiento, transporte externo, transporte interno, compactación hasta una densidad del 95% de la máxima obtenida en el ensayo del próctor modificado, medido en sitio. | D28: ='PPTO RESUMEN'!H31 -> 8.6565288e+08 | P28: =1/10 -> 0.1 | Q28: =P28 -> 0.1 | R28: =Q28 -> 0.1 | S28: =R28 -> 0.1 | T28: =S28 -> 0.1 | U28: =T28 -> 0.1 | V28: =U28 -> 0.1 | W28: =V28 -> 0.1 | X28: =W28 -> 0.1 | Y28: =X28 -> 0.1 | BI28: =SUM(M29:AZ29)-D28 -> 0
P29: =P28*$D28 -> 86565288 | Q29: =Q28*$D28 -> 86565288 | R29: =R28*$D28 -> 86565288 | S29: =S28*$D28 -> 86565288 | T29: =T28*$D28 -> 86565288 | U29: =U28*$D28 -> 86565288 | V29: =V28*$D28 -> 86565288 | W29: =W28*$D28 -> 86565288 | ... Y29: =Y28*$D28 -> 86565288
A30: Construcción de cuneta de sección trapezoidal revestida con geosintético textil impermeable (tipo impertex o similar). Incluye: excavación, perfilado, compactación de la banca, suministro, corte, instalación y anclaje del material geosintético, y todo lo necesario para su correcto funcionamiento. | D30: ='PPTO RESUMEN'!H32 -> 1.6247658e+08 | R30: =1/12 -> 0.083333333 | S30: =R30 -> 0.083333333 | T30: =S30 -> 0.083333333 | U30: =T30 -> 0.083333333 | V30: =U30 -> 0.083333333 | W30: =V30 -> 0.083333333 | X30: =W30 -> 0.083333333 | Y30: =X30 -> 0.083333333 | Z30: =Y30 -> 0.083333333 | ... AC30: =AB30 -> 0.083333333 | BI30: =SUM(M31:AZ31)-D30 -> 0
R31: =R30*$D30 -> 13539715 | S31: =S30*$D30 -> 13539715 | T31: =T30*$D30 -> 13539715 | U31: =U30*$D30 -> 13539715 | V31: =V30*$D30 -> 13539715 | W31: =W30*$D30 -> 13539715 | X31: =X30*$D30 -> 13539715 | Y31: =Y30*$D30 -> 13539715 | ... AC31: =AC30*$D30 -> 13539715
A32: Construcción de camino peatonal permeable. Incluye: actividades de adecuación, nivelación y preparación del terreno, suministro e instalación de sistema de confinamiento celular (geocelda), suministro, llenado y acomodo de material granular tipo grava, y todo lo necesario para su correcto funcionamiento. | D32: ='PPTO RESUMEN'!H33 -> 64676509 | Z32: =1/4 -> 0.25 | AA32: =Z32 -> 0.25 | AB32: =AA32 -> 0.25 | AC32: =AB32 -> 0.25 | BI32: =SUM(M33:AZ33)-D32 -> 0
Z33: =Z32*$D32 -> 16169127 | AA33: =AA32*$D32 -> 16169127 | AB33: =AB32*$D32 -> 16169127 | AC33: =AC32*$D32 -> 16169127
A34: Caja de inspección eléctrico de 90 x 90 x 110cm, en concreto reforzado de f'c= 3.500 psi - impermeabilizado. Incluye excavación y tape, tapa y herrajes, cañuelas, marcos en ángulo de 1 1/2"x3/16 e incluye todo lo necesario para su correcto funcionamiento. | D34: ='PPTO RESUMEN'!H34 -> 4751770.8 | AD34: =1/4 -> 0.25 | AE34: =AD34 -> 0.25 | AF34: =AE34 -> 0.25 | AG34: =AF34 -> 0.25 | BI34: =SUM(M35:AZ35)-D34 -> 0
AD35: =AD34*$D34 -> 1187942.7 | AE35: =AE34*$D34 -> 1187942.7 | AF35: =AF34*$D34 -> 1187942.7 | AG35: =AG34*$D34 -> 1187942.7
A36: Construcción de caseta tipo cobertizo de 2 x 1 mts, para la ubicación de inversores, sin muros. Incluye: placa base en concreto de 3.500 psi, estructura metálica con protección anticorrosiva, cubierta termoacústica, accesorios para fijación de equipos y todo lo necesario para su correcto funcionamiento. | D36: ='PPTO RESUMEN'!H35 -> 18017719 | AG36: =1/2 -> 0.5 | AH36: =AG36 -> 0.5 | BI36: =SUM(M37:AZ37)-D36 -> 0
AG37: =AG36*$D36 -> 9008859.7 | AH37: =AH36*$D36 -> 9008859.7
A38: Construcción de cimentación en concreto de 4.000 PSI para soporte de subestación eléctrica principal. Incluye excavación, retiro de material y acero de refuerzo. | D38: ='PPTO RESUMEN'!H36 -> 7534184.5 | AC38: =1/2 -> 0.5 | AD38: =AC38 -> 0.5 | BI38: =SUM(M39:AZ39)-D38 -> 0
AC39: =AC38*$D38 -> 3767092.3 | AD39: =AD38*$D38 -> 3767092.3
A40: ZANJA MT PARA CIRCUITO
A41: Suministro e instalación de canalización de dos (02) tubos enterrada a profundidad máxima de 1,00 mts, en tubería de PVC de 4" tipo DB (ZANJA 1) | D41: ='PPTO RESUMEN'!H38 -> 16679504 | R41: =1/16 -> 0.0625 | S41: =1/16 -> 0.0625 | T41: =1/16 -> 0.0625 | U41: =1/16 -> 0.0625 | V41: =1/16 -> 0.0625 | W41: =1/16 -> 0.0625 | X41: =1/16 -> 0.0625 | Y41: =1/16 -> 0.0625 | ... AG41: =1/16 -> 0.0625 | BI41: =SUM(M42:AZ42)-D41 -> 0
R42: =R41*$D41 -> 1042469 | S42: =S41*$D41 -> 1042469 | T42: =T41*$D41 -> 1042469 | U42: =U41*$D41 -> 1042469 | V42: =V41*$D41 -> 1042469 | W42: =W41*$D41 -> 1042469 | X42: =X41*$D41 -> 1042469 | Y42: =Y41*$D41 -> 1042469 | ... AG42: =AG41*$D41 -> 1042469
A43: Suministro e instalación de canalización de tres (04) tubos enterrada a profundidad máxima de 1,00 mts, en tubería de PVC de 4" tipo DB (ZANJA 2) | D43: ='PPTO RESUMEN'!H39 -> 63493225 | R43: =1/16 -> 0.0625 | S43: =1/16 -> 0.0625 | T43: =1/16 -> 0.0625 | U43: =1/16 -> 0.0625 | V43: =1/16 -> 0.0625 | W43: =1/16 -> 0.0625 | X43: =1/16 -> 0.0625 | Y43: =1/16 -> 0.0625 | ... AG43: =1/16 -> 0.0625 | BI43: =SUM(M44:AZ44)-D43 -> 0
R44: =R43*$D43 -> 3968326.5 | S44: =S43*$D43 -> 3968326.5 | T44: =T43*$D43 -> 3968326.5 | U44: =U43*$D43 -> 3968326.5 | V44: =V43*$D43 -> 3968326.5 | W44: =W43*$D43 -> 3968326.5 | X44: =X43*$D43 -> 3968326.5 | Y44: =Y43*$D43 -> 3968326.5 | ... AG44: =AG43*$D43 -> 3968326.5
A45: ZANJA BT PARA CIRCUITO
A46: Suministro e instalación de canalización de cuatro (01) tubos enterrada a profundidad máxima de 1,10 mts, en tubería de PVC de 4" tipo DB (ZANJA 3) | D46: ='PPTO RESUMEN'!H41 -> 6569514.5 | R46: =1/16 -> 0.0625 | S46: =1/16 -> 0.0625 | T46: =1/16 -> 0.0625 | U46: =1/16 -> 0.0625 | V46: =1/16 -> 0.0625 | W46: =1/16 -> 0.0625 | X46: =1/16 -> 0.0625 | Y46: =1/16 -> 0.0625 | ... AG46: =1/16 -> 0.0625 | BI46: =SUM(M47:AZ47)-D46 -> 0
R47: =R46*$D46 -> 410594.65 | S47: =S46*$D46 -> 410594.65 | T47: =T46*$D46 -> 410594.65 | U47: =U46*$D46 -> 410594.65 | V47: =V46*$D46 -> 410594.65 | W47: =W46*$D46 -> 410594.65 | X47: =X46*$D46 -> 410594.65 | Y47: =Y46*$D46 -> 410594.65 | ... AG47: =AG46*$D46 -> 410594.65
A48: Suministro e instalación de canalización de tres (02) tubos enterrada a profundidad máxima de 1,00 mts, en tubería de PVC de 2" tipo DB (ZANJA 4) | D48: ='PPTO RESUMEN'!H42 -> 23767810 | R48: =1/16 -> 0.0625 | S48: =1/16 -> 0.0625 | T48: =1/16 -> 0.0625 | U48: =1/16 -> 0.0625 | V48: =1/16 -> 0.0625 | W48: =1/16 -> 0.0625 | X48: =1/16 -> 0.0625 | Y48: =1/16 -> 0.0625 | ... AG48: =1/16 -> 0.0625 | BI48: =SUM(M49:AZ49)-D48 -> 0
R49: =R48*$D48 -> 1485488.1 | S49: =S48*$D48 -> 1485488.1 | T49: =T48*$D48 -> 1485488.1 | U49: =U48*$D48 -> 1485488.1 | V49: =V48*$D48 -> 1485488.1 | W49: =W48*$D48 -> 1485488.1 | X49: =X48*$D48 -> 1485488.1 | Y49: =Y48*$D48 -> 1485488.1 | ... AG49: =AG48*$D48 -> 1485488.1
A50: MALLA A TIERRA
A51: Suministro e instalacion de cable de cobre desnudo de calibre N° 1/0 AWG | D51: ='PPTO RESUMEN'!H44 -> 17105844 | P51: 0.25 | S51: 0.7 | AO51: 0.05 | BI51: =SUM(M52:AZ52)-D51 -> 0
P52: =P51*D51 -> 4276461.1 | S52: =S51*D51 -> 11974091 | AO52: =AO51*D51 -> 855292.22
A53: Ejecucion de soldadura exotermica del cable conductor en X, 115 gr | D53: ='PPTO RESUMEN'!H45 -> 222273.07 | Q53: 0.25 | Z53: 0.75 | BI53: =SUM(M54:AZ54)-D53 -> 0
Q54: =Q53*D53 -> 55568.267 | Z54: =Z53*D53 -> 166704.8
A55: Ejecucion de soldadura exotermica del cable conductor en T, 115 gr | D55: ='PPTO RESUMEN'!H46 -> 489000.75 | Q55: 0.25 | Z55: 0.75 | BI55: =SUM(M56:AZ56)-D55 -> 0
Q56: =Q55*D55 -> 122250.19 | Z56: =Z55*D55 -> 366750.56
A57: Ejecucion de soldadura exotermica del cable conductor terminal, 115 gr | D57: ='PPTO RESUMEN'!H47 -> 222273.07 | AG57: 1 | BI57: =SUM(M58:AZ58)-D57 -> 0
AG58: =AG57*D57 -> 222273.07
A59: Suministro e instalacion de varilla de cobre con conector puesta a tierra 2.4Mx5/8" | D59: ='PPTO RESUMEN'!H48 -> 2277119.4 | AG59: 1 | BI59: =SUM(M60:AZ60)-D59 -> 0
AG60: =AG59*D59 -> 2277119.4
A61: Suministro e instalacion de Cajas de inspeccion para SPT 30x30cm Libres | D61: ='PPTO RESUMEN'!H49 -> 717770.12 | Q61: 0.25 | Z61: 0.75 | BI61: =SUM(M62:AZ62)-D61 -> 0
Q62: =Q61*D61 -> 179442.53 | Z62: =Z61*D61 -> 538327.59
A63: Suministro e instalacion de Punta Captadora Aluminio 60cm - ∅8mm | D63: ='PPTO RESUMEN'!H50 -> 1069450.8 | AG63: 1 | BI63: =SUM(M64:AZ64)-D63 -> 0
AG64: =AG63*D63 -> 1069450.8
A65: Suministro e instalacion de Anillo Equipotencial Alambron (barra Solida) Calibre 8mm2 | D65: ='PPTO RESUMEN'!H51 -> 3426097.6 | AG65: 1 | BI65: =SUM(M66:AZ66)-D65 -> 0
AG66: =AG65*D65 -> 3426097.6
A67: Suministro e instalacion de bajante, incluye Caja de paso 15x15 cm,conector bimetalico Aluminio - Cobre. | D67: ='PPTO RESUMEN'!H52 -> 171161.03 | AG67: 1 | BI67: =SUM(M68:AZ68)-D67 -> 0
AG68: =AG67*D67 -> 171161.03
A69: TRANSFORMADORES Y RED DE MT
A70: Suministro e instalacion de CENTRO DE TRANSFORMACIÓN, incluye Envolvente de acero galvanizado K10 C4 (LxWxH) 3119 x 2550 x 2715 mm,RMU SafePlus RMU, CF, 17.5kV, 600A, 21kA/3s, 60Hz, 01 Cable Switch, 01 Fuse Disconnector,Transformador de aceite de 1100 kVA, 13.8/0.800kV, 60 Hz, aceite mineral, ONAN, Dy5, Al/Al y Tablero de baja tensión 800V-1250A- 50kA/1s, 36kA/1s y protecciones en BT. | D70: ='PPTO RESUMEN'!H54 -> 4.4844981e+08 | T70: =1/14 -> 0.071428571 | U70: =T70 -> 0.071428571 | V70: =U70 -> 0.071428571 | W70: =V70 -> 0.071428571 | X70: =W70 -> 0.071428571 | Y70: =X70 -> 0.071428571 | Z70: =Y70 -> 0.071428571 | AA70: =Z70 -> 0.071428571 | AB70: =AA70 -> 0.071428571 | ... AG70: =AF70 -> 0.071428571 | BI70: =SUM(M71:AZ71)-D70 -> 0
T71: =T70*$D70 -> 32032129 | U71: =U70*$D70 -> 32032129 | V71: =V70*$D70 -> 32032129 | W71: =W70*$D70 -> 32032129 | X71: =X70*$D70 -> 32032129 | Y71: =Y70*$D70 -> 32032129 | Z71: =Z70*$D70 -> 32032129 | AA71: =AA70*$D70 -> 32032129 | ... AG71: =AG70*$D70 -> 32032129
A72: Suministro e instalacion de transicion aerea - subterranea para derivacion corta, ya sea en cruce de via y/o salida de circuito para conexiones a MT | D72: ='PPTO RESUMEN'!H55 -> 26387926 | Z72: =1/2 -> 0.5 | AA72: =Z72 -> 0.5 | BI72: =SUM(M73:AZ73)-D72 -> 0
Z73: =Z72*$D72 -> 13193963 | AA73: =AA72*$D72 -> 13193963
A74: Suministro e instalacion de Reconectador automático 15kV. Inom 800A. Icc 16kA. BIL 110kV. 30,000 Operaciones Electromecánicas. Disparo Trifásico. Interrupción en vacío. Aislamiento, Dieléctrico Sólido. Contención de Fallas de Arco Interno. Grado de Protección IP 65, incluye Tanque OSM15-16-800: Tres (3) transformadores de corriente. Seis (6) sensores de tensión capacitivos.CUBÍCULO DE CONTROL RECONECTADOR En acero inoxidable. Grado de protección IP66. Protocolos de comunicación, DNP 3.0, IEC 104, IEC 61850 Nativo Rango de operación -40°C a +55°C. Un (1) Cable de Control. 7 m de longitud. Una (1) estructura para montaje en poste. Puertos de comunicación RS232, (3) USB y Ethernet Acceso software propietario CMS y Transformador 0.5kVA 11,4/120v | D74: ='PPTO RESUMEN'!H56 -> 93698925 | AE74: =1/3 -> 0.33333333 | AF74: =AE74 -> 0.33333333 | AG74: =AF74 -> 0.33333333 | BI74: =SUM(M75:AZ75)-D74 -> 0
AE75: =AE74*$D74 -> 31232975 | AF75: =AF74*$D74 -> 31232975 | AG75: =AG74*$D74 -> 31232975
A76: Suministro e instalacion de Acometida 3F 3N°1/0 + 1 N°2 ACSR desnudo aerea abierta | D76: ='PPTO RESUMEN'!H57 -> 1.8477311e+08 | Y76: =1/10 -> 0.1 | Z76: =Y76 -> 0.1 | AA76: =Z76 -> 0.1 | AB76: =AA76 -> 0.1 | AC76: =AB76 -> 0.1 | AD76: =AC76 -> 0.1 | AE76: =AD76 -> 0.1 | AF76: =AE76 -> 0.1 | AG76: =AF76 -> 0.1 | AH76: =AG76 -> 0.1 | BI76: =SUM(M77:AZ77)-D76 -> 0
Y77: =Y76*$D76 -> 18477311 | Z77: =Z76*$D76 -> 18477311 | AA77: =AA76*$D76 -> 18477311 | AB77: =AB76*$D76 -> 18477311 | AC77: =AC76*$D76 -> 18477311 | AD77: =AD76*$D76 -> 18477311 | AE77: =AE76*$D76 -> 18477311 | AF77: =AF76*$D76 -> 18477311 | ... AH77: =AH76*$D76 -> 18477311
A78: Suministro e instalación de Acometida 3F 3N°1/0 XLPE aislada 133% AL 15 kV + N1/3 | D78: ='PPTO RESUMEN'!H58 -> 86748448 | Z78: =1/3 -> 0.33333333 | AA78: =Z78 -> 0.33333333 | AD78: =AA78 -> 0.33333333 | BI78: =SUM(M79:AZ79)-D78 -> 0
Z79: =Z78*$D78 -> 28916149 | AA79: =AA78*$D78 -> 28916149 | AD79: =AD78*$D78 -> 28916149
A80: Suministro e instalacion de Poste de concreto de 12 metros 1030 daN | D80: ='PPTO RESUMEN'!H59 -> 13501322 | Z80: =1/2 -> 0.5 | AA80: =Z80 -> 0.5 | BI80: =SUM(M81:AZ81)-D80 -> 0
Z81: =Z80*$D80 -> 6750661 | AA81: =AA80*$D80 -> 6750661
A82: Suministro e instalacion de Poste de concreto de 14 metros 1030 daN | D82: ='PPTO RESUMEN'!H60 -> 14256938 | AC82: =1/2 -> 0.5 | AD82: =AC82 -> 0.5 | BI82: =SUM(M83:AZ83)-D82 -> 0
AC83: =AC82*$D82 -> 7128468.9 | AD83: =AD82*$D82 -> 7128468.9
A84: Suministro e instalacion de vestida de poste EPP 001.ESTRUCTURA TRIFASICA TIPO COMPACTA, incluye Vestida 3Ø red aérea tipo horizontal trifasico angulo 20°-39° a 60° 13.2kV REF MT 334 Air-e. | D84: ='PPTO RESUMEN'!H61 -> 8183562.4 | AD84: =1/2 -> 0.5 | AE84: =AD84 -> 0.5 | BI84: =SUM(M85:AZ85)-D84 -> 0
AD85: =AD84*$D84 -> 4091781.2 | AE85: =AE84*$D84 -> 4091781.2
A86: Suministro e instalacion de vestida de poste EPP 002.TRANSICIÓN AEREA- SUBTERRANEA.SEGUN SB 200 AIR-E, incluye Vestida para transición aerea- subterranea Cruceta 2.4m. norma SB 200 Air-e, DPS tipo línea 15 kV 12 MCOV,Aisladero tipo cuchilla 3Ø 13,2 kV para red aérea en poste,Juego 3Ø de terminales premoldeadas tipo exterior a 15 kV.(Compresión bim.tipo pletina) | D86: ='PPTO RESUMEN'!H62 -> 21953856 | AD86: =1/2 -> 0.5 | AE86: =AD86 -> 0.5 | BI86: =SUM(M87:AZ87)-D86 -> 0
AD87: =AD86*$D86 -> 10976928 | AE87: =AE86*$D86 -> 10976928
A88: Suministro e instalacion de vestida de poste EPP 003.TRANSICIÓN AÉREA SUBTERRANEA SEGUN SB 200 AIR-E, inlcuye Vestida para transición aerea- subterranea cruceta 2.4m . norma SB 200 Air-e, DPS tipo línea 15 kV 12 MCOV, Aisladero tipo cuchilla 3Ø 13,2 kV para red aérea en poste,Juego 3Ø de terminales premoldeadas tipo exterior a 15 kV.(Compresión bim.tipo pletina). | D88: ='PPTO RESUMEN'!H63 -> 4733562.4 | AD88: =1/2 -> 0.5 | AE88: =AD88 -> 0.5 | BI88: =SUM(M89:AZ89)-D88 -> 0
AD89: =AD88*$D88 -> 2366781.2 | AE89: =AE88*$D88 -> 2366781.2
A90: Suministro e instalacion de vestida de poste EPP 004.MONTAJE DE RECONECTADORES TRIFASICO SEGÚN MT 903-2 Air-e, incluye Vestida 3Ø red aérea tipo horizontal trifasico angulo 20°-39° a 60° 13.2kV,cruceta 2.4, Aisladero 1F 7,6 kV para transformadores en poste,Aisladero tipo cuchilla 3Ø 13,2 kV para red aérea en poste, DPS tipo línea 15 kV 12 MCOV. | D90: ='PPTO RESUMEN'!H64 -> 5706504.7 | AD90: =1/2 -> 0.5 | AE90: =AD90 -> 0.5 | BI90: =SUM(M91:AZ91)-D90 -> 0
AD91: =AD90*$D90 -> 2853252.4 | AE91: =AE90*$D90 -> 2853252.4
A92: Suministro e instalacion de vestida de poste EPP 005.SISTEMA DE MEDIA COMPACTO SEGÚN ICE -38 AIR-E, incluye Vestida para sistema de medida compacto según N.T ICE-38 Air-e, DPS tipo línea 15 kV 12 MCOV, Transformador de corriente 17kV, 50/5A, Cl 0.5s, 5VA tipo exterior, Transformador de tensión 17kV, 13200/V3/120/V3, Cl 0.5, 10VA, Ganinete de medida IP 66 y 2 MEDIDORES METCOM TRIFASICO CLASE 0.2S 1-10A | D92: ='PPTO RESUMEN'!H65 -> 47647353 | AD92: =1/2 -> 0.5 | AE92: =AD92 -> 0.5 | BI92: =SUM(M93:AZ93)-D92 -> 0
AD93: =AD92*$D92 -> 23823676 | AE93: =AE92*$D92 -> 23823676
A94: Suministro e instalacion de RETENIDA SEGÚN RT-003 AIR-E | D94: ='PPTO RESUMEN'!H66 -> 764650.61 | AD94: =1/2 -> 0.5 | AE94: =AD94 -> 0.5 | BI94: =SUM(M95:AZ95)-D94 -> 0
AD95: =AD94*$D94 -> 382325.31 | AE95: =AE94*$D94 -> 382325.31
A96: EQUIPOS PRINCIPALES INSTALACION SOLAR
A97: Trazado y replanteo topografico de ejes para hincas de la estructura de soporte de modulos fotovoltaicos | D97: ='PPTO RESUMEN'!H68 -> 39150823 | U97: =1/10 -> 0.1 | V97: =U97 -> 0.1 | W97: =V97 -> 0.1 | X97: =W97 -> 0.1 | Y97: =X97 -> 0.1 | Z97: =Y97 -> 0.1 | AA97: =Z97 -> 0.1 | AB97: =AA97 -> 0.1 | AC97: =AB97 -> 0.1 | AD97: =AC97 -> 0.1 | BI97: =SUM(M98:AZ98)-D97 -> 0
U98: =U97*$D97 -> 3915082.3 | V98: =V97*$D97 -> 3915082.3 | W98: =W97*$D97 -> 3915082.3 | X98: =X97*$D97 -> 3915082.3 | Y98: =Y97*$D97 -> 3915082.3 | Z98: =Z97*$D97 -> 3915082.3 | AA98: =AA97*$D97 -> 3915082.3 | AB98: =AB97*$D97 -> 3915082.3 | ... AD98: =AD97*$D97 -> 3915082.3
A99: Concreto de 3000 psi para cimentacion hincas embebidas | D99: ='PPTO RESUMEN'!H69 -> 1.3326267e+08 | S99: =1/8 -> 0.125 | T99: =S99 -> 0.125 | U99: =T99 -> 0.125 | V99: =U99 -> 0.125 | Y99: =V99 -> 0.125 | Z99: =Y99 -> 0.125 | AA99: =Z99 -> 0.125 | AB99: =AA99 -> 0.125 | BI99: =SUM(M100:AZ100)-D99 -> 0
S100: =S99*$D99 -> 16657833 | T100: =T99*$D99 -> 16657833 | U100: =U99*$D99 -> 16657833 | V100: =V99*$D99 -> 16657833 | Y100: =Y99*$D99 -> 16657833 | Z100: =Z99*$D99 -> 16657833 | AA100: =AA99*$D99 -> 16657833 | AB100: =AB99*$D99 -> 16657833
...

Sheet APU C1
C1: REPÚBLICA DE COLOMBIA
C2: DEPARTAMENTO DE LA GUAJIRA
C3: MUNICIPIO DE BARRANCAS
A5: FORMATO DE ANÁLISIS DE PRECIOS UNITARIOS
A6: ELABORÓ: | B6: OFICINA ASESORA DE PLANEACIÓN | E6: VERSIÓN: | F6: APU_BAR | G6: FECHA: | H6: JUNIO - 2026
A7: PROYECTO: | B7: ='INSUMOS & EQUIPOS'!$B$6 -> CONSTRUCCIÓN DE UN SISTEMA SOLAR FOTOVOLTAICO DE GENERACIÓN DISTRIBUIDA DE 0.99 MWE ETAPA 3 PARA EL DESARROLLO SOCIOECONÓMICO DEL MUNICIPIO DE BARRANCAS, EN EL DEPARTAMENTO DE LA GUAJIRA - BARRANCAS III
A9: DATOS ESPECIFICOS DE ANÁLISIS DE PRECIOS UNITARIOS
A11: =+#REF! -> #REF!
A13: ÍTEM | B13: DESCRIPCIÓN | H13: UNIDAD
A14: =+'PPTO RESUMEN'!C18 -> 1.1 | B14: =VLOOKUP(A14,'PPTO RESUMEN'!$C$17:$E$83,2,FALSE) -> Localizacion, trazado y replanteo | H14: =VLOOKUP(A14,'PPTO RESUMEN'!$C$17:$E$83,3,FALSE) -> m2
B16: I. MATERIALES
A17: ÍTEM | B17: DESCRIPCIÓN | D17: UNIDAD | E17: CANTIDAD | F17: DESPERDICIO % | G17: VALOR UNIT | H17: VALOR PARCIAL
A18: ='INSUMOS & EQUIPOS'!B29 -> MAT2411020 | B18: ='INSUMOS & EQUIPOS'!C29 -> ESTACA DE MADERA | D18: =VLOOKUP(B18,'INSUMOS & EQUIPOS'!$C$10:$E$419,2,FALSE) -> UND | E18: 0.25272499 | F18: 0.05 | G18: =VLOOKUP(B18,'INSUMOS & EQUIPOS'!$C$10:$E$419,3,FALSE) -> 4054.05 | H18: =E18*G18*(1+F18) -> 1075.7878
A19: ='INSUMOS & EQUIPOS'!B30 -> MAT2411021 | B19: ='INSUMOS & EQUIPOS'!C30 -> LIENZA NYLON /100 ml | D19: =VLOOKUP(B19,'INSUMOS & EQUIPOS'!$C$10:$E$419,2,FALSE) -> UND | E19: =1/100 -> 0.01 | F19: 0.05 | G19: =VLOOKUP(B19,'INSUMOS & EQUIPOS'!$C$10:$E$419,3,FALSE) -> 21850.29 | H19: =E19*G19*(1+F19) -> 229.42804
A20: ='INSUMOS & EQUIPOS'!B31 -> MAT2411022 | B20: ='INSUMOS & EQUIPOS'!C31 -> PUNTILLA 2 1/2" X 11 CC | D20: =VLOOKUP(B20,'INSUMOS & EQUIPOS'!$C$10:$E$419,2,FALSE) -> LB | E20: =1/100 -> 0.01 | F20: 0.05 | G20: =VLOOKUP(B20,'INSUMOS & EQUIPOS'!$C$10:$E$419,3,FALSE) -> 6260.2815 | H20: =E20*G20*(1+F20) -> 65.732956
A21: ='INSUMOS & EQUIPOS'!B32 -> MAT2411023 | B21: ='INSUMOS & EQUIPOS'!C32 -> PINTURA EN AEROSOL ROJO | D21: =VLOOKUP(B21,'INSUMOS & EQUIPOS'!$C$10:$E$419,2,FALSE) -> UND | E21: =1/100 -> 0.01 | F21: 0.05 | G21: =VLOOKUP(B21,'INSUMOS & EQUIPOS'!$C$10:$E$419,3,FALSE) -> 14990 | H21: =E21*G21*(1+F21) -> 157.395
A22: ='INSUMOS & EQUIPOS'!B21 -> MAT2411012 | B22: ='INSUMOS & EQUIPOS'!C21 -> CAL | D22: =VLOOKUP(B22,'INSUMOS & EQUIPOS'!$C$10:$E$419,2,FALSE) -> KG | E22: =1/20 -> 0.05 | F22: 0.05 | G22: =VLOOKUP(B22,'INSUMOS & EQUIPOS'!$C$10:$E$419,3,FALSE) -> 908.9496 | H22: =E22*G22*(1+F22) -> 47.719854
G23: SUB-TOTAL MATERIALES | H23: =SUM(H18:H22) -> 1576.0636
A25: ÍTEM | B25: II. EQUIPOS
B26: DESCRIPCIÓN | E26: UNIDAD | F26: CANTIDAD | G26: VALOR UNIT | H26: VALOR PARCIAL
B27: HERRAMIENTA MENOR (% VR. MANO DE OBRA) | E27: % | F27: 0.05 | G27: =H45 -> 1573.2271 | H27: =F27*G27 -> 78.661354
A28: ='INSUMOS & EQUIPOS'!B321 -> EQUI2411004 | B28: ='INSUMOS & EQUIPOS'!C321 -> EQUIPO DE TOPOGRAFÍA | E28: =VLOOKUP(B28,'INSUMOS & EQUIPOS'!$C$10:$E$419,2,FALSE) -> MES | F28: =1/4000 -> 0.00025 | G28: =VLOOKUP(B28,'INSUMOS & EQUIPOS'!$C$10:$E$419,3,FALSE) -> 3948750 | H28: =F28*G28 -> 987.1875
G32: SUB-TOTAL EQUIPOS | H32: =SUM(H27:H31) -> 1065.8489
B34: III. TRANSPORTE
A35: ITEM: | B35: DESCRIPCIÓN | D35: UNIDAD | E35: DISTANCIA | F35: VOL - CANT | G35: TARIFA | H35: VALOR PARCIAL
A36: ='INSUMOS & EQUIPOS'!B411 -> TRANS241104 | B36: ='INSUMOS & EQUIPOS'!C411 -> TRANSPORTE DE MATERIALES | D36: =VLOOKUP(B36,'INSUMOS & EQUIPOS'!$C$10:$E$419,2,FALSE) -> % | F36: 0.05 | G36: =H23 -> 1576.0636 | H36: =F36*G36 -> 78.80318
G39: SUB-TOTAL TRANSPORTE | H39: =SUM(H36:H38) -> 78.80318
B41: IV. MANO DE OBRA
A42: ITEM: | B42: CUADRILLA | E42: UNIDAD | F42: CANTIDAD | G42: VALOR UNIT | H42: VALOR PARCIAL
A43: ='INSUMOS & EQUIPOS'!B403 -> MO241122 | B43: ='INSUMOS & EQUIPOS'!C403 -> TOPÓGRAFO | E43: =VLOOKUP(B43,'INSUMOS & EQUIPOS'!$C$10:$E$419,2,FALSE) -> MES | F43: =F28 -> 0.00025 | G43: =VLOOKUP(B43,'INSUMOS & EQUIPOS'!$C$10:$E$419,3,FALSE) -> 4026656 | H43: =F43*G43 -> 1006.664
A44: ='INSUMOS & EQUIPOS'!B404 -> MO241123 | B44: ='INSUMOS & EQUIPOS'!C404 -> CADENERO 1 | E44: =VLOOKUP(B44,'INSUMOS & EQUIPOS'!$C$10:$E$419,2,FALSE) -> MES | F44: =F43 -> 0.00025 | G44: =VLOOKUP(B44,'INSUMOS & EQUIPOS'!$C$10:$E$419,3,FALSE) -> 2266252.3 | H44: =F44*G44 -> 566.56308
G45: SUB-TOTAL MANO DE OBRA | H45: =SUM(H43:H44) -> 1573.2271
A47: TOTAL COSTO DIRECTO | H47: =H45+H39+H32+H23 -> 4293.9427
A49: NOTA: Los valores unitarios de los siguientes insumos se han fijado tomando como base los costos de referencia adoptados por Municipio de Barrancas, Departamento de la Guajira.
C53: REPÚBLICA DE COLOMBIA
C54: DEPARTAMENTO DE LA GUAJIRA
C55: MUNICIPIO DE BARRANCAS
A57: FORMATO DE ANÁLISIS DE PRECIOS UNITARIOS
A58: ELABORÓ: | B58: OFICINA ASESORA DE PLANEACIÓN | E58: VERSIÓN: | F58: APU_BAR | G58: FECHA: | H58: JUNIO - 2026
A59: PROYECTO: | B59: ='INSUMOS & EQUIPOS'!$B$6 -> CONSTRUCCIÓN DE UN SISTEMA SOLAR FOTOVOLTAICO DE GENERACIÓN DISTRIBUIDA DE 0.99 MWE ETAPA 3 PARA EL DESARROLLO SOCIOECONÓMICO DEL MUNICIPIO DE BARRANCAS, EN EL DEPARTAMENTO DE LA GUAJIRA - BARRANCAS III
A61: DATOS ESPECIFICOS DE ANÁLISIS DE PRECIOS UNITARIOS
A63: ='PPTO RESUMEN'!$D$17 -> OBRAS PRELIMINARES
A65: ÍTEM | B65: DESCRIPCIÓN | H65: UNIDAD
A66: =+'PPTO RESUMEN'!C19 -> 1.2 | B66: =VLOOKUP(A66,'PPTO RESUMEN'!$C$17:$E$83,2,FALSE) -> Limpieza y descapote del terreno (tala de árboles, desbroce de maleza, y retiro de material vegetal. | H66: =VLOOKUP(A66,'PPTO RESUMEN'!$C$17:$E$83,3,FALSE) -> m2
B68: I. MATERIALES
A69: ÍTEM | B69: DESCRIPCIÓN | D69: UNIDAD | E69: CANTIDAD | F69: DESPERDICIO % | G69: VALOR UNIT | H69: VALOR PARCIAL
A70: ='INSUMOS & EQUIPOS'!B414 -> TRANS241107 | B70: ='INSUMOS & EQUIPOS'!C414 -> DERECHO DE EXPLOTACIÓN Y/O DISPOSICIÓN DE MATERIALES | D70: =VLOOKUP(B70,'INSUMOS & EQUIPOS'!$C$10:$E$419,2,FALSE) -> M3 | E70: =(1.1*1*0.2) -> 0.22 | F70: 0.05 | G70: =VLOOKUP(B70,'INSUMOS & EQUIPOS'!$C$10:$E$419,3,FALSE) -> 8346.8639 | H70: =E70*G70*(1+F70) -> 1928.1256
G75: SUB-TOTAL MATERIALES | H75: =SUM(H70:H74) -> 1928.1256
A77: ÍTEM | B77: II. EQUIPOS
B78: DESCRIPCIÓN | E78: UNIDAD | F78: CANTIDAD | G78: VALOR UNIT | H78: VALOR PARCIAL
B79: HERRAMIENTA MENOR (% VR. MANO DE OBRA) | E79: % | F79: 0.05 | G79: =H102 -> 1666.8188 | H79: =F79*G79 -> 83.340941
A80: ='INSUMOS & EQUIPOS'!B348 -> C0010822 | B80: ='INSUMOS & EQUIPOS'!C348 -> RETROEXCAVADORA SOBRE LLANTAS, MOTOR 62HP, PROFUNDIDAD DE EXCAVACIÓN DE 5.41 METROS | E80: =VLOOKUP(B80,'INSUMOS & EQUIPOS'!$C$10:$E$419,2,FALSE) -> HM | F80: =1/20 -> 0.05 | G80: =VLOOKUP(B80,'INSUMOS & EQUIPOS'!$C$10:$E$419,3,FALSE) -> 200070 | H80: =F80*G80 -> 10003.5
A81: ='INSUMOS & EQUIPOS'!B350 -> C0010610 | B81: ='INSUMOS & EQUIPOS'!C350 -> MOTONIVELADORA POTENCIA 215 HP, ANCHO DE CUCHILLA 4,27 M, PESO 18 TON | E81: =VLOOKUP(B81,'INSUMOS & EQUIPOS'!$C$10:$E$419,2,FALSE) -> HM | F81: =F80 -> 0.05 | G81: =VLOOKUP(B81,'INSUMOS & EQUIPOS'!$C$10:$E$419,3,FALSE) -> 272680.67 | H81: =F81*G81 -> 13634.033
A82: ='INSUMOS & EQUIPOS'!B351 -> C0010052 | B82: ='INSUMOS & EQUIPOS'!C351 -> BULLDOZER, POTENCIA AL VOLANTE DE 140 HP, MOTOR DE 2200 RPM, LONGITUD DE HOJA 4,80M | E82: =VLOOKUP(B82,'INSUMOS & EQUIPOS'!$C$10:$E$419,2,FALSE) -> HM | F82: =1/50 -> 0.02 | G82: =VLOOKUP(B82,'INSUMOS & EQUIPOS'!$C$10:$E$419,3,FALSE) -> 228058.74 | H82: =F82*G82 -> 4561.1748
A83: ='INSUMOS & EQUIPOS'!B352 -> C0010180 | B83: ='INSUMOS & EQUIPOS'!C352 -> VIBROCOMPACTADOR, POTENCIA 153 HP, PESO 10 TON | E83: =VLOOKUP(B83,'INSUMOS & EQUIPOS'!$C$10:$E$419,2,FALSE) -> HM | F83: =F81 -> 0.05 | G83: =VLOOKUP(B83,'INSUMOS & EQUIPOS'!$C$10:$E$419,3,FALSE) -> 269410.05 | H83: =F83*G83 -> 13470.503
G85: SUB-TOTAL EQUIPOS | H85: =SUM(H79:H84) -> 41752.552
B87: III. TRANSPORTE
A88: ITEM: | B88: DESCRIPCIÓN | D88: UNIDAD | E88: DISTANCIA | F88: VOL - CANT | G88: TARIFA | H88: VALOR PARCIAL
A89: ='INSUMOS & EQUIPOS'!B408 -> TRANS241101 | B89: ='INSUMOS & EQUIPOS'!C408 -> TRANSPORTE DE MATERIAL PROVENIENTE DE EXCAVACIÓN | D89: =VLOOKUP(B89,'INSUMOS & EQUIPOS'!$C$10:$E$419,2,FALSE) -> M3-KM | E89: 20 | F89: =(1.1*1*0.2)*1.05 -> 0.231 | G89: =VLOOKUP(B89,'INSUMOS & EQUIPOS'!$C$10:$E$419,3,FALSE) -> 1866.969 | H89: =(E89*F89)*G89 -> 8625.3968
G94: SUB-TOTAL TRANSPORTE | H94: =SUM(H89:H93) -> 8625.3968
B96: IV. MANO DE OBRA
A97: ITEM: | B97: CUADRILLA | E97: UNIDAD | F97: CANTIDAD | G97: VALOR UNIT | H97: VALOR PARCIAL
A98: ='INSUMOS & EQUIPOS'!B382 -> MO241101 | B98: ='INSUMOS & EQUIPOS'!C382 -> CUADRILLA "AA" (Albañileria) | E98: =VLOOKUP(B98,'INSUMOS & EQUIPOS'!$C$10:$E$419,2,FALSE) -> HC | F98: =1/30 -> 0.033333333 | G98: =VLOOKUP(B98,'INSUMOS & EQUIPOS'!$C$10:$E$419,3,FALSE) -> 50004.565 | H98: =F98*G98 -> 1666.8188
G102: SUB-TOTAL MANO DE OBRA | H102: =SUM(H98:H101) -> 1666.8188
A104: TOTAL COSTO DIRECTO | H104: =H102+H94+H85+H75 -> 53972.893
A106: NOTA: Los valores unitarios de los siguientes insumos se han fijado tomando como base los costos de referencia adoptados por Municipio de Barrancas, Departamento de la Guajira.
C109: REPÚBLICA DE COLOMBIA
C110: DEPARTAMENTO DE LA GUAJIRA
C111: MUNICIPIO DE BARRANCAS
A113: FORMATO DE ANÁLISIS DE PRECIOS UNITARIOS
A114: ELABORÓ: | B114: OFICINA ASESORA DE PLANEACIÓN | E114: VERSIÓN: | F114: APU_BAR | G114: FECHA: | H114: JUNIO - 2026
A115: PROYECTO: | B115: ='INSUMOS & EQUIPOS'!$B$6 -> CONSTRUCCIÓN DE UN SISTEMA SOLAR FOTOVOLTAICO DE GENERACIÓN DISTRIBUIDA DE 0.99 MWE ETAPA 3 PARA EL DESARROLLO SOCIOECONÓMICO DEL MUNICIPIO DE BARRANCAS, EN EL DEPARTAMENTO DE LA GUAJIRA - BARRANCAS III
A117: DATOS ESPECIFICOS DE ANÁLISIS DE PRECIOS UNITARIOS
A119: ='PPTO RESUMEN'!$D$17 -> OBRAS PRELIMINARES
A121: ÍTEM | B121: DESCRIPCIÓN | H121: UNIDAD
A122: =+'PPTO RESUMEN'!C20 -> 1.3 | B122: =VLOOKUP(A122,'PPTO RESUMEN'!$C$17:$E$83,2,FALSE) -> Instalación y adecuacion de campamento y almacen de equipos y herramientas | H122: =VLOOKUP(A122,'PPTO RESUMEN'!$C$17:$E$83,3,FALSE) -> glb
B124: I. MATERIALES
A125: ÍTEM | B125: DESCRIPCIÓN | D125: UNIDAD | E125: CANTIDAD | F125: DESPERDICIO % | G125: VALOR UNIT | H125: VALOR PARCIAL
A126: ='INSUMOS & EQUIPOS'!B36 -> MAT2411027 | B126: ='INSUMOS & EQUIPOS'!C36 -> LÁMINAS DE ZINC 2,44 M | D126: =VLOOKUP(B126,'INSUMOS & EQUIPOS'!$C$10:$E$419,2,FALSE) -> UND | E126: 300 | F126: 0.05 | G126: =VLOOKUP(B126,'INSUMOS & EQUIPOS'!$C$10:$E$419,3,FALSE) -> 52800 | H126: =E126*G126*(1+F126) -> 16632000
A127: ='INSUMOS & EQUIPOS'!B37 -> MAT2411028 | B127: ='INSUMOS & EQUIPOS'!C37 -> TORNILLO AUTOPERFORANTE X 1" | D127: =VLOOKUP(B127,'INSUMOS & EQUIPOS'!$C$10:$E$419,2,FALSE) -> UND | E127: 2000 | F127: 0.05 | G127: =VLOOKUP(B127,'INSUMOS & EQUIPOS'!$C$10:$E$419,3,FALSE) -> 450 | H127: =E127*G127*(1+F127) -> 945000
A128: ='INSUMOS & EQUIPOS'!B38 -> MAT2411029 | B128: ='INSUMOS & EQUIPOS'!C38 -> DISCO DE CORTE | D128: =VLOOKUP(B128,'INSUMOS & EQUIPOS'!$C$10:$E$419,2,FALSE) -> UND | E128: 20 | F128: 0.05 | G128: =VLOOKUP(B128,'INSUMOS & EQUIPOS'!$C$10:$E$419,3,FALSE) -> 15000 | H128: =E128*G128*(1+F128) -> 315000
A129: ='INSUMOS & EQUIPOS'!B39 -> MAT2411030 | B129: ='INSUMOS & EQUIPOS'!C39 -> LISTONES DE MADERA | D129: =VLOOKUP(B129,'INSUMOS & EQUIPOS'!$C$10:$E$419,2,FALSE) -> UND | E129: 100 | F129: 0.05 | G129: =VLOOKUP(B129,'INSUMOS & EQUIPOS'!$C$10:$E$419,3,FALSE) -> 20000 | H129: =E129*G129*(1+F129) -> 2100000
A130: ='INSUMOS & EQUIPOS'!B46 -> MAT2411037 | B130: ='INSUMOS & EQUIPOS'!C46 -> PUNTILLA CON CABEZA 2 1/2” | D130: =VLOOKUP(B130,'INSUMOS & EQUIPOS'!$C$10:$E$419,2,FALSE) -> LB | E130: 10 | F130: 0.05 | G130: =VLOOKUP(B130,'INSUMOS & EQUIPOS'!$C$10:$E$419,3,FALSE) -> 6272.1945 | H130: =E130*G130*(1+F130) -> 65858.042
A131: ='INSUMOS & EQUIPOS'!B48 -> MAT2411039 | B131: ='INSUMOS & EQUIPOS'!C48 -> SOLDADURA HO E - 6011x1/8 | D131: =VLOOKUP(B131,'INSUMOS & EQUIPOS'!$C$10:$E$419,2,FALSE) -> KG | E131: 10 | F131: 0.05 | G131: =VLOOKUP(B131,'INSUMOS & EQUIPOS'!$C$10:$E$419,3,FALSE) -> 25693.2 | H131: =E131*G131*(1+F131) -> 269778.6
G132: SUB-TOTAL MATERIALES | H132: =SUM(H126:H131) -> 20327637
A134: ÍTEM | B134: II. EQUIPOS
B135: DESCRIPCIÓN | E135: UNIDAD | F135: CANTIDAD | G135: VALOR UNIT | H135: VALOR PARCIAL
B136: HERRAMIENTA MENOR (% VR. MANO DE OBRA) | E136: % | F136: 0.05 | G136: =H156 -> 8455147 | H136: =F136*G136 -> 422757.35
A137: ='INSUMOS & EQUIPOS'!B322 -> EQUI2611025 | B137: ='INSUMOS & EQUIPOS'!C322 -> EQUIPO DE SOLDADURA 400 AMP | E137: =VLOOKUP(B137,'INSUMOS & EQUIPOS'!$C$10:$E$419,2,FALSE) -> DÍA | F137: 12 | G137: =VLOOKUP(B137,'INSUMOS & EQUIPOS'!$C$10:$E$419,3,FALSE) -> 173458.37 | H137: =F137*G137 -> 2081500.5
A138: ='INSUMOS & EQUIPOS'!B324 -> EQUI2611027 | B138: ='INSUMOS & EQUIPOS'!C324 -> PULIDORA (8500 REV) | E138: =VLOOKUP(B138,'INSUMOS & EQUIPOS'!$C$10:$E$419,2,FALSE) -> HR | F138: =20*8 -> 160 | G138: =VLOOKUP(B138,'INSUMOS & EQUIPOS'!$C$10:$E$419,3,FALSE) -> 5333.5065 | H138: =F138*G138 -> 853361.05
A139: ='INSUMOS & EQUIPOS'!B358 -> C0011088 | B139: ='INSUMOS & EQUIPOS'!C358 -> PLANTA ELÉCTRICA MOTOGENERADOR G.P. 100 KW | E139: =VLOOKUP(B139,'INSUMOS & EQUIPOS'!$C$10:$E$419,2,FALSE) -> HR | F139: 16 | G139: =VLOOKUP(B139,'INSUMOS & EQUIPOS'!$C$10:$E$419,3,FALSE) -> 75727.286 | H139: =F139*G139 -> 1211636.6
A140: ='INSUMOS & EQUIPOS'!B353 -> EQUI2411013 | B140: ='INSUMOS & EQUIPOS'!C353 -> MINICARGADOR 61 HP - TIPO BOBCAT | E140: =VLOOKUP(B140,'INSUMOS & EQUIPOS'!$C$10:$E$419,2,FALSE) -> HM | F140: 8 | G140: =VLOOKUP(B140,'INSUMOS & EQUIPOS'!$C$10:$E$419,3,FALSE) -> 101298.6 | H140: =F140*G140 -> 810388.8
G141: SUB-TOTAL EQUIPOS | H141: =SUM(H136:H140) -> 5379644.2
B143: III. TRANSPORTE
A144: ITEM: | B144: DESCRIPCIÓN | D144: UNIDAD | E144: DISTANCIA | F144: VOL - CANT | G144: TARIFA | H144: VALOR PARCIAL
A145: ='INSUMOS & EQUIPOS'!B411 -> TRANS241104 | B145: ='INSUMOS & EQUIPOS'!C411 -> TRANSPORTE DE MATERIALES | D145: =VLOOKUP(B145,'INSUMOS & EQUIPOS'!$C$10:$E$419,2,FALSE) -> % | F145: 0.1 | G145: =H132 -> 20327637 | H145: =F145*G145 -> 2032763.7
G148: SUB-TOTAL TRANSPORTE | H148: =SUM(H145:H147) -> 2032763.7
B150: IV. MANO DE OBRA
A151: ITEM: | B151: CUADRILLA | E151: UNIDAD | F151: CANTIDAD | G151: VALOR UNIT | H151: VALOR PARCIAL
A152: ='INSUMOS & EQUIPOS'!B382 -> MO241101 | B152: ='INSUMOS & EQUIPOS'!C382 -> CUADRILLA "AA" (Albañileria) | E152: HC | F152: 60 | G152: =VLOOKUP(B152,'INSUMOS & EQUIPOS'!$C$10:$E$419,3,FALSE) -> 50004.565 | H152: =F152*G152 -> 3000273.9
...

Sheet MEM CAP 1
B2: REPUBLICA DE COLOMBIA
B3: DEPARTAMENTO DE LA GUAJIRA
B4: MUNICIPIO DE BARRANCAS
B5: OFICINA ASESORA DE PLANEACION
B7: CONSTRUCCIÓN DE UN SISTEMA SOLAR FOTOVOLTAICO DE GENERACIÓN DISTRIBUIDA DE 0.99 MWE PARA EL DESARROLLO SOCIOECONÓMICO DEL MUNICIPIO DE BARRANCAS, EN EL DEPARTAMENTO DE LA GUAJIRA - BARRANCAS III
B9: MEMORIA DE CANTIDADES
B12: ='PPTO RESUMEN'!C18 -> 1.1 | C12: =VLOOKUP(B12,'PPTO RESUMEN'!$C$17:$E$83,2) -> Localizacion, trazado y replanteo | N12: UNIDAD | O12: =VLOOKUP(B12,'PPTO RESUMEN'!$C$17:$E$83,3) -> m2
B13: No. | C13: CONCEPTO | D13: DIMENSIONES | G13: VOLUMEN / AREA | H13: CANT | I13: UNIDAD | J13: TOTAL | K13: ESQUEMA
D14: LARGO | E14: ALTO | F14: ANCHO
C15: Area total del terreno | G15: 11803.7 | H15: 1 | I15: m2 | J15: =G15 -> 11803.7
B32: TOTAL | J32: =ROUND(SUM(J15:J31),1) -> 11803.7
B33: OBSERVACIONES: 1. El resultado está redondeado a 1 decimal * Area lote tomada de autocad
B37: REPUBLICA DE COLOMBIA
B38: DEPARTAMENTO DE LA GUAJIRA
B39: MUNICIPIO DE BARRANCAS
B40: OFICINA ASESORA DE PLANEACION
B42: =+B7 -> CONSTRUCCIÓN DE UN SISTEMA SOLAR FOTOVOLTAICO DE GENERACIÓN DISTRIBUIDA DE 0.99 MWE PARA EL DESARROLLO SOCIOECONÓMICO DEL MUNICIPIO DE BARRANCAS, EN EL DEPARTAMENTO DE LA GUAJIRA - BARRANCAS III
B44: MEMORIA DE CANTIDADES
B47: 1.2 | C47: =VLOOKUP(B47,'PPTO RESUMEN'!$C$17:$E$83,2) -> Limpieza y descapote del terreno (tala de árboles, desbroce de maleza, y retiro de material vegetal. | N47: UNIDAD | O47: =VLOOKUP(B47,'PPTO RESUMEN'!$C$17:$E$83,3) -> m2
B48: No. | C48: CONCEPTO | D48: DIMENSIONES | G48: VOLUMEN / AREA | H48: CANT | I48: UNIDAD | J48: TOTAL | K48: ESQUEMA
D49: LARGO | E49: ALTO | F49: ANCHO
C50: Area total del terreno | G50: 11803.7 | H50: 1 | I50: m2 | J50: =G50 -> 11803.7
B67: TOTAL | J67: =ROUND(SUM(J50:J66),1) -> 11803.7
B68: OBSERVACIONES: 1. El resultado está redondeado a 1 decimal * Area lote tomada de autocad
B72: REPUBLICA DE COLOMBIA
B73: DEPARTAMENTO DE LA GUAJIRA
B74: MUNICIPIO DE BARRANCAS
B75: OFICINA ASESORA DE PLANEACION
B77: =+B42 -> CONSTRUCCIÓN DE UN SISTEMA SOLAR FOTOVOLTAICO DE GENERACIÓN DISTRIBUIDA DE 0.99 MWE PARA EL DESARROLLO SOCIOECONÓMICO DEL MUNICIPIO DE BARRANCAS, EN EL DEPARTAMENTO DE LA GUAJIRA - BARRANCAS III
B79: MEMORIA DE CANTIDADES
B82: =+'PPTO RESUMEN'!C20 -> 1.3 | C82: =VLOOKUP(B82,'PPTO RESUMEN'!$C$17:$E$83,2) -> Instalación y adecuacion de campamento y almacen de equipos y herramientas | N82: UNIDAD | O82: =VLOOKUP(B82,'PPTO RESUMEN'!$C$17:$E$83,3) -> glb
B83: No. | C83: CONCEPTO | D83: DIMENSIONES | G83: VOLUMEN / AREA | H83: CANT | I83: UNIDAD | J83: TOTAL | K83: ESQUEMA
D84: LARGO | E84: ALTO | F84: ANCHO
C85: Campamento | H85: 1 | J85: 1
B102: TOTAL | J102: =ROUND(SUM(J85:J101),1) -> 1
B103: OBSERVACIONES:

Sheet APU C2
C1: REPÚBLICA DE COLOMBIA
C2: DEPARTAMENTO DE LA GUAJIRA
C3: MUNICIPIO DE BARRANCAS
A5: FORMATO DE ANÁLISIS DE PRECIOS UNITARIOS
A6: ELABORÓ: | B6: OFICINA ASESORA DE PLANEACIÓN | E6: VERSIÓN: | F6: APU_BAR | G6: FECHA: | H6: JUNIO - 2026
A7: PROYECTO: | B7: ='INSUMOS & EQUIPOS'!$B$6 -> CONSTRUCCIÓN DE UN SISTEMA SOLAR FOTOVOLTAICO DE GENERACIÓN DISTRIBUIDA DE 0.99 MWE ETAPA 3 PARA EL DESARROLLO SOCIOECONÓMICO DEL MUNICIPIO DE BARRANCAS, EN EL DEPARTAMENTO DE LA GUAJIRA - BARRANCAS III
A9: DATOS ESPECIFICOS DE ANÁLISIS DE PRECIOS UNITARIOS
A11: ='PPTO RESUMEN'!$D$21 -> MOVIMIENTOS DE TIERRA Y ADECUACION DEL TERRENO
A13: ÍTEM | B13: DESCRIPCIÓN | H13: UNIDAD
A14: ='PPTO RESUMEN'!C22 -> 2.1 | B14: =VLOOKUP(A14,'PPTO RESUMEN'!$C$17:$E$83,2,FALSE) -> Corte y nivelacion del terreno. Incluye cargue y transporte | H14: =VLOOKUP(A14,'PPTO RESUMEN'!$C$17:$E$83,3,FALSE) -> m3
B16: I. MATERIALES
A17: ÍTEM | B17: DESCRIPCIÓN | D17: UNIDAD | E17: CANTIDAD | F17: DESPERDICIO % | G17: VALOR UNIT | H17: VALOR PARCIAL
A18: ='INSUMOS & EQUIPOS'!B414 -> TRANS241107 | B18: ='INSUMOS & EQUIPOS'!C414 -> DERECHO DE EXPLOTACIÓN Y/O DISPOSICIÓN DE MATERIALES | D18: =VLOOKUP(B18,'INSUMOS & EQUIPOS'!$C$10:$E$419,2,FALSE) -> M3 | E18: 1 | F18: 0.05 | G18: =VLOOKUP(B18,'INSUMOS & EQUIPOS'!$C$10:$E$419,3,FALSE) -> 8346.8639 | H18: =E18*G18*(1+F18) -> 8764.2071
G23: SUB-TOTAL MATERIALES | H23: =SUM(H18:H22) -> 8764.2071
A25: ÍTEM | B25: II. EQUIPOS
B26: DESCRIPCIÓN | E26: UNIDAD | F26: CANTIDAD | G26: VALOR UNIT | H26: VALOR PARCIAL
B27: HERRAMIENTA MENOR (% VR. MANO DE OBRA) | E27: % | F27: 0.05 | G27: =H50 -> 1666.8188 | H27: =F27*G27 -> 83.340941
A28: ='INSUMOS & EQUIPOS'!B348 -> C0010822 | B28: ='INSUMOS & EQUIPOS'!C348 -> RETROEXCAVADORA SOBRE LLANTAS, MOTOR 62HP, PROFUNDIDAD DE EXCAVACIÓN DE 5.41 METROS | E28: =VLOOKUP(B28,'INSUMOS & EQUIPOS'!$C$10:$E$419,2,FALSE) -> HM | F28: =1/25 -> 0.04 | G28: =VLOOKUP(B28,'INSUMOS & EQUIPOS'!$C$10:$E$419,3,FALSE) -> 200070 | H28: =F28*G28 -> 8002.8
A29: ='INSUMOS & EQUIPOS'!B350 -> C0010610 | B29: ='INSUMOS & EQUIPOS'!C350 -> MOTONIVELADORA POTENCIA 215 HP, ANCHO DE CUCHILLA 4,27 M, PESO 18 TON | E29: =VLOOKUP(B29,'INSUMOS & EQUIPOS'!$C$10:$E$419,2,FALSE) -> HM | F29: =F28 -> 0.04 | G29: =VLOOKUP(B29,'INSUMOS & EQUIPOS'!$C$10:$E$419,3,FALSE) -> 272680.67 | H29: =F29*G29 -> 10907.227
A30: ='INSUMOS & EQUIPOS'!B351 -> C0010052 | B30: ='INSUMOS & EQUIPOS'!C351 -> BULLDOZER, POTENCIA AL VOLANTE DE 140 HP, MOTOR DE 2200 RPM, LONGITUD DE HOJA 4,80M | E30: =VLOOKUP(B30,'INSUMOS & EQUIPOS'!$C$10:$E$419,2,FALSE) -> HM | F30: =1/50 -> 0.02 | G30: =VLOOKUP(B30,'INSUMOS & EQUIPOS'!$C$10:$E$419,3,FALSE) -> 228058.74 | H30: =F30*G30 -> 4561.1748
A31: ='INSUMOS & EQUIPOS'!B352 -> C0010180 | B31: ='INSUMOS & EQUIPOS'!C352 -> VIBROCOMPACTADOR, POTENCIA 153 HP, PESO 10 TON | E31: =VLOOKUP(B31,'INSUMOS & EQUIPOS'!$C$10:$E$419,2,FALSE) -> HM | F31: =F29 -> 0.04 | G31: =VLOOKUP(B31,'INSUMOS & EQUIPOS'!$C$10:$E$419,3,FALSE) -> 269410.05 | H31: =F31*G31 -> 10776.402
G33: SUB-TOTAL EQUIPOS | H33: =SUM(H27:H32) -> 34330.944
B35: III. TRANSPORTE
A36: ITEM: | B36: DESCRIPCIÓN | D36: UNIDAD | E36: DISTANCIA | F36: VOL - CANT | G36: TARIFA | H36: VALOR PARCIAL
A37: ='INSUMOS & EQUIPOS'!B408 -> TRANS241101 | B37: ='INSUMOS & EQUIPOS'!C408 -> TRANSPORTE DE MATERIAL PROVENIENTE DE EXCAVACIÓN | D37: =VLOOKUP(B37,'INSUMOS & EQUIPOS'!$C$10:$E$419,2,FALSE) -> M3-KM | E37: 20 | F37: =(1)*1.05 -> 1.05 | G37: =VLOOKUP(B37,'INSUMOS & EQUIPOS'!$C$10:$E$419,3,FALSE) -> 1866.969 | H37: =(E37*F37)*G37 -> 39206.349
G42: SUB-TOTAL TRANSPORTE | H42: =SUM(H37:H41) -> 39206.349
B44: IV. MANO DE OBRA
A45: ITEM: | B45: CUADRILLA | E45: UNIDAD | F45: CANTIDAD | G45: VALOR UNIT | H45: VALOR PARCIAL
A46: ='INSUMOS & EQUIPOS'!B382 -> MO241101 | B46: ='INSUMOS & EQUIPOS'!C382 -> CUADRILLA "AA" (Albañileria) | E46: =VLOOKUP(B46,'INSUMOS & EQUIPOS'!$C$10:$E$419,2,FALSE) -> HC | F46: =1/30 -> 0.033333333 | G46: =VLOOKUP(B46,'INSUMOS & EQUIPOS'!$C$10:$E$419,3,FALSE) -> 50004.565 | H46: =F46*G46 -> 1666.8188
G50: SUB-TOTAL MANO DE OBRA | H50: =SUM(H46:H49) -> 1666.8188
A52: TOTAL COSTO DIRECTO | H52: =H50+H42+H33+H23 -> 83968.319
A54: NOTA: Los valores unitarios de los siguientes insumos se han fijado tomando como base los costos de referencia adoptados por Municipio de Barrancas, Departamento de la Guajira.
C57: REPÚBLICA DE COLOMBIA
C58: DEPARTAMENTO DE LA GUAJIRA
C59: MUNICIPIO DE BARRANCAS
A61: FORMATO DE ANÁLISIS DE PRECIOS UNITARIOS
A62: ELABORÓ: | B62: OFICINA ASESORA DE PLANEACIÓN | E62: VERSIÓN: | F62: APU_BAR | G62: FECHA: | H62: JUNIO - 2026
A63: PROYECTO: | B63: ='INSUMOS & EQUIPOS'!$B$6 -> CONSTRUCCIÓN DE UN SISTEMA SOLAR FOTOVOLTAICO DE GENERACIÓN DISTRIBUIDA DE 0.99 MWE ETAPA 3 PARA EL DESARROLLO SOCIOECONÓMICO DEL MUNICIPIO DE BARRANCAS, EN EL DEPARTAMENTO DE LA GUAJIRA - BARRANCAS III
A65: DATOS ESPECIFICOS DE ANÁLISIS DE PRECIOS UNITARIOS
A67: =+A11 -> MOVIMIENTOS DE TIERRA Y ADECUACION DEL TERRENO
A69: ÍTEM | B69: DESCRIPCIÓN | H69: UNIDAD
A70: =+'PPTO RESUMEN'!C23 -> 2.2 | B70: =VLOOKUP(A70,'PPTO RESUMEN'!$C$17:$E$83,2,FALSE) -> Excavación sin clasificar de la explanación, canales y préstamos. | H70: M3
B72: I. MATERIALES
A73: ÍTEM | B73: DESCRIPCIÓN | D73: UNIDAD | E73: CANTIDAD | F73: DESPERDICIO % | G73: VALOR UNIT | H73: VALOR PARCIAL
G79: SUB-TOTAL MATERIALES | H79: =SUM(H74:H78) -> 0
A81: ÍTEM | B81: II. EQUIPOS
B82: DESCRIPCIÓN | E82: UNIDAD | F82: CANTIDAD | G82: VALOR UNIT | H82: VALOR PARCIAL
B83: HERRAMIENTA MENOR (% VR. MANO DE OBRA) | E83: % | F83: 0.05 | G83: =H106 -> 1666.8188 | H83: =F83*G83 -> 83.340941
A84: ='INSUMOS & EQUIPOS'!B348 -> C0010822 | B84: ='INSUMOS & EQUIPOS'!C348 -> RETROEXCAVADORA SOBRE LLANTAS, MOTOR 62HP, PROFUNDIDAD DE EXCAVACIÓN DE 5.41 METROS | E84: =VLOOKUP(B84,'INSUMOS & EQUIPOS'!$C$10:$E$419,2,FALSE) -> HM | F84: =1/27 -> 0.037037037 | G84: =VLOOKUP(B84,'INSUMOS & EQUIPOS'!$C$10:$E$419,3,FALSE) -> 200070 | H84: =F84*G84 -> 7410
A85: ='INSUMOS & EQUIPOS'!B350 -> C0010610 | B85: ='INSUMOS & EQUIPOS'!C350 -> MOTONIVELADORA POTENCIA 215 HP, ANCHO DE CUCHILLA 4,27 M, PESO 18 TON | E85: =VLOOKUP(B85,'INSUMOS & EQUIPOS'!$C$10:$E$419,2,FALSE) -> HM | F85: =F84 -> 0.037037037 | G85: =VLOOKUP(B85,'INSUMOS & EQUIPOS'!$C$10:$E$419,3,FALSE) -> 272680.67 | H85: =F85*G85 -> 10099.284
A86: ='INSUMOS & EQUIPOS'!B351 -> C0010052 | B86: ='INSUMOS & EQUIPOS'!C351 -> BULLDOZER, POTENCIA AL VOLANTE DE 140 HP, MOTOR DE 2200 RPM, LONGITUD DE HOJA 4,80M | E86: =VLOOKUP(B86,'INSUMOS & EQUIPOS'!$C$10:$E$419,2,FALSE) -> HM | F86: =1/55 -> 0.018181818 | G86: =VLOOKUP(B86,'INSUMOS & EQUIPOS'!$C$10:$E$419,3,FALSE) -> 228058.74 | H86: =F86*G86 -> 4146.5225
A87: ='INSUMOS & EQUIPOS'!B352 -> C0010180 | B87: ='INSUMOS & EQUIPOS'!C352 -> VIBROCOMPACTADOR, POTENCIA 153 HP, PESO 10 TON | E87: =VLOOKUP(B87,'INSUMOS & EQUIPOS'!$C$10:$E$419,2,FALSE) -> HM | F87: =F85 -> 0.037037037 | G87: =VLOOKUP(B87,'INSUMOS & EQUIPOS'!$C$10:$E$419,3,FALSE) -> 269410.05 | H87: =F87*G87 -> 9978.15
G89: SUB-TOTAL EQUIPOS | H89: =SUM(H83:H88) -> 31717.297
B91: III. TRANSPORTE
A92: ITEM: | B92: DESCRIPCIÓN | D92: UNIDAD | E92: DISTANCIA | F92: VOL - CANT | G92: TARIFA | H92: VALOR PARCIAL
A93: ='INSUMOS & EQUIPOS'!B408 -> TRANS241101 | B93: ='INSUMOS & EQUIPOS'!C408 -> TRANSPORTE DE MATERIAL PROVENIENTE DE EXCAVACIÓN | D93: =VLOOKUP(B93,'INSUMOS & EQUIPOS'!$C$10:$E$419,2,FALSE) -> M3-KM | E93: 2 | F93: 1.1 | G93: =VLOOKUP(B93,'INSUMOS & EQUIPOS'!$C$10:$E$419,3,FALSE) -> 1866.969 | H93: =(E93*F93)*G93 -> 4107.3318
G98: SUB-TOTAL TRANSPORTE | H98: =SUM(H93:H97) -> 4107.3318
B100: IV. MANO DE OBRA
A101: ITEM: | B101: CUADRILLA | E101: UNIDAD | F101: CANTIDAD | G101: VALOR UNIT | H101: VALOR PARCIAL
A102: ='INSUMOS & EQUIPOS'!B382 -> MO241101 | B102: ='INSUMOS & EQUIPOS'!C382 -> CUADRILLA "AA" (Albañileria) | E102: =VLOOKUP(B102,'INSUMOS & EQUIPOS'!$C$10:$E$419,2,FALSE) -> HC | F102: =1/30 -> 0.033333333 | G102: =VLOOKUP(B102,'INSUMOS & EQUIPOS'!$C$10:$E$419,3,FALSE) -> 50004.565 | H102: =F102*G102 -> 1666.8188
G106: SUB-TOTAL MANO DE OBRA | H106: =SUM(H102:H105) -> 1666.8188
A108: TOTAL COSTO DIRECTO | H108: =H106+H98+H89+H79 -> 37491.448
A110: NOTA: Los valores unitarios de los siguientes insumos se han fijado tomando como base los costos de referencia adoptados por Municipio de Barrancas, Departamento de la Guajira.
C113: REPÚBLICA DE COLOMBIA
C114: DEPARTAMENTO DE LA GUAJIRA
C115: MUNICIPIO DE BARRANCAS
A117: FORMATO DE ANÁLISIS DE PRECIOS UNITARIOS
A118: ELABORÓ: | B118: OFICINA ASESORA DE PLANEACIÓN | E118: VERSIÓN: | F118: APU_BAR | G118: FECHA: | H118: JUNIO - 2026
A119: PROYECTO: | B119: ='INSUMOS & EQUIPOS'!$B$6 -> CONSTRUCCIÓN DE UN SISTEMA SOLAR FOTOVOLTAICO DE GENERACIÓN DISTRIBUIDA DE 0.99 MWE ETAPA 3 PARA EL DESARROLLO SOCIOECONÓMICO DEL MUNICIPIO DE BARRANCAS, EN EL DEPARTAMENTO DE LA GUAJIRA - BARRANCAS III
A121: DATOS ESPECIFICOS DE ANÁLISIS DE PRECIOS UNITARIOS
A123: ='PPTO RESUMEN'!$D$21 -> MOVIMIENTOS DE TIERRA Y ADECUACION DEL TERRENO
A125: ÍTEM | B125: DESCRIPCIÓN | H125: UNIDAD
A126: =+'PPTO RESUMEN'!C24 -> 2.3 | B126: =VLOOKUP(A126,'PPTO RESUMEN'!$C$17:$E$83,2,FALSE) -> Suministro, colocacion y compactacion de relleno seleccionado | H126: =VLOOKUP(A126,'PPTO RESUMEN'!$C$17:$E$83,3,FALSE) -> m3
B128: I. MATERIALES
A129: ÍTEM | B129: DESCRIPCIÓN | D129: UNIDAD | E129: CANTIDAD | F129: DESPERDICIO % | G129: VALOR UNIT | H129: VALOR PARCIAL
A130: ='INSUMOS & EQUIPOS'!B25 -> MAT2411016 | B130: ='INSUMOS & EQUIPOS'!C25 -> RELLENO SELECCIONADO DE CANTERA | D130: =VLOOKUP(B130,'INSUMOS & EQUIPOS'!$C$10:$E$419,2,FALSE) -> M3 | E130: 1 | F130: 0.05 | G130: =VLOOKUP(B130,'INSUMOS & EQUIPOS'!$C$10:$E$419,3,FALSE) -> 67392 | H130: =E130*G130*(1+F130) -> 70761.6
A131: ='INSUMOS & EQUIPOS'!B13 -> MAT2411004 | B131: ='INSUMOS & EQUIPOS'!C13 -> AGUA | D131: =VLOOKUP(B131,'INSUMOS & EQUIPOS'!$C$10:$E$419,2,FALSE) -> LT | E131: 30 | F131: 0.05 | G131: =VLOOKUP(B131,'INSUMOS & EQUIPOS'!$C$10:$E$419,3,FALSE) -> 105.3 | H131: =E131*G131*(1+F131) -> 3316.95
G134: SUB-TOTAL MATERIALES | H134: =SUM(H130:H133) -> 74078.55
A136: ÍTEM | B136: II. EQUIPOS
B137: DESCRIPCIÓN | E137: UNIDAD | F137: CANTIDAD | G137: VALOR UNIT | H137: VALOR PARCIAL
B138: HERRAMIENTA MENOR (% VR. MANO DE OBRA) | E138: % | F138: 0.05 | G138: =H158 -> 10000.913 | H138: =F138*G138 -> 500.04565
A139: ='INSUMOS & EQUIPOS'!B352 -> C0010180 | B139: ='INSUMOS & EQUIPOS'!C352 -> VIBROCOMPACTADOR, POTENCIA 153 HP, PESO 10 TON | E139: =VLOOKUP(B139,'INSUMOS & EQUIPOS'!$C$10:$E$419,2,FALSE) -> HM | F139: =1/20 -> 0.05 | G139: =VLOOKUP(B139,'INSUMOS & EQUIPOS'!$C$10:$E$419,3,FALSE) -> 269410.05 | H139: =F139*G139 -> 13470.503
A140: ='INSUMOS & EQUIPOS'!B353 -> EQUI2411013 | B140: ='INSUMOS & EQUIPOS'!C353 -> MINICARGADOR 61 HP - TIPO BOBCAT | E140: =VLOOKUP(B140,'INSUMOS & EQUIPOS'!$C$10:$E$419,2,FALSE) -> HM | F140: =1/20 -> 0.05 | G140: =VLOOKUP(B140,'INSUMOS & EQUIPOS'!$C$10:$E$419,3,FALSE) -> 101298.6 | H140: =F140*G140 -> 5064.93
A141: ='INSUMOS & EQUIPOS'!B316 -> EQUI2411001 | B141: ='INSUMOS & EQUIPOS'!C316 -> CARROTANQUE DE AGUA (1000 GALONES) | E141: =VLOOKUP(B141,'INSUMOS & EQUIPOS'!$C$10:$E$419,2,FALSE) -> HR | F141: =1/20 -> 0.05 | G141: =VLOOKUP(B141,'INSUMOS & EQUIPOS'!$C$10:$E$419,3,FALSE) -> 107321.76 | H141: =F141*G141 -> 5366.088
A142: ='INSUMOS & EQUIPOS'!B350 -> C0010610 | B142: ='INSUMOS & EQUIPOS'!C350 -> MOTONIVELADORA POTENCIA 215 HP, ANCHO DE CUCHILLA 4,27 M, PESO 18 TON | E142: =VLOOKUP(B142,'INSUMOS & EQUIPOS'!$C$10:$E$419,2,FALSE) -> HM | F142: =1/20 -> 0.05 | G142: =VLOOKUP(B142,'INSUMOS & EQUIPOS'!$C$10:$E$419,3,FALSE) -> 272680.67 | H142: =F142*G142 -> 13634.033
G143: SUB-TOTAL EQUIPOS | H143: =SUM(H138:H142) -> 38035.6
B145: III. TRANSPORTE
A146: ITEM: | B146: DESCRIPCIÓN | D146: UNIDAD | E146: DISTANCIA | F146: VOL - CANT | G146: TARIFA | H146: VALOR PARCIAL
A147: ='INSUMOS & EQUIPOS'!B409 -> TRANS241102 | B147: ='INSUMOS & EQUIPOS'!C409 -> TRANSPORTE DE MATERIAL AGREGADO (TRITURADO, SUBBASE, RELLENO Y ARENA) | D147: =VLOOKUP(B147,'INSUMOS & EQUIPOS'!$C$10:$E$419,2,FALSE) -> M3-KM | E147: ='APUS BASICOS'!$G$7 -> 43.6 | F147: =E130*1.05 -> 1.05 | G147: =VLOOKUP(B147,'INSUMOS & EQUIPOS'!$C$10:$E$419,3,FALSE) -> 1866.969 | H147: =(E147*F147)*G147 -> 85469.841
G150: SUB-TOTAL TRANSPORTE | H150: =SUM(H147:H149) -> 85469.841
B152: IV. MANO DE OBRA
A153: ITEM: | B153: CUADRILLA | E153: UNIDAD | F153: CANTIDAD | G153: VALOR UNIT | H153: VALOR PARCIAL
A154: ='INSUMOS & EQUIPOS'!B382 -> MO241101 | B154: ='INSUMOS & EQUIPOS'!C382 -> CUADRILLA "AA" (Albañileria) | E154: =VLOOKUP(B154,'INSUMOS & EQUIPOS'!$C$10:$E$419,2,FALSE) -> HC | F154: 0.2 | G154: =VLOOKUP(B154,'INSUMOS & EQUIPOS'!$C$10:$E$419,3,FALSE) -> 50004.565 | H154: =F154*G154 -> 10000.913
G158: SUB-TOTAL MANO DE OBRA | H158: =SUM(H154:H157) -> 10000.913
A160: TOTAL COSTO DIRECTO | H160: =H158+H150+H143+H134 -> 207584.9
A162: NOTA: Los valores unitarios de los siguientes insumos se han fijado tomando como base los costos de referencia adoptados por Municipio de Barrancas, Departamento de la Guajira.

Sheet MEM CAP 2
B2: REPUBLICA DE COLOMBIA
B3: DEPARTAMENTO DE LA GUAJIRA
B4: MUNICIPIO DE BARRANCAS
B5: OFICINA ASESORA DE PLANEACION
B7: CONSTRUCCIÓN DE UN SISTEMA SOLAR FOTOVOLTAICO DE GENERACIÓN DISTRIBUIDA DE 0.99 MWE PARA EL DESARROLLO SOCIOECONÓMICO DEL MUNICIPIO DE BARRANCAS, EN EL DEPARTAMENTO DE LA GUAJIRA - BARRANCAS III
B9: MEMORIA DE CANTIDADES
B12: =+'PPTO RESUMEN'!C22 -> 2.1 | C12: =VLOOKUP(B12,'PPTO RESUMEN'!$C$17:$E$83,2) -> Corte y nivelacion del terreno. Incluye cargue y transporte | N12: UNIDAD | O12: =VLOOKUP(B12,'PPTO RESUMEN'!$C$17:$E$83,3) -> m3
B13: No. | C13: CONCEPTO | D13: DIMENSIONES | G13: VOLUMEN / AREA | H13: Altura | I13: UNIDAD | J13: TOTAL | K13: ESQUEMA
D14: LARGO | E14: ALTO | F14: ANCHO
C15: Area total del terreno | G15: 11803.7 | H15: 0.2 | I15: =+'PPTO RESUMEN'!E22 -> m3 | J15: =+H15*G15 -> 2360.74
B32: TOTAL | J32: =ROUND(SUM(J15:J31),1) -> 2360.7
B33: OBSERVACIONES: 1. El resultado está redondeado a 1 decimal * Area lote tomada de autocad
B37: REPUBLICA DE COLOMBIA
B38: DEPARTAMENTO DE LA GUAJIRA
B39: MUNICIPIO DE BARRANCAS
B40: OFICINA ASESORA DE PLANEACION
B42: =+B7 -> CONSTRUCCIÓN DE UN SISTEMA SOLAR FOTOVOLTAICO DE GENERACIÓN DISTRIBUIDA DE 0.99 MWE PARA EL DESARROLLO SOCIOECONÓMICO DEL MUNICIPIO DE BARRANCAS, EN EL DEPARTAMENTO DE LA GUAJIRA - BARRANCAS III
B44: MEMORIA DE CANTIDADES
B47: =+'PPTO RESUMEN'!C23 -> 2.2 | C47: =VLOOKUP(B47,'PPTO RESUMEN'!$C$17:$E$83,2) -> Excavación sin clasificar de la explanación, canales y préstamos. | N47: UNIDAD | O47: =VLOOKUP(B47,'PPTO RESUMEN'!$C$17:$E$83,3) -> m3
B48: No. | C48: CONCEPTO | D48: DIMENSIONES | G48: VOLUMEN / AREA | H48: CANT | I48: UNIDAD | J48: TOTAL | K48: ESQUEMA
D49: LARGO | E49: ALTO | F49: ANCHO
C50: Volumen corte total del terreno | G50: 27695.714 | H50: 3 | I50: m3 | J50: =+G50/3 -> 9231.9047
B67: TOTAL | J67: =ROUND(SUM(J50:J66),1) -> 9231.9
B68: OBSERVACIONES: 1. El resultado está redondeado a 1 decimal * Area lote tomada de autocad
B72: REPUBLICA DE COLOMBIA
B73: DEPARTAMENTO DE LA GUAJIRA
B74: MUNICIPIO DE BARRANCAS
B75: OFICINA ASESORA DE PLANEACION
B77: =+B42 -> CONSTRUCCIÓN DE UN SISTEMA SOLAR FOTOVOLTAICO DE GENERACIÓN DISTRIBUIDA DE 0.99 MWE PARA EL DESARROLLO SOCIOECONÓMICO DEL MUNICIPIO DE BARRANCAS, EN EL DEPARTAMENTO DE LA GUAJIRA - BARRANCAS III
B79: MEMORIA DE CANTIDADES
B82: =+'PPTO RESUMEN'!C24 -> 2.3 | C82: =VLOOKUP(B82,'PPTO RESUMEN'!$C$17:$E$83,2) -> Suministro, colocacion y compactacion de relleno seleccionado | N82: UNIDAD | O82: =VLOOKUP(B82,'PPTO RESUMEN'!$C$17:$E$83,3) -> m3
B83: No. | C83: CONCEPTO | D83: DIMENSIONES | G83: VOLUMEN / AREA | H83: CANT | I83: UNIDAD | J83: TOTAL | K83: ESQUEMA
D84: LARGO | E84: ALTO | F84: ANCHO
C85: Volumen relleno total del terreno | G85: 18283.695 | H85: 3 | I85: m3 | J85: =+G85/3 -> 6094.565
B102: TOTAL | J102: =ROUND(SUM(J85:J101),1) -> 6094.6
B103: OBSERVACIONES:

Sheet APU C3
C1: REPÚBLICA DE COLOMBIA
C2: DEPARTAMENTO DE LA GUAJIRA
C3: MUNICIPIO DE BARRANCAS
A5: FORMATO DE ANÁLISIS DE PRECIOS UNITARIOS
A6: ELABORÓ: | B6: OFICINA ASESORA DE PLANEACIÓN | E6: VERSIÓN: | F6: APU_BAR | G6: FECHA: | H6: JUNIO - 2026
A7: PROYECTO: | B7: ='INSUMOS & EQUIPOS'!$B$6 -> CONSTRUCCIÓN DE UN SISTEMA SOLAR FOTOVOLTAICO DE GENERACIÓN DISTRIBUIDA DE 0.99 MWE ETAPA 3 PARA EL DESARROLLO SOCIOECONÓMICO DEL MUNICIPIO DE BARRANCAS, EN EL DEPARTAMENTO DE LA GUAJIRA - BARRANCAS III
A9: DATOS ESPECIFICOS DE ANÁLISIS DE PRECIOS UNITARIOS
A11: ='PPTO RESUMEN'!$D$25 -> CERRAMIENTO PERIMETRAL
A13: ÍTEM | B13: DESCRIPCIÓN | H13: UNIDAD
A14: =+'PPTO RESUMEN'!C26 -> 3.1 | B14: =VLOOKUP(A14,'PPTO RESUMEN'!$C$17:$E$83,2,FALSE) -> Suministro e instalación de cerramiento perimetral en malla eslabonada de alta seguridad, incluye: excavación, cimentación en dados de concreto de 21 MPA, postes tubulares galvanizados en caliente, brazos inclinados, alambre de púas, accesorios de fijación y todo lo necesario para su correcta ejecución y entrega a satisfacción. | H14: ML
B16: I. MATERIALES
A17: ÍTEM | B17: DESCRIPCIÓN | D17: UNIDAD | E17: CANTIDAD | F17: DESPERDICIO % | G17: VALOR UNIT | H17: VALOR PARCIAL
A18: ='INSUMOS & EQUIPOS'!B174 -> MAT2411165 | B18: ='INSUMOS & EQUIPOS'!C174 -> TUBERÍA DE ACERO GALVANIZADO EN CALIENTE DE 2" - 1,50 MM | D18: =VLOOKUP(B18,'INSUMOS & EQUIPOS'!$C$10:$E$419,2,FALSE) -> ML | E18: 2 | F18: 0.05 | G18: =VLOOKUP(B18,'INSUMOS & EQUIPOS'!$C$10:$E$419,3,FALSE) -> 18180 | H18: =E18*G18*(1+F18) -> 38178
A19: ='INSUMOS & EQUIPOS'!B175 -> MAT2411166 | B19: ='INSUMOS & EQUIPOS'!C175 -> MALLA ESLABONADA GALVANIZADA CAL. 10 | D19: =VLOOKUP(B19,'INSUMOS & EQUIPOS'!$C$10:$E$419,2,FALSE) -> M2 | E19: 2 | F19: 0.05 | G19: =VLOOKUP(B19,'INSUMOS & EQUIPOS'!$C$10:$E$419,3,FALSE) -> 26700 | H19: =E19*G19*(1+F19) -> 56070
A20: ='INSUMOS & EQUIPOS'!B176 -> MAT2411167 | B20: ='INSUMOS & EQUIPOS'!C176 -> ALAMBRE DE PÚAS GALVANIZADO CAL. 16.5 | D20: =VLOOKUP(B20,'INSUMOS & EQUIPOS'!$C$10:$E$419,2,FALSE) -> ML | E20: 4 | F20: 0.05 | G20: =VLOOKUP(B20,'INSUMOS & EQUIPOS'!$C$10:$E$419,3,FALSE) -> 1453.14 | H20: =E20*G20*(1+F20) -> 6103.188
A21: ='INSUMOS & EQUIPOS'!B177 -> MAT2411168 | B21: ='INSUMOS & EQUIPOS'!C177 -> ALAMBRE DE TENSIÓN GALVANIZADO CAL. 12 | D21: =VLOOKUP(B21,'INSUMOS & EQUIPOS'!$C$10:$E$419,2,FALSE) -> KG | E21: 4 | F21: 0.05 | G21: =VLOOKUP(B21,'INSUMOS & EQUIPOS'!$C$10:$E$419,3,FALSE) -> 14280 | H21: =E21*G21*(1+F21) -> 59976
A22: ='INSUMOS & EQUIPOS'!B178 -> MAT2411169 | B22: ='INSUMOS & EQUIPOS'!C178 -> TAPÓN METÁLICO 60 MM | D22: =VLOOKUP(B22,'INSUMOS & EQUIPOS'!$C$10:$E$419,2,FALSE) -> UND | E22: 1 | G22: =VLOOKUP(B22,'INSUMOS & EQUIPOS'!$C$10:$E$419,3,FALSE) -> 4500 | H22: =E22*G22*(1+F22) -> 4500
A23: ='INSUMOS & EQUIPOS'!B179 -> MAT2411170 | B23: ='INSUMOS & EQUIPOS'!C179 -> ACCESORIOS DE FIJACIÓN: HEBILLAS, TENSORES (BOCAS DE LOBO) | D23: =VLOOKUP(B23,'INSUMOS & EQUIPOS'!$C$10:$E$419,2,FALSE) -> UND | E23: 2 | G23: =VLOOKUP(B23,'INSUMOS & EQUIPOS'!$C$10:$E$419,3,FALSE) -> 77880 | H23: =E23*G23*(1+F23) -> 155760
A24: ='INSUMOS & EQUIPOS'!B180 -> MAT2411171 | B24: ='INSUMOS & EQUIPOS'!C180 -> CINTAS BANDIT DE 3/8" ROLLO DE 30 MTS | D24: =VLOOKUP(B24,'INSUMOS & EQUIPOS'!$C$10:$E$419,2,FALSE) -> UND | E24: =1/30 -> 0.033333333 | F24: 0.05 | G24: =VLOOKUP(B24,'INSUMOS & EQUIPOS'!$C$10:$E$419,3,FALSE) -> 96000 | H24: =E24*G24*(1+F24) -> 3360
A25: ='INSUMOS & EQUIPOS'!B181 -> MAT2411172 | B25: ='INSUMOS & EQUIPOS'!C181 -> PLATINAS DE TENSIÓN, TORNILLERÍA GALVANIZADA | D25: =VLOOKUP(B25,'INSUMOS & EQUIPOS'!$C$10:$E$419,2,FALSE) -> UND | E25: 1 | F25: 0.05 | G25: =VLOOKUP(B25,'INSUMOS & EQUIPOS'!$C$10:$E$419,3,FALSE) -> 10680 | H25: =E25*G25*(1+F25) -> 11214
A26: ='INSUMOS & EQUIPOS'!B182 -> MAT2411173 | B26: ='INSUMOS & EQUIPOS'!C185 -> PINTURA DE PROTECCIÓN TIPO ESMALTE PINTULUX 3 EN 1 MATE O SIMILAR. | D26: =VLOOKUP(B26,'INSUMOS & EQUIPOS'!$C$10:$E$419,2,FALSE) -> GALÓN | E26: =1/40 -> 0.025 | F26: 0.05 | G26: =VLOOKUP(B26,'INSUMOS & EQUIPOS'!$C$10:$E$419,3,FALSE) -> 164400 | H26: =E26*G26*(1+F26) -> 4315.5
A27: ='INSUMOS & EQUIPOS'!B48 -> MAT2411039 | B27: ='INSUMOS & EQUIPOS'!C48 -> SOLDADURA HO E - 6011x1/8 | D27: =VLOOKUP(B27,'INSUMOS & EQUIPOS'!$C$10:$E$419,2,FALSE) -> KG | E27: 1 | F27: 0.05 | G27: =VLOOKUP(B27,'INSUMOS & EQUIPOS'!$C$10:$E$419,3,FALSE) -> 25693.2 | H27: =E27*G27*(1+F27) -> 26977.86
A28: BASICO04 | B28: ='APUS BASICOS'!D66 -> CONCRETO 3.000 PSI HECHO EN OBRA | D28: M3 | E28: =(0.7*0.3*0.3)*1.15 -> 0.07245 | F28: 0.05 | G28: ='APUS BASICOS'!F66 -> 722181.28 | H28: =E28*G28*(1+F28) -> 54938.135
G29: SUB-TOTAL MATERIALES | H29: =SUM(H18:H28) -> 421392.68
A31: ÍTEM | B31: II. EQUIPOS
B32: DESCRIPCIÓN | E32: UNIDAD | F32: CANTIDAD | G32: VALOR UNIT | H32: VALOR PARCIAL
B33: HERRAMIENTA MENOR (% VR. MANO DE OBRA) | E33: % | F33: 0.1 | G33: =H56 -> 368208.62 | H33: =F33*G33 -> 36820.862
A34: ='INSUMOS & EQUIPOS'!B339 -> C0010120 | B34: ='INSUMOS & EQUIPOS'!C365 -> HOYADORA POWER GASOLINA 2.8 HP | E34: =VLOOKUP(B34,'INSUMOS & EQUIPOS'!$C$10:$E$419,2,FALSE) -> DÍA | F34: =1/30 -> 0.033333333 | G34: =VLOOKUP(B34,'INSUMOS & EQUIPOS'!$C$10:$E$419,3,FALSE) -> 48000 | H34: =F34*G34 -> 1600
A35: ='INSUMOS & EQUIPOS'!B353 -> EQUI2411013 | B35: ='INSUMOS & EQUIPOS'!C366 -> TENSADOR DE MALLA | E35: =VLOOKUP(B35,'INSUMOS & EQUIPOS'!$C$10:$E$419,2,FALSE) -> DÍA | F35: =1/30 -> 0.033333333 | G35: =VLOOKUP(B35,'INSUMOS & EQUIPOS'!$C$10:$E$419,3,FALSE) -> 6240 | H35: =F35*G35 -> 208
A36: ='INSUMOS & EQUIPOS'!B354 -> C0010250 | B36: ='INSUMOS & EQUIPOS'!C367 -> ANDAMIOS TUBULARES COMPLETOS | E36: =VLOOKUP(B36,'INSUMOS & EQUIPOS'!$C$10:$E$419,2,FALSE) -> DÍA | F36: =1/20 -> 0.05 | G36: =VLOOKUP(B36,'INSUMOS & EQUIPOS'!$C$10:$E$419,3,FALSE) -> 23000 | H36: =F36*G36 -> 1150
A37: ='INSUMOS & EQUIPOS'!B355 -> C0010290 | B37: ='INSUMOS & EQUIPOS'!C318 -> EQUIPO DE PINTURA (COMPRESOR). PRESIÓN MÁXIMA DE TRABAJO 7 HP | E37: =VLOOKUP(B37,'INSUMOS & EQUIPOS'!$C$10:$E$419,2,FALSE) -> HR | F37: =1/30 -> 0.033333333 | G37: =VLOOKUP(B37,'INSUMOS & EQUIPOS'!$C$10:$E$419,3,FALSE) -> 28682.82 | H37: =F37*G37 -> 956.09399
A38: ='INSUMOS & EQUIPOS'!B356 -> C0010295 | B38: ='INSUMOS & EQUIPOS'!C322 -> EQUIPO DE SOLDADURA 400 AMP | E38: =VLOOKUP(B38,'INSUMOS & EQUIPOS'!$C$10:$E$419,2,FALSE) -> DÍA | F38: =1/30 -> 0.033333333 | G38: =VLOOKUP(B38,'INSUMOS & EQUIPOS'!$C$10:$E$419,3,FALSE) -> 173458.37 | H38: =F38*G38 -> 5781.9457
A39: ='INSUMOS & EQUIPOS'!B357 -> C0011055 | B39: ='INSUMOS & EQUIPOS'!C323 -> EQUIPO DE OXICORTE Y SOLDADURA, CAPACIDAD DE CORTE 6"-14" | E39: =VLOOKUP(B39,'INSUMOS & EQUIPOS'!$C$10:$E$419,2,FALSE) -> HR | F39: =1/30 -> 0.033333333 | G39: =VLOOKUP(B39,'INSUMOS & EQUIPOS'!$C$10:$E$419,3,FALSE) -> 20871.298 | H39: =F39*G39 -> 695.70994
G40: SUB-TOTAL EQUIPOS | H40: =SUM(H33:H39) -> 47212.612
B42: III. TRANSPORTE
A43: ITEM: | B43: DESCRIPCIÓN | D43: UNIDAD | E43: DISTANCIA | F43: VOL - CANT | G43: TARIFA | H43: VALOR PARCIAL
A44: ='INSUMOS & EQUIPOS'!B412 -> TRANS241105 | B44: ='INSUMOS & EQUIPOS'!C411 -> TRANSPORTE DE MATERIALES | D44: =VLOOKUP(B44,'INSUMOS & EQUIPOS'!$C$10:$E$419,2,FALSE) -> % | F44: 0.05 | G44: =H29 -> 421392.68 | H44: =F44*G44 -> 21069.634
G47: SUB-TOTAL TRANSPORTE | H47: =SUM(H44:H46) -> 21069.634
B49: IV. MANO DE OBRA
A50: ITEM: | B50: CUADRILLA | E50: UNIDAD | F50: CANTIDAD | G50: VALOR UNIT | H50: VALOR PARCIAL
A51: ='INSUMOS & EQUIPOS'!B382 -> MO241101 | B51: ='INSUMOS & EQUIPOS'!C382 -> CUADRILLA "AA" (Albañileria) | E51: =VLOOKUP(B51,'INSUMOS & EQUIPOS'!$C$10:$E$419,2,FALSE) -> HC | F51: 3 | G51: =VLOOKUP(B51,'INSUMOS & EQUIPOS'!$C$10:$E$419,3,FALSE) -> 50004.565 | H51: =F51*G51 -> 150013.69
A52: ='INSUMOS & EQUIPOS'!B383 -> MO241102 | B52: ='INSUMOS & EQUIPOS'!C383 -> CUADRILLA "BB" (Instalaciones) | E52: =VLOOKUP(B52,'INSUMOS & EQUIPOS'!$C$10:$E$419,2,FALSE) -> HC | F52: 4 | G52: =VLOOKUP(B52,'INSUMOS & EQUIPOS'!$C$10:$E$419,3,FALSE) -> 54548.731 | H52: =F52*G52 -> 218194.93
G56: SUB-TOTAL MANO DE OBRA | H56: =SUM(H51:H55) -> 368208.62
A58: TOTAL COSTO DIRECTO | H58: =H56+H47+H40+H29 -> 857883.55
A59: NOTA: Los valores unitarios de los siguientes insumos se han fijado tomando como base los costos de referencia adoptados por Municipio de Barrancas, Departamento de la Guajira.
C60: REPÚBLICA DE COLOMBIA
C61: DEPARTAMENTO DE LA GUAJIRA
C62: MUNICIPIO DE BARRANCAS
A64: FORMATO DE ANÁLISIS DE PRECIOS UNITARIOS
A65: ELABORÓ: | B65: OFICINA ASESORA DE PLANEACIÓN | E65: VERSIÓN: | F65: APU_BAR | G65: FECHA: | H65: JUNIO - 2026
A66: PROYECTO: | B66: ='INSUMOS & EQUIPOS'!$B$6 -> CONSTRUCCIÓN DE UN SISTEMA SOLAR FOTOVOLTAICO DE GENERACIÓN DISTRIBUIDA DE 0.99 MWE ETAPA 3 PARA EL DESARROLLO SOCIOECONÓMICO DEL MUNICIPIO DE BARRANCAS, EN EL DEPARTAMENTO DE LA GUAJIRA - BARRANCAS III
A68: DATOS ESPECIFICOS DE ANÁLISIS DE PRECIOS UNITARIOS
A70: ='PPTO RESUMEN'!$D$25 -> CERRAMIENTO PERIMETRAL
A72: ÍTEM | B72: DESCRIPCIÓN | H72: UNIDAD
A73: =+'PPTO RESUMEN'!C27 -> 3.2 | B73: =VLOOKUP(A73,'PPTO RESUMEN'!$C$17:$E$83,2,FALSE) -> Suministro e instalación de portón vehicular de doble hoja en tubería galvanizada y malla eslabonada, según diseño. Incluye: parales principales, cerrojos de seguridad, accesorios de sujeción, pintura de retoque en soldaduras y todo lo necesario para su entrega a satisfacción. | H73: UND
B75: I. MATERIALES
A76: ÍTEM | B76: DESCRIPCIÓN | D76: UNIDAD | E76: CANTIDAD | F76: DESPERDICIO % | G76: VALOR UNIT | H76: VALOR PARCIAL
A77: ='INSUMOS & EQUIPOS'!B174 -> MAT2411165 | B77: ='INSUMOS & EQUIPOS'!C174 -> TUBERÍA DE ACERO GALVANIZADO EN CALIENTE DE 2" - 1,50 MM | D77: =VLOOKUP(B77,'INSUMOS & EQUIPOS'!$C$10:$E$419,2,FALSE) -> ML | E77: =8*2.5 -> 20 | F77: 0.05 | G77: =VLOOKUP(B77,'INSUMOS & EQUIPOS'!$C$10:$E$419,3,FALSE) -> 18180 | H77: =E77*G77*(1+F77) -> 381780
A78: ='INSUMOS & EQUIPOS'!B182 -> MAT2411173 | B78: ='INSUMOS & EQUIPOS'!C182 -> TUBERÍA DE ACERO GALVANIZADO ESTRUCTURAL 2,50 MM | D78: =VLOOKUP(B78,'INSUMOS & EQUIPOS'!$C$10:$E$419,2,FALSE) -> ML | E78: 12 | F78: 0.05 | G78: =VLOOKUP(B78,'INSUMOS & EQUIPOS'!$C$10:$E$419,3,FALSE) -> 46000 | H78: =E78*G78*(1+F78) -> 579600
A79: ='INSUMOS & EQUIPOS'!B183 -> MAT2411174 | B79: ='INSUMOS & EQUIPOS'!C183 -> BISAGRAS PIVOTANTES PESADAS | D79: =VLOOKUP(B79,'INSUMOS & EQUIPOS'!$C$10:$E$419,2,FALSE) -> UND | E79: 2 | G79: =VLOOKUP(B79,'INSUMOS & EQUIPOS'!$C$10:$E$419,3,FALSE) -> 616000 | H79: =E79*G79*(1+F79) -> 1232000
A80: ='INSUMOS & EQUIPOS'!B184 -> MAT2411175 | B80: ='INSUMOS & EQUIPOS'!C184 -> SISTEMA DE CERROJO DE SEGURIDAD | D80: =VLOOKUP(B80,'INSUMOS & EQUIPOS'!$C$10:$E$419,2,FALSE) -> UND | E80: 1 | G80: =VLOOKUP(B80,'INSUMOS & EQUIPOS'!$C$10:$E$419,3,FALSE) -> 328000 | H80: =E80*G80*(1+F80) -> 328000
A81: ='INSUMOS & EQUIPOS'!B175 -> MAT2411166 | B81: ='INSUMOS & EQUIPOS'!C175 -> MALLA ESLABONADA GALVANIZADA CAL. 10 | D81: =VLOOKUP(B81,'INSUMOS & EQUIPOS'!$C$10:$E$419,2,FALSE) -> M2 | E81: =2*6 -> 12 | F81: 0.05 | G81: =VLOOKUP(B81,'INSUMOS & EQUIPOS'!$C$10:$E$419,3,FALSE) -> 26700 | H81: =E81*G81*(1+F81) -> 336420
A82: ='INSUMOS & EQUIPOS'!B176 -> MAT2411167 | B82: ='INSUMOS & EQUIPOS'!C176 -> ALAMBRE DE PÚAS GALVANIZADO CAL. 16.5 | D82: =VLOOKUP(B82,'INSUMOS & EQUIPOS'!$C$10:$E$419,2,FALSE) -> ML | E82: =6*4 -> 24 | F82: 0.05 | G82: =VLOOKUP(B82,'INSUMOS & EQUIPOS'!$C$10:$E$419,3,FALSE) -> 1453.14 | H82: =E82*G82*(1+F82) -> 36619.128
A83: ='INSUMOS & EQUIPOS'!B177 -> MAT2411168 | B83: ='INSUMOS & EQUIPOS'!C177 -> ALAMBRE DE TENSIÓN GALVANIZADO CAL. 12 | D83: =VLOOKUP(B83,'INSUMOS & EQUIPOS'!$C$10:$E$419,2,FALSE) -> KG | E83: =6*5 -> 30 | F83: 0.05 | G83: =VLOOKUP(B83,'INSUMOS & EQUIPOS'!$C$10:$E$419,3,FALSE) -> 14280 | H83: =E83*G83*(1+F83) -> 449820
A84: ='INSUMOS & EQUIPOS'!B178 -> MAT2411169 | B84: ='INSUMOS & EQUIPOS'!C178 -> TAPÓN METÁLICO 60 MM | D84: =VLOOKUP(B84,'INSUMOS & EQUIPOS'!$C$10:$E$419,2,FALSE) -> UND | E84: 6 | G84: =VLOOKUP(B84,'INSUMOS & EQUIPOS'!$C$10:$E$419,3,FALSE) -> 4500 | H84: =E84*G84*(1+F84) -> 27000
A85: ='INSUMOS & EQUIPOS'!B179 -> MAT2411170 | B85: ='INSUMOS & EQUIPOS'!C179 -> ACCESORIOS DE FIJACIÓN: HEBILLAS, TENSORES (BOCAS DE LOBO) | D85: =VLOOKUP(B85,'INSUMOS & EQUIPOS'!$C$10:$E$419,2,FALSE) -> UND | E85: 8 | G85: =VLOOKUP(B85,'INSUMOS & EQUIPOS'!$C$10:$E$419,3,FALSE) -> 77880 | H85: =E85*G85*(1+F85) -> 623040
A86: ='INSUMOS & EQUIPOS'!B180 -> MAT2411171 | B86: ='INSUMOS & EQUIPOS'!C180 -> CINTAS BANDIT DE 3/8" ROLLO DE 30 MTS | D86: =VLOOKUP(B86,'INSUMOS & EQUIPOS'!$C$10:$E$419,2,FALSE) -> UND | E86: =1/2 -> 0.5 | F86: 0.05 | G86: =VLOOKUP(B86,'INSUMOS & EQUIPOS'!$C$10:$E$419,3,FALSE) -> 96000 | H86: =E86*G86*(1+F86) -> 50400
A87: ='INSUMOS & EQUIPOS'!B181 -> MAT2411172 | B87: ='INSUMOS & EQUIPOS'!C181 -> PLATINAS DE TENSIÓN, TORNILLERÍA GALVANIZADA | D87: =VLOOKUP(B87,'INSUMOS & EQUIPOS'!$C$10:$E$419,2,FALSE) -> UND | E87: 8 | F87: 0.05 | G87: =VLOOKUP(B87,'INSUMOS & EQUIPOS'!$C$10:$E$419,3,FALSE) -> 10680 | H87: =E87*G87*(1+F87) -> 89712
A88: ='INSUMOS & EQUIPOS'!B182 -> MAT2411173 | B88: ='INSUMOS & EQUIPOS'!C185 -> PINTURA DE PROTECCIÓN TIPO ESMALTE PINTULUX 3 EN 1 MATE O SIMILAR. | D88: =VLOOKUP(B88,'INSUMOS & EQUIPOS'!$C$10:$E$419,2,FALSE) -> GALÓN | E88: =1/4 -> 0.25 | F88: 0.05 | G88: =VLOOKUP(B88,'INSUMOS & EQUIPOS'!$C$10:$E$419,3,FALSE) -> 164400 | H88: =E88*G88*(1+F88) -> 43155
A89: ='INSUMOS & EQUIPOS'!B185 -> MAT2411176 | B89: ='INSUMOS & EQUIPOS'!C48 -> SOLDADURA HO E - 6011x1/8 | D89: =VLOOKUP(B89,'INSUMOS & EQUIPOS'!$C$10:$E$419,2,FALSE) -> KG | E89: 6 | F89: 0.05 | G89: =VLOOKUP(B89,'INSUMOS & EQUIPOS'!$C$10:$E$419,3,FALSE) -> 25693.2 | H89: =E89*G89*(1+F89) -> 161867.16
A90: BASICO04 | B90: ='APUS BASICOS'!D66 -> CONCRETO 3.000 PSI HECHO EN OBRA | D90: M3 | E90: =((0.7*0.5*0.5)*1.15)*2 -> 0.4025 | F90: 0.05 | G90: ='APUS BASICOS'!F66 -> 722181.28 | H90: =E90*G90*(1+F90) -> 305211.86
G91: SUB-TOTAL MATERIALES | H91: =SUM(H77:H90) -> 4644625.2
A93: ÍTEM | B93: II. EQUIPOS
B94: DESCRIPCIÓN | E94: UNIDAD | F94: CANTIDAD | G94: VALOR UNIT | H94: VALOR PARCIAL
B95: HERRAMIENTA MENOR (% VR. MANO DE OBRA) | E95: % | F95: 0.1 | G95: =H118 -> 636408.11 | H95: =F95*G95 -> 63640.811
A96: ='INSUMOS & EQUIPOS'!B365 -> EQUI2411018 | B96: ='INSUMOS & EQUIPOS'!C365 -> HOYADORA POWER GASOLINA 2.8 HP | E96: =VLOOKUP(B96,'INSUMOS & EQUIPOS'!$C$10:$E$419,2,FALSE) -> DÍA | F96: =1/20 -> 0.05 | G96: =VLOOKUP(B96,'INSUMOS & EQUIPOS'!$C$10:$E$419,3,FALSE) -> 48000 | H96: =F96*G96 -> 2400
A97: ='INSUMOS & EQUIPOS'!B366 -> EQUI2411019 | B97: ='INSUMOS & EQUIPOS'!C366 -> TENSADOR DE MALLA | E97: =VLOOKUP(B97,'INSUMOS & EQUIPOS'!$C$10:$E$419,2,FALSE) -> DÍA | F97: =1/5 -> 0.2 | G97: =VLOOKUP(B97,'INSUMOS & EQUIPOS'!$C$10:$E$419,3,FALSE) -> 6240 | H97: =F97*G97 -> 1248
A98: ='INSUMOS & EQUIPOS'!B367 -> EQUI2411020 | B98: ='INSUMOS & EQUIPOS'!C367 -> ANDAMIOS TUBULARES COMPLETOS | E98: =VLOOKUP(B98,'INSUMOS & EQUIPOS'!$C$10:$E$419,2,FALSE) -> DÍA | F98: 1 | G98: =VLOOKUP(B98,'INSUMOS & EQUIPOS'!$C$10:$E$419,3,FALSE) -> 23000 | H98: =F98*G98 -> 23000
A99: ='INSUMOS & EQUIPOS'!B318 -> C0010350 | B99: ='INSUMOS & EQUIPOS'!C318 -> EQUIPO DE PINTURA (COMPRESOR). PRESIÓN MÁXIMA DE TRABAJO 7 HP | E99: =VLOOKUP(B99,'INSUMOS & EQUIPOS'!$C$10:$E$419,2,FALSE) -> HR | F99: 3 | G99: =VLOOKUP(B99,'INSUMOS & EQUIPOS'!$C$10:$E$419,3,FALSE) -> 28682.82 | H99: =F99*G99 -> 86048.459
A100: ='INSUMOS & EQUIPOS'!B322 -> EQUI2611025 | B100: ='INSUMOS & EQUIPOS'!C322 -> EQUIPO DE SOLDADURA 400 AMP | E100: =VLOOKUP(B100,'INSUMOS & EQUIPOS'!$C$10:$E$419,2,FALSE) -> DÍA | F100: =1/3 -> 0.33333333 | G100: =VLOOKUP(B100,'INSUMOS & EQUIPOS'!$C$10:$E$419,3,FALSE) -> 173458.37 | H100: =F100*G100 -> 57819.457
A101: ='INSUMOS & EQUIPOS'!B323 -> EQUI2611026 | B101: ='INSUMOS & EQUIPOS'!C323 -> EQUIPO DE OXICORTE Y SOLDADURA, CAPACIDAD DE CORTE 6"-14" | E101: =VLOOKUP(B101,'INSUMOS & EQUIPOS'!$C$10:$E$419,2,FALSE) -> HR | F101: 3 | G101: =VLOOKUP(B101,'INSUMOS & EQUIPOS'!$C$10:$E$419,3,FALSE) -> 20871.298 | H101: =F101*G101 -> 62613.895
G102: SUB-TOTAL EQUIPOS | H102: =SUM(H95:H101) -> 296770.62
B104: III. TRANSPORTE
A105: ITEM: | B105: DESCRIPCIÓN | D105: UNIDAD | E105: DISTANCIA | F105: VOL - CANT | G105: TARIFA | H105: VALOR PARCIAL
A106: ='INSUMOS & EQUIPOS'!B411 -> TRANS241104 | B106: ='INSUMOS & EQUIPOS'!C411 -> TRANSPORTE DE MATERIALES | D106: =VLOOKUP(B106,'INSUMOS & EQUIPOS'!$C$10:$E$419,2,FALSE) -> % | F106: 0.05 | G106: =H91 -> 4644625.2 | H106: =F106*G106 -> 232231.26
G109: SUB-TOTAL TRANSPORTE | H109: =SUM(H106:H108) -> 232231.26
B111: IV. MANO DE OBRA
A112: ITEM: | B112: CUADRILLA | E112: UNIDAD | F112: CANTIDAD | G112: VALOR UNIT | H112: VALOR PARCIAL
A113: ='INSUMOS & EQUIPOS'!B382 -> MO241101 | B113: ='INSUMOS & EQUIPOS'!C382 -> CUADRILLA "AA" (Albañileria) | E113: =VLOOKUP(B113,'INSUMOS & EQUIPOS'!$C$10:$E$419,2,FALSE) -> HC | F113: 4 | G113: =VLOOKUP(B113,'INSUMOS & EQUIPOS'!$C$10:$E$419,3,FALSE) -> 50004.565 | H113: =F113*G113 -> 200018.26
A114: ='INSUMOS & EQUIPOS'!B383 -> MO241102 | B114: ='INSUMOS & EQUIPOS'!C383 -> CUADRILLA "BB" (Instalaciones) | E114: =VLOOKUP(B114,'INSUMOS & EQUIPOS'!$C$10:$E$419,2,FALSE) -> HC | F114: 8 | G114: =VLOOKUP(B114,'INSUMOS & EQUIPOS'!$C$10:$E$419,3,FALSE) -> 54548.731 | H114: =F114*G114 -> 436389.85
G118: SUB-TOTAL MANO DE OBRA | H118: =SUM(H113:H117) -> 636408.11
A120: TOTAL COSTO DIRECTO | H120: =H118+H109+H102+H91 -> 5810035.1
A122: NOTA: Los valores unitarios de los siguientes insumos se han fijado tomando como base los costos de referencia adoptados por Municipio de Barrancas, Departamento de la Guajira.
C126: REPÚBLICA DE COLOMBIA
C127: DEPARTAMENTO DE LA GUAJIRA
C128: MUNICIPIO DE BARRANCAS
A130: FORMATO DE ANÁLISIS DE PRECIOS UNITARIOS
A131: ELABORÓ: | B131: OFICINA ASESORA DE PLANEACIÓN | E131: VERSIÓN: | F131: APU_BAR | G131: FECHA: | H131: JUNIO - 2026
A132: PROYECTO: | B132: ='INSUMOS & EQUIPOS'!$B$6 -> CONSTRUCCIÓN DE UN SISTEMA SOLAR FOTOVOLTAICO DE GENERACIÓN DISTRIBUIDA DE 0.99 MWE ETAPA 3 PARA EL DESARROLLO SOCIOECONÓMICO DEL MUNICIPIO DE BARRANCAS, EN EL DEPARTAMENTO DE LA GUAJIRA - BARRANCAS III
A134: DATOS ESPECIFICOS DE ANÁLISIS DE PRECIOS UNITARIOS
...

Sheet MEM CAP 3
B2: REPUBLICA DE COLOMBIA
B3: DEPARTAMENTO DE LA GUAJIRA
B4: MUNICIPIO DE BARRANCAS
B5: OFICINA ASESORA DE PLANEACION
B7: CONSTRUCCIÓN DE UN SISTEMA SOLAR FOTOVOLTAICO DE GENERACIÓN DISTRIBUIDA DE 0.99 MWE PARA EL DESARROLLO SOCIOECONÓMICO DEL MUNICIPIO DE BARRANCAS, EN EL DEPARTAMENTO DE LA GUAJIRA - BARRANCAS III
B9: MEMORIA DE CANTIDADES
B12: =+'PPTO RESUMEN'!C26 -> 3.1 | C12: =VLOOKUP(B12,'PPTO RESUMEN'!$C$17:$E$83,2) -> Suministro e instalación de cerramiento perimetral en malla eslabonada de alta seguridad, incluye: excavación, cimentación en dados de concreto de 21 MPA, postes tubulares galvanizados en caliente, brazos inclinados, alambre de púas, accesorios de fijación y todo lo necesario para su correcta ejecución y entrega a satisfacción. | N12: UNIDAD | O12: =VLOOKUP(B12,'PPTO RESUMEN'!$C$17:$E$83,3) -> ml
B13: No. | C13: CONCEPTO | D13: DIMENSIONES | G13: VOLUMEN / AREA | H13: Altura | I13: UNIDAD | J13: TOTAL | K13: ESQUEMA
D14: LARGO | E14: ALTO | F14: ANCHO
C15: Cerramiento | G15: 504 | H15: 1 | I15: ml | J15: =+H15*G15 -> 504
B32: TOTAL | J32: =ROUND(SUM(J15:J31),1) -> 504
B33: OBSERVACIONES: 1. El resultado está redondeado a 1 decimal * Area lote tomada de autocad
B37: REPUBLICA DE COLOMBIA
B38: DEPARTAMENTO DE LA GUAJIRA
B39: MUNICIPIO DE BARRANCAS
B40: OFICINA ASESORA DE PLANEACION
B42: =+B7 -> CONSTRUCCIÓN DE UN SISTEMA SOLAR FOTOVOLTAICO DE GENERACIÓN DISTRIBUIDA DE 0.99 MWE PARA EL DESARROLLO SOCIOECONÓMICO DEL MUNICIPIO DE BARRANCAS, EN EL DEPARTAMENTO DE LA GUAJIRA - BARRANCAS III
B44: MEMORIA DE CANTIDADES
B47: =+'PPTO RESUMEN'!C27 -> 3.2 | C47: =VLOOKUP(B47,'PPTO RESUMEN'!$C$17:$E$83,2) -> Suministro e instalación de portón vehicular de doble hoja en tubería galvanizada y malla eslabonada, según diseño. Incluye: parales principales, cerrojos de seguridad, accesorios de sujeción, pintura de retoque en soldaduras y todo lo necesario para su entrega a satisfacción. | N47: UNIDAD | O47: =VLOOKUP(B47,'PPTO RESUMEN'!$C$17:$E$83,3) -> und
B48: No. | C48: CONCEPTO | D48: DIMENSIONES | G48: VOLUMEN / AREA | H48: CANT | I48: UNIDAD | J48: TOTAL | K48: ESQUEMA
D49: LARGO | E49: ALTO | F49: ANCHO
C50: Porton | H50: 1 | I50: und | J50: =+H50 -> 1
B67: TOTAL | J67: =ROUND(SUM(J50:J66),1) -> 1
B68: OBSERVACIONES: 1. El resultado está redondeado a 1 decimal * Area lote tomada de autocad
B72: REPUBLICA DE COLOMBIA
B73: DEPARTAMENTO DE LA GUAJIRA
B74: MUNICIPIO DE BARRANCAS
B75: OFICINA ASESORA DE PLANEACION
B77: =+B42 -> CONSTRUCCIÓN DE UN SISTEMA SOLAR FOTOVOLTAICO DE GENERACIÓN DISTRIBUIDA DE 0.99 MWE PARA EL DESARROLLO SOCIOECONÓMICO DEL MUNICIPIO DE BARRANCAS, EN EL DEPARTAMENTO DE LA GUAJIRA - BARRANCAS III
B79: MEMORIA DE CANTIDADES
B82: =+'PPTO RESUMEN'!C28 -> 3.3 | C82: =VLOOKUP(B82,'PPTO RESUMEN'!$C$17:$E$83,2) -> Suministro e instalación de puerta peatonal en tubería galvanizada y malla eslabonada, según diseño. Incluye: marco, cerradura/portacandado, bisagras, fijaciones y todo lo necesario para su correcta operación. | N82: UNIDAD | O82: =VLOOKUP(B82,'PPTO RESUMEN'!$C$17:$E$83,3) -> und
B83: No. | C83: CONCEPTO | D83: DIMENSIONES | G83: VOLUMEN / AREA | H83: CANT | I83: UNIDAD | J83: TOTAL | K83: ESQUEMA
D84: LARGO | E84: ALTO | F84: ANCHO
C85: Puerta | H85: 1 | I85: und | J85: =+H85 -> 1
B102: TOTAL | J102: =ROUND(SUM(J85:J101),1) -> 1
B103: OBSERVACIONES:
B107: REPUBLICA DE COLOMBIA
B108: DEPARTAMENTO DE LA GUAJIRA
B109: MUNICIPIO DE BARRANCAS
B110: OFICINA ASESORA DE PLANEACION
B112: =+B77 -> CONSTRUCCIÓN DE UN SISTEMA SOLAR FOTOVOLTAICO DE GENERACIÓN DISTRIBUIDA DE 0.99 MWE PARA EL DESARROLLO SOCIOECONÓMICO DEL MUNICIPIO DE BARRANCAS, EN EL DEPARTAMENTO DE LA GUAJIRA - BARRANCAS III
B114: MEMORIA DE CANTIDADES
B117: =+'PPTO RESUMEN'!C29 -> 3.4 | C117: =VLOOKUP(B117,'PPTO RESUMEN'!$C$17:$E$83,2) -> Suministro e instalacion de lamparas de iluminacion tipo exterior con alimentacion autonoma. Incluye poste de 6 metros en acero galvanizado | N117: UNIDAD | O117: =VLOOKUP(B117,'PPTO RESUMEN'!$C$17:$E$83,3) -> und
B118: No. | C118: CONCEPTO | D118: DIMENSIONES | G118: VOLUMEN / AREA | H118: CANT | I118: UNIDAD | J118: TOTAL | K118: ESQUEMA
D119: LARGO | E119: ALTO | F119: ANCHO
C120: Lamparas | H120: 25 | I120: und | J120: =+H120 -> 25
B137: TOTAL | J137: =ROUND(SUM(J120:J136),1) -> 25
B138: OBSERVACIONES:

Sheet APU 4.1.
C1: REPÚBLICA DE COLOMBIA
C2: DEPARTAMENTO DE LA GUAJIRA
C3: MUNICIPIO DE BARRANCAS
A5: FORMATO DE ANÁLISIS DE PRECIOS UNITARIOS
A6: ELABORÓ: | B6: OFICINA ASESORA DE PLANEACIÓN | E6: VERSIÓN: | F6: APU_BAR | G6: FECHA: | H6: JUNIO - 2026
A7: PROYECTO: | B7: ='INSUMOS & EQUIPOS'!$B$6 -> CONSTRUCCIÓN DE UN SISTEMA SOLAR FOTOVOLTAICO DE GENERACIÓN DISTRIBUIDA DE 0.99 MWE ETAPA 3 PARA EL DESARROLLO SOCIOECONÓMICO DEL MUNICIPIO DE BARRANCAS, EN EL DEPARTAMENTO DE LA GUAJIRA - BARRANCAS III
A9: DATOS ESPECIFICOS DE ANÁLISIS DE PRECIOS UNITARIOS
A11: ='PPTO RESUMEN'!$D$30 -> OBRAS CIVILES GENERALES
A13: ÍTEM | B13: DESCRIPCIÓN | H13: UNIDAD
A14: ='PPTO RESUMEN'!C31 -> 4.1 | B14: =VLOOKUP(A14,'PPTO RESUMEN'!$C$17:$E$83,2,FALSE) -> Conformación de calzada con sub_base granular tipo invias; incluye: suministro, extendido, humedecimiento, transporte externo, transporte interno, compactación hasta una densidad del 95% de la máxima obtenida en el ensayo del próctor modificado, medido en sitio. | H14: M2
B16: I. MATERIALES
A17: ÍTEM | B17: DESCRIPCIÓN | D17: UNIDAD | E17: CANTIDAD | F17: DESPERDICIO % | G17: VALOR UNIT | H17: VALOR PARCIAL
A18: ='INSUMOS & EQUIPOS'!B24 -> MAT2411015 | B18: ='INSUMOS & EQUIPOS'!C24 -> SUBBASE GRANULAR | D18: =VLOOKUP(B18,'INSUMOS & EQUIPOS'!$C$10:$E$419,2,FALSE) -> M3 | E18: =0.2 -> 0.2 | F18: 0.05 | G18: =VLOOKUP(B18,'INSUMOS & EQUIPOS'!$C$10:$E$419,3,FALSE) -> 82134 | H18: =E18*G18*(1+F18) -> 17248.14
A19: ='INSUMOS & EQUIPOS'!B13 -> MAT2411004 | B19: ='INSUMOS & EQUIPOS'!C13 -> AGUA | D19: =VLOOKUP(B19,'INSUMOS & EQUIPOS'!$C$10:$E$419,2,FALSE) -> LT | E19: 15 | F19: 0.05 | G19: =VLOOKUP(B19,'INSUMOS & EQUIPOS'!$C$10:$E$419,3,FALSE) -> 105.3 | H19: =E19*G19*(1+F19) -> 1658.475
A20: ='INSUMOS & EQUIPOS'!B14 -> MAT2411005 | B20: ='INSUMOS & EQUIPOS'!C414 -> DERECHO DE EXPLOTACIÓN Y/O DISPOSICIÓN DE MATERIALES | D20: =VLOOKUP(B20,'INSUMOS & EQUIPOS'!$C$10:$E$419,2,FALSE) -> M3 | E20: =F36 -> 0.3 | F20: 0.05 | G20: =VLOOKUP(B20,'INSUMOS & EQUIPOS'!$C$10:$E$419,3,FALSE) -> 8346.8639 | H20: =E20*G20*(1+F20) -> 2629.2621
G22: SUB-TOTAL MATERIALES | H22: =SUM(H18:H21) -> 21535.877
A24: ÍTEM | B24: II. EQUIPOS
B25: DESCRIPCIÓN | E25: UNIDAD | F25: CANTIDAD | G25: VALOR UNIT | H25: VALOR PARCIAL
B26: HERRAMIENTA MENOR (% VR. MANO DE OBRA) | E26: % | F26: 0.05 | G26: =H46 -> 25002.282 | H26: =F26*G26 -> 1250.1141
A27: ='INSUMOS & EQUIPOS'!B359 -> C0010200 | B27: ='INSUMOS & EQUIPOS'!C352 -> VIBROCOMPACTADOR, POTENCIA 153 HP, PESO 10 TON | E27: =VLOOKUP(B27,'INSUMOS & EQUIPOS'!$C$10:$E$419,2,FALSE) -> HM | F27: =1/8 -> 0.125 | G27: =VLOOKUP(B27,'INSUMOS & EQUIPOS'!$C$10:$E$419,3,FALSE) -> 269410.05 | H27: =F27*G27 -> 33676.256
A28: ='INSUMOS & EQUIPOS'!B353 -> EQUI2411013 | B28: ='INSUMOS & EQUIPOS'!C353 -> MINICARGADOR 61 HP - TIPO BOBCAT | E28: =VLOOKUP(B28,'INSUMOS & EQUIPOS'!$C$10:$E$419,2,FALSE) -> HM | F28: =1/4 -> 0.25 | G28: =VLOOKUP(B28,'INSUMOS & EQUIPOS'!$C$10:$E$419,3,FALSE) -> 101298.6 | H28: =F28*G28 -> 25324.65
A29: ='INSUMOS & EQUIPOS'!B316 -> EQUI2411001 | B29: ='INSUMOS & EQUIPOS'!C316 -> CARROTANQUE DE AGUA (1000 GALONES) | E29: =VLOOKUP(B29,'INSUMOS & EQUIPOS'!$C$10:$E$419,2,FALSE) -> HR | F29: =1/20 -> 0.05 | G29: =VLOOKUP(B29,'INSUMOS & EQUIPOS'!$C$10:$E$419,3,FALSE) -> 107321.76 | H29: =F29*G29 -> 5366.088
A30: ='INSUMOS & EQUIPOS'!B362 -> EQUI2415015 | B30: ='INSUMOS & EQUIPOS'!C350 -> MOTONIVELADORA POTENCIA 215 HP, ANCHO DE CUCHILLA 4,27 M, PESO 18 TON | E30: =VLOOKUP(B30,'INSUMOS & EQUIPOS'!$C$10:$E$419,2,FALSE) -> HM | F30: =1/4 -> 0.25 | G30: =VLOOKUP(B30,'INSUMOS & EQUIPOS'!$C$10:$E$419,3,FALSE) -> 272680.67 | H30: =F30*G30 -> 68170.167
G31: SUB-TOTAL EQUIPOS | H31: =SUM(H26:H30) -> 133787.28
B33: III. TRANSPORTE
A34: ITEM: | B34: DESCRIPCIÓN | D34: UNIDAD | E34: DISTANCIA | F34: VOL - CANT | G34: TARIFA | H34: VALOR PARCIAL
A35: ='INSUMOS & EQUIPOS'!B409 -> TRANS241102 | B35: ='INSUMOS & EQUIPOS'!C409 -> TRANSPORTE DE MATERIAL AGREGADO (TRITURADO, SUBBASE, RELLENO Y ARENA) | D35: =VLOOKUP(B35,'INSUMOS & EQUIPOS'!$C$10:$E$419,2,FALSE) -> M3-KM | E35: ='APUS BASICOS'!$G$7 -> 43.6 | F35: =E18*1.05 -> 0.21 | G35: =VLOOKUP(B35,'INSUMOS & EQUIPOS'!$C$10:$E$419,3,FALSE) -> 1866.969 | H35: =(E35*F35)*G35 -> 17093.968
A36: ='INSUMOS & EQUIPOS'!B408 -> TRANS241101 | B36: ='INSUMOS & EQUIPOS'!C408 -> TRANSPORTE DE MATERIAL PROVENIENTE DE EXCAVACIÓN | D36: =VLOOKUP(B36,'INSUMOS & EQUIPOS'!$C$10:$E$419,2,FALSE) -> M3-KM | E36: 20 | F36: 0.3 | G36: =VLOOKUP(B36,'INSUMOS & EQUIPOS'!$C$10:$E$419,3,FALSE) -> 1866.969 | H36: =(E36*F36)*G36 -> 11201.814
G38: SUB-TOTAL TRANSPORTE | H38: =SUM(H35:H37) -> 28295.782
B40: IV. MANO DE OBRA
A41: ITEM: | B41: CUADRILLA | E41: UNIDAD | F41: CANTIDAD | G41: VALOR UNIT | H41: VALOR PARCIAL
A42: ='INSUMOS & EQUIPOS'!B382 -> MO241101 | B42: ='INSUMOS & EQUIPOS'!C382 -> CUADRILLA "AA" (Albañileria) | E42: =VLOOKUP(B42,'INSUMOS & EQUIPOS'!$C$10:$E$419,2,FALSE) -> HC | F42: 0.5 | G42: =VLOOKUP(B42,'INSUMOS & EQUIPOS'!$C$10:$E$419,3,FALSE) -> 50004.565 | H42: =F42*G42 -> 25002.282
G46: SUB-TOTAL MANO DE OBRA | H46: =SUM(H42:H45) -> 25002.282
A48: TOTAL COSTO DIRECTO | H48: =H46+H38+H31+H22 -> 208621.22
A50: NOTA: Los valores unitarios de los siguientes insumos se han fijado tomando como base los costos de referencia adoptados por Municipio de Barrancas, Departamento de la Guajira.

Sheet APU4.2.
C1: REPÚBLICA DE COLOMBIA
C2: DEPARTAMENTO DE LA GUAJIRA
C3: MUNICIPIO DE BARRANCAS
A5: FORMATO DE ANÁLISIS DE PRECIOS UNITARIOS
A6: ELABORÓ: | B6: OFICINA ASESORA DE PLANEACIÓN | E6: VERSIÓN: | F6: APU_BAR | G6: FECHA: | H6: JUNIO - 2026
A7: PROYECTO: | B7: ='INSUMOS & EQUIPOS'!$B$6 -> CONSTRUCCIÓN DE UN SISTEMA SOLAR FOTOVOLTAICO DE GENERACIÓN DISTRIBUIDA DE 0.99 MWE ETAPA 3 PARA EL DESARROLLO SOCIOECONÓMICO DEL MUNICIPIO DE BARRANCAS, EN EL DEPARTAMENTO DE LA GUAJIRA - BARRANCAS III
A9: DATOS ESPECIFICOS DE ANÁLISIS DE PRECIOS UNITARIOS
A11: ='PPTO RESUMEN'!$D$30 -> OBRAS CIVILES GENERALES
A13: ÍTEM | B13: DESCRIPCIÓN | H13: UNIDAD
A14: ='PPTO RESUMEN'!C32 -> 4.2 | B14: CONSTRUCCIÓN DE CUNETA DE SECCIÓN TRAPEZOIDAL REVESTIDA CON GEOSINTÉTICO TEXTIL IMPERMEABLE (TIPO IMPERTEX O SIMILAR). INCLUYE: EXCAVACIÓN, PERFILADO, COMPACTACIÓN DE LA BANCA, SUMINISTRO, CORTE, INSTALACIÓN Y ANCLAJE DEL MATERIAL GEOSINTÉTICO, Y TODO LO NECESARIO PARA SU CORRECTO FUNCIONAMIENTO. | H14: ML
B16: I. MATERIALES
A17: ÍTEM | B17: DESCRIPCIÓN | D17: UNIDAD | E17: CANTIDAD | F17: DESPERDICIO % | G17: VALOR UNIT | H17: VALOR PARCIAL
A18: ='INSUMOS & EQUIPOS'!B167 -> MAT2411158 | B18: ='INSUMOS & EQUIPOS'!C167 -> GEOSINTÉTICO TEXTIL IMPERMEABLE – TIPO IMPERTEX | D18: =VLOOKUP(B18,'INSUMOS & EQUIPOS'!$C$10:$E$419,2,FALSE) -> M2 | E18: =2*1 -> 2 | F18: 0.05 | G18: =VLOOKUP(B18,'INSUMOS & EQUIPOS'!$C$10:$E$419,3,FALSE) -> 39984 | H18: =E18*G18*(1+F18) -> 83966.4
A19: ='INSUMOS & EQUIPOS'!B168 -> MAT2411159 | B19: ='INSUMOS & EQUIPOS'!C168 -> CORDÓN DE RESINA O SILICONA | D19: =VLOOKUP(B19,'INSUMOS & EQUIPOS'!$C$10:$E$419,2,FALSE) -> ML | E19: 1 | F19: 0.05 | G19: =VLOOKUP(B19,'INSUMOS & EQUIPOS'!$C$10:$E$419,3,FALSE) -> 941.67273 | H19: =E19*G19*(1+F19) -> 988.75636
A20: ='INSUMOS & EQUIPOS'!B169 -> MAT2411160 | B20: ='INSUMOS & EQUIPOS'!C169 -> RESINA PARA INTEMPERIE O SELLADOR DE SILICONA SIKASIL POOL O SIMILAR | D20: =VLOOKUP(B20,'INSUMOS & EQUIPOS'!$C$10:$E$419,2,FALSE) -> UND | E20: =1/50 -> 0.02 | F20: 0.05 | G20: =VLOOKUP(B20,'INSUMOS & EQUIPOS'!$C$10:$E$419,3,FALSE) -> 160200 | H20: =E20*G20*(1+F20) -> 3364.2
A21: ='INSUMOS & EQUIPOS'!B170 -> MAT2411161 | B21: ='INSUMOS & EQUIPOS'!C170 -> HILO DE 6000 DENIER | D21: =VLOOKUP(B21,'INSUMOS & EQUIPOS'!$C$10:$E$419,2,FALSE) -> UND | E21: =1/90 -> 0.011111111 | F21: 0.05 | G21: =VLOOKUP(B21,'INSUMOS & EQUIPOS'!$C$10:$E$419,3,FALSE) -> 192000 | H21: =E21*G21*(1+F21) -> 2240
A22: ='INSUMOS & EQUIPOS'!B171 -> MAT2411162 | B22: ='INSUMOS & EQUIPOS'!C171 -> ACCESORIOS DE FIJACIÓN: GANCHOS DE ACERO | D22: =VLOOKUP(B22,'INSUMOS & EQUIPOS'!$C$10:$E$419,2,FALSE) -> UND | E22: 4 | F22: 0.05 | G22: =VLOOKUP(B22,'INSUMOS & EQUIPOS'!$C$10:$E$419,3,FALSE) -> 2821.4286 | H22: =E22*G22*(1+F22) -> 11850
G23: SUB-TOTAL MATERIALES | H23: =SUM(H18:H22) -> 102409.36
A25: ÍTEM | B25: II. EQUIPOS
B26: DESCRIPCIÓN | E26: UNIDAD | F26: CANTIDAD | G26: VALOR UNIT | H26: VALOR PARCIAL
B27: HERRAMIENTA MENOR (% VR. MANO DE OBRA) | E27: % | F27: 0.05 | G27: =H47 -> 363664.45 | H27: =F27*G27 -> 18183.223
A28: ='INSUMOS & EQUIPOS'!B348 -> C0010822 | B28: ='INSUMOS & EQUIPOS'!C348 -> RETROEXCAVADORA SOBRE LLANTAS, MOTOR 62HP, PROFUNDIDAD DE EXCAVACIÓN DE 5.41 METROS | E28: =VLOOKUP(B28,'INSUMOS & EQUIPOS'!$C$10:$E$419,2,FALSE) -> HM | F28: =1/15 -> 0.066666667 | G28: =VLOOKUP(B28,'INSUMOS & EQUIPOS'!$C$10:$E$419,3,FALSE) -> 200070 | H28: =F28*G28 -> 13338
A29: ='INSUMOS & EQUIPOS'!B353 -> EQUI2411013 | B29: ='INSUMOS & EQUIPOS'!C353 -> MINICARGADOR 61 HP - TIPO BOBCAT | E29: =VLOOKUP(B29,'INSUMOS & EQUIPOS'!$C$10:$E$419,2,FALSE) -> HM | F29: =1/40 -> 0.025 | G29: =VLOOKUP(B29,'INSUMOS & EQUIPOS'!$C$10:$E$419,3,FALSE) -> 101298.6 | H29: =F29*G29 -> 2532.465
A30: ='INSUMOS & EQUIPOS'!B360 -> C0010190 | B30: ='INSUMOS & EQUIPOS'!C360 -> COMPACTADOR MANUAL VIBRATORIO (RANA) CON MOTOR DE 6 HP | E30: =VLOOKUP(B30,'INSUMOS & EQUIPOS'!$C$10:$E$419,2,FALSE) -> HR | F30: =1/5 -> 0.2 | G30: =VLOOKUP(B30,'INSUMOS & EQUIPOS'!$C$10:$E$419,3,FALSE) -> 13531.05 | H30: =F30*G30 -> 2706.21
A31: ='INSUMOS & EQUIPOS'!B368 -> EQUI2411021 | B31: ='INSUMOS & EQUIPOS'!C368 -> MÁQUINA DE COSER INDUSTRIAL SINGER 4423 O SIMILAR. | E31: =VLOOKUP(B31,'INSUMOS & EQUIPOS'!$C$10:$E$419,2,FALSE) -> DÍA | F31: =1/20 -> 0.05 | G31: =VLOOKUP(B31,'INSUMOS & EQUIPOS'!$C$10:$E$419,3,FALSE) -> 66000 | H31: =F31*G31 -> 3300
G33: SUB-TOTAL EQUIPOS | H33: =SUM(H27:H32) -> 40059.898
B35: III. TRANSPORTE
A36: ITEM: | B36: DESCRIPCIÓN | D36: UNIDAD | E36: DISTANCIA | F36: VOL - CANT | G36: TARIFA | H36: VALOR PARCIAL
A37: ='INSUMOS & EQUIPOS'!B411 -> TRANS241104 | B37: ='INSUMOS & EQUIPOS'!C411 -> TRANSPORTE DE MATERIALES | D37: =VLOOKUP(B37,'INSUMOS & EQUIPOS'!$C$10:$E$419,2,FALSE) -> % | F37: 0.05 | G37: =H23 -> 102409.36 | H37: =F37*G37 -> 5120.4678
G40: SUB-TOTAL TRANSPORTE | H40: =SUM(H37:H39) -> 5120.4678
B42: IV. MANO DE OBRA
A43: ITEM: | B43: CUADRILLA | E43: UNIDAD | F43: CANTIDAD | G43: VALOR UNIT | H43: VALOR PARCIAL
A44: ='INSUMOS & EQUIPOS'!B382 -> MO241101 | B44: ='INSUMOS & EQUIPOS'!C382 -> CUADRILLA "AA" (Albañileria) | E44: =VLOOKUP(B44,'INSUMOS & EQUIPOS'!$C$10:$E$419,2,FALSE) -> HC | F44: 4 | G44: =VLOOKUP(B44,'INSUMOS & EQUIPOS'!$C$10:$E$419,3,FALSE) -> 50004.565 | H44: =F44*G44 -> 200018.26
A45: ='INSUMOS & EQUIPOS'!B383 -> MO241102 | B45: ='INSUMOS & EQUIPOS'!C383 -> CUADRILLA "BB" (Instalaciones) | E45: =VLOOKUP(B45,'INSUMOS & EQUIPOS'!$C$10:$E$419,2,FALSE) -> HC | F45: 3 | G45: =VLOOKUP(B45,'INSUMOS & EQUIPOS'!$C$10:$E$419,3,FALSE) -> 54548.731 | H45: =F45*G45 -> 163646.19
G47: SUB-TOTAL MANO DE OBRA | H47: =SUM(H44:H46) -> 363664.45
A49: TOTAL COSTO DIRECTO | H49: =H47+H40+H33+H23 -> 511254.17
A51: NOTA: Los valores unitarios de los siguientes insumos se han fijado tomando como base los costos de referencia adoptados por Municipio de Barrancas, Departamento de la Guajira.

Sheet APU4.3.
C1: REPÚBLICA DE COLOMBIA
C2: DEPARTAMENTO DE LA GUAJIRA
C3: MUNICIPIO DE BARRANCAS
A5: FORMATO DE ANÁLISIS DE PRECIOS UNITARIOS
A6: ELABORÓ: | B6: OFICINA ASESORA DE PLANEACIÓN | E6: VERSIÓN: | F6: APU_BAR | G6: FECHA: | H6: JUNIO - 2026
A7: PROYECTO: | B7: ='INSUMOS & EQUIPOS'!$B$6 -> CONSTRUCCIÓN DE UN SISTEMA SOLAR FOTOVOLTAICO DE GENERACIÓN DISTRIBUIDA DE 0.99 MWE ETAPA 3 PARA EL DESARROLLO SOCIOECONÓMICO DEL MUNICIPIO DE BARRANCAS, EN EL DEPARTAMENTO DE LA GUAJIRA - BARRANCAS III
A9: DATOS ESPECIFICOS DE ANÁLISIS DE PRECIOS UNITARIOS
A11: ='PPTO RESUMEN'!$D$30 -> OBRAS CIVILES GENERALES
A13: ÍTEM | B13: DESCRIPCIÓN | H13: UNIDAD
A14: ='PPTO RESUMEN'!C33 -> 4.3 | B14: CONSTRUCCIÓN DE CAMINO PEATONAL PERMEABLE. INCLUYE: ACTIVIDADES DE ADECUACIÓN, NIVELACIÓN Y PREPARACIÓN DEL TERRENO, SUMINISTRO E INSTALACIÓN DE SISTEMA DE CONFINAMIENTO CELULAR (GEOCELDA), SUMINISTRO, LLENADO Y ACOMODO DE MATERIAL GRANULAR TIPO GRAVA, Y TODO LO NECESARIO PARA SU CORRECTO FUNCIONAMIENTO. | H14: M2
B16: I. MATERIALES
A17: ÍTEM | B17: DESCRIPCIÓN | D17: UNIDAD | E17: CANTIDAD | F17: DESPERDICIO % | G17: VALOR UNIT | H17: VALOR PARCIAL
A18: ='INSUMOS & EQUIPOS'!B155 -> MAT2411146 | B18: ='INSUMOS & EQUIPOS'!C172 -> GEOCELDA DE POLIETILENO DE ALTA DENSIDAD (HDPE) | D18: =VLOOKUP(B18,'INSUMOS & EQUIPOS'!$C$10:$E$419,2,FALSE) -> M2 | E18: 1 | F18: 0.05 | G18: =VLOOKUP(B18,'INSUMOS & EQUIPOS'!$C$10:$E$419,3,FALSE) -> 43132.8 | H18: =E18*G18*(1+F18) -> 45289.44
A19: ='INSUMOS & EQUIPOS'!B156 -> MAT2411147 | B19: ='INSUMOS & EQUIPOS'!C173 -> GEOTEXTIL NO TEJIDO NT 4000 - FIBERTEX - ANCHO: 3,50 MTS | D19: =VLOOKUP(B19,'INSUMOS & EQUIPOS'!$C$10:$E$419,2,FALSE) -> M2 | E19: 1 | F19: 0.05 | G19: =VLOOKUP(B19,'INSUMOS & EQUIPOS'!$C$10:$E$419,3,FALSE) -> 21000 | H19: =E19*G19*(1+F19) -> 22050
A20: ='INSUMOS & EQUIPOS'!B157 -> MAT2411148 | B20: ='INSUMOS & EQUIPOS'!C171 -> ACCESORIOS DE FIJACIÓN: GANCHOS DE ACERO | D20: =VLOOKUP(B20,'INSUMOS & EQUIPOS'!$C$10:$E$419,2,FALSE) -> UND | E20: 2 | F20: 0.05 | G20: =VLOOKUP(B20,'INSUMOS & EQUIPOS'!$C$10:$E$419,3,FALSE) -> 2821.4286 | H20: =E20*G20*(1+F20) -> 5925
A21: ='INSUMOS & EQUIPOS'!B158 -> MAT2411149 | B21: ='INSUMOS & EQUIPOS'!C23 -> TRITURADO 3/4" | D21: =VLOOKUP(B21,'INSUMOS & EQUIPOS'!$C$10:$E$419,2,FALSE) -> M3 | E21: =1*1*0.15 -> 0.15 | F21: 0.05 | G21: =VLOOKUP(B21,'INSUMOS & EQUIPOS'!$C$10:$E$419,3,FALSE) -> 142155 | H21: =E21*G21*(1+F21) -> 22389.413
G23: SUB-TOTAL MATERIALES | H23: =SUM(H18:H22) -> 95653.853
A25: ÍTEM | B25: II. EQUIPOS
B26: DESCRIPCIÓN | E26: UNIDAD | F26: CANTIDAD | G26: VALOR UNIT | H26: VALOR PARCIAL
B27: HERRAMIENTA MENOR (% VR. MANO DE OBRA) | E27: % | F27: 0.05 | G27: =H47 -> 159102.03 | H27: =F27*G27 -> 7955.1014
A28: ='INSUMOS & EQUIPOS'!B317 -> EQUI2411055 | B28: ='INSUMOS & EQUIPOS'!C353 -> MINICARGADOR 61 HP - TIPO BOBCAT | E28: =VLOOKUP(B28,'INSUMOS & EQUIPOS'!$C$10:$E$419,2,FALSE) -> HM | F28: =1/1.5 -> 0.66666667 | G28: =VLOOKUP(B28,'INSUMOS & EQUIPOS'!$C$10:$E$419,3,FALSE) -> 101298.6 | H28: =F28*G28 -> 67532.4
A29: ='INSUMOS & EQUIPOS'!B338 -> EQUI2412008 | B29: ='INSUMOS & EQUIPOS'!C360 -> COMPACTADOR MANUAL VIBRATORIO (RANA) CON MOTOR DE 6 HP | E29: =VLOOKUP(B29,'INSUMOS & EQUIPOS'!$C$10:$E$419,2,FALSE) -> HR | F29: =1/1.6 -> 0.625 | G29: =VLOOKUP(B29,'INSUMOS & EQUIPOS'!$C$10:$E$419,3,FALSE) -> 13531.05 | H29: =F29*G29 -> 8456.9062
G31: SUB-TOTAL EQUIPOS | H31: =SUM(H27:H29) -> 83944.408
B33: III. TRANSPORTE
A34: ITEM: | B34: DESCRIPCIÓN | D34: UNIDAD | E34: DISTANCIA | F34: VOL - CANT | G34: TARIFA | H34: VALOR PARCIAL
A35: ='INSUMOS & EQUIPOS'!B411 -> TRANS241104 | B35: ='INSUMOS & EQUIPOS'!$C$411 -> TRANSPORTE DE MATERIALES | D35: =VLOOKUP(B35,'INSUMOS & EQUIPOS'!$C$10:$E$419,2,FALSE) -> % | F35: 0.1 | G35: =H20 -> 5925 | H35: =F35*G35 -> 592.5
A36: ='INSUMOS & EQUIPOS'!B409 -> TRANS241102 | B36: ='INSUMOS & EQUIPOS'!C409 -> TRANSPORTE DE MATERIAL AGREGADO (TRITURADO, SUBBASE, RELLENO Y ARENA) | D36: =VLOOKUP(B36,'INSUMOS & EQUIPOS'!$C$10:$E$419,2,FALSE) -> M3-KM | E36: ='APUS BASICOS'!M5 -> 43.6 | F36: =E21 -> 0.15 | G36: =VLOOKUP(B36,'INSUMOS & EQUIPOS'!$C$10:$E$419,3,FALSE) -> 1866.969 | H36: =(E36*F36)*G36 -> 12209.977
G38: SUB-TOTAL TRANSPORTE | H38: =SUM(H35:H37) -> 12802.477
B40: IV. MANO DE OBRA
A41: ITEM: | B41: CUADRILLA | E41: UNIDAD | F41: CANTIDAD | G41: VALOR UNIT | H41: VALOR PARCIAL
A42: ='INSUMOS & EQUIPOS'!B382 -> MO241101 | B42: ='INSUMOS & EQUIPOS'!C382 -> CUADRILLA "AA" (Albañileria) | E42: =VLOOKUP(B42,'INSUMOS & EQUIPOS'!$C$10:$E$419,2,FALSE) -> HC | F42: 1 | G42: =VLOOKUP(B42,'INSUMOS & EQUIPOS'!$C$10:$E$419,3,FALSE) -> 50004.565 | H42: =F42*G42 -> 50004.565
A43: ='INSUMOS & EQUIPOS'!B383 -> MO241102 | B43: ='INSUMOS & EQUIPOS'!C383 -> CUADRILLA "BB" (Instalaciones) | E43: =VLOOKUP(B43,'INSUMOS & EQUIPOS'!$C$10:$E$419,2,FALSE) -> HC | F43: 2 | G43: =VLOOKUP(B43,'INSUMOS & EQUIPOS'!$C$10:$E$419,3,FALSE) -> 54548.731 | H43: =F43*G43 -> 109097.46
G47: SUB-TOTAL MANO DE OBRA | H47: =SUM(H42:H46) -> 159102.03
A49: TOTAL COSTO DIRECTO | H49: =H47+H38+H31+H23 -> 351502.76
A51: NOTA: Los valores unitarios de los siguientes insumos se han fijado tomando como base los costos de referencia adoptados por Municipio de Barrancas, Departamento de la Guajira.

Sheet APU4.4.
C1: REPÚBLICA DE COLOMBIA
C2: DEPARTAMENTO DE LA GUAJIRA
C3: MUNICIPIO DE BARRANCAS
A5: FORMATO DE ANÁLISIS DE PRECIOS UNITARIOS
A6: ELABORÓ: | B6: OFICINA ASESORA DE PLANEACIÓN | E6: VERSIÓN: | F6: APU_BAR | G6: FECHA: | H6: JUNIO - 2026
A7: PROYECTO: | B7: ='INSUMOS & EQUIPOS'!$B$6 -> CONSTRUCCIÓN DE UN SISTEMA SOLAR FOTOVOLTAICO DE GENERACIÓN DISTRIBUIDA DE 0.99 MWE ETAPA 3 PARA EL DESARROLLO SOCIOECONÓMICO DEL MUNICIPIO DE BARRANCAS, EN EL DEPARTAMENTO DE LA GUAJIRA - BARRANCAS III
A9: DATOS ESPECIFICOS DE ANÁLISIS DE PRECIOS UNITARIOS
A11: ='PPTO RESUMEN'!$D$30 -> OBRAS CIVILES GENERALES
A13: ÍTEM | B13: DESCRIPCIÓN | H13: UNIDAD
A14: ='PPTO RESUMEN'!C34 -> 4.4 | B14: CAJA DE INSPECCIÓN ELÉCTRICO DE 90 X 90 X 110CM, EN CONCRETO REFORZADO DE F'C= 3.500 PSI - IMPERMEABILIZADO. INCLUYE EXCAVACIÓN Y TAPE, TAPA Y HERRAJES, CAÑUELAS, MARCOS EN ÁNGULO DE 1 1/2"X3/16 E INCLUYE TODO LO NECESARIO PARA SU CORRECTO FUNCIONAMIENTO. | H14: UND
B16: I. MATERIALES
A17: ÍTEM | B17: DESCRIPCIÓN | D17: UNIDAD | E17: CANTIDAD | F17: DESPERDICIO % | G17: VALOR UNIT | H17: VALOR PARCIAL
A18: ='INSUMOS & EQUIPOS'!B155 -> MAT2411146 | B18: ='INSUMOS & EQUIPOS'!C10 -> ACERO DE REFUERZO PDR-60; Fy: 4200 kg/cm2 (6.000 PSI). | D18: =VLOOKUP(B18,'INSUMOS & EQUIPOS'!$C$10:$E$419,2,FALSE) -> KG | E18: 12 | F18: 0.05 | G18: =VLOOKUP(B18,'INSUMOS & EQUIPOS'!$C$10:$E$419,3,FALSE) -> 6913.6129 | H18: =E18*G18*(1+F18) -> 87111.522
A19: ='INSUMOS & EQUIPOS'!B155 -> MAT2411146 | B19: ='INSUMOS & EQUIPOS'!C14 -> ALAMBRE NEGRO No.18 | D19: =VLOOKUP(B19,'INSUMOS & EQUIPOS'!$C$10:$E$419,2,FALSE) -> KG | E19: 0.4 | F19: 0.05 | G19: =VLOOKUP(B19,'INSUMOS & EQUIPOS'!$C$10:$E$419,3,FALSE) -> 8639.868 | H19: =E19*G19*(1+F19) -> 3628.7446
A20: ='INSUMOS & EQUIPOS'!B156 -> MAT2411147 | B20: ='INSUMOS & EQUIPOS'!C50 -> SEGUETA NICHOLSON | D20: =VLOOKUP(B20,'INSUMOS & EQUIPOS'!$C$10:$E$419,2,FALSE) -> UND | E20: 0.2 | F20: 0.05 | G20: =VLOOKUP(B20,'INSUMOS & EQUIPOS'!$C$10:$E$419,3,FALSE) -> 4211.5683 | H20: =E20*G20*(1+F20) -> 884.42934
A21: ='INSUMOS & EQUIPOS'!B58 -> MAT2411049 | B21: ='INSUMOS & EQUIPOS'!C58 -> TAPA Y MARCO PARA REGISTRO ELÉCTRICO, EN ÁNGULO 3/16X1 1/2" EN TAPA Y MARCO, INCL. PINTURA CON ANTICORROSIVO | D21: =VLOOKUP(B21,'INSUMOS & EQUIPOS'!$C$10:$E$419,2,FALSE) -> UND | E21: 1 | G21: =VLOOKUP(B21,'INSUMOS & EQUIPOS'!$C$10:$E$419,3,FALSE) -> 150565 | H21: =E21*G21*(1+F21) -> 150565
A22: BASICO02B | B22: ='APUS BASICOS'!D32 -> MORTERO 1:4 IMPERMEABILIZADO | D22: M3 | E22: 0.05 | F22: 0.05 | G22: ='APUS BASICOS'!F32 -> 874136.81 | H22: =E22*G22*(1+F22) -> 45892.183 | K22: =0.9*0.9*0.05 -> 0.0405
A23: BASICO06 | B23: ='APUS BASICOS'!D83 -> CONCRETO 3.500 PSI HECHO EN OBRA | D23: M3 | E23: 0.45 | F23: 0.05 | G23: ='APUS BASICOS'!F83 -> 763585.23 | H23: =E23*G23*(1+F23) -> 360794.02 | K23: =(0.9*0.9*0.1)*5 -> 0.405 | L23: =0.8*0.8*0.1 -> 0.064 | M23: =K23+L23 -> 0.469
G24: SUB-TOTAL MATERIALES | H24: =SUM(H18:H23) -> 648875.9
A26: ÍTEM | B26: II. EQUIPOS
B27: DESCRIPCIÓN | E27: UNIDAD | F27: CANTIDAD | G27: VALOR UNIT | H27: VALOR PARCIAL
B28: HERRAMIENTA MENOR (% VR. MANO DE OBRA) | E28: % | F28: 0.05 | G28: =H44 -> 200018.26 | H28: =F28*G28 -> 10000.913
A29: ='INSUMOS & EQUIPOS'!B317 -> EQUI2411055 | B29: ='INSUMOS & EQUIPOS'!C331 -> FORMALETA PARA REGISTROS ELÉCTRICO 80 X 80 CMS | E29: =VLOOKUP(B29,'INSUMOS & EQUIPOS'!$C$10:$E$419,2,FALSE) -> DÍA | F29: 2 | G29: =VLOOKUP(B29,'INSUMOS & EQUIPOS'!$C$10:$E$419,3,FALSE) -> 23427.5 | H29: =F29*G29 -> 46855
A30: ='INSUMOS & EQUIPOS'!B338 -> EQUI2412008 | B30: ='INSUMOS & EQUIPOS'!C342 -> VIBRADOR DE CONCRETO, POTENCIA APROXIMADA DE 3 HP, MANGUERAS DE 4 A 6 METROS | E30: =VLOOKUP(B30,'INSUMOS & EQUIPOS'!$C$10:$E$419,2,FALSE) -> HR | F30: 0.8 | G30: =VLOOKUP(B30,'INSUMOS & EQUIPOS'!$C$10:$E$419,3,FALSE) -> 12119.334 | H30: =F30*G30 -> 9695.4676
A31: ='INSUMOS & EQUIPOS'!B319 -> C0010920 | B31: ='INSUMOS & EQUIPOS'!C345 -> CIZALLA MANUAL DE 90 CM | E31: =VLOOKUP(B31,'INSUMOS & EQUIPOS'!$C$10:$E$419,2,FALSE) -> HR | F31: 0.8 | G31: =VLOOKUP(B31,'INSUMOS & EQUIPOS'!$C$10:$E$419,3,FALSE) -> 3081.0352 | H31: =F31*G31 -> 2464.8281
G32: SUB-TOTAL EQUIPOS | H32: =SUM(H28:H31) -> 69016.209
B34: III. TRANSPORTE
A35: ITEM: | B35: DESCRIPCIÓN | D35: UNIDAD | E35: DISTANCIA | F35: VOL - CANT | G35: TARIFA | H35: VALOR PARCIAL
A36: ='INSUMOS & EQUIPOS'!B408 -> TRANS241101 | B36: ='INSUMOS & EQUIPOS'!$C$411 -> TRANSPORTE DE MATERIALES | D36: =VLOOKUP(B36,'INSUMOS & EQUIPOS'!$C$10:$E$419,2,FALSE) -> % | F36: 0.05 | G36: =H24 -> 648875.9 | H36: =F36*G36 -> 32443.795
G38: SUB-TOTAL TRANSPORTE | H38: =SUM(H36:H37) -> 32443.795
B40: IV. MANO DE OBRA
A41: ITEM: | B41: CUADRILLA | E41: UNIDAD | F41: CANTIDAD | G41: VALOR UNIT | H41: VALOR PARCIAL
A42: ='INSUMOS & EQUIPOS'!B382 -> MO241101 | B42: ='INSUMOS & EQUIPOS'!C382 -> CUADRILLA "AA" (Albañileria) | E42: =VLOOKUP(B42,'INSUMOS & EQUIPOS'!$C$10:$E$419,2,FALSE) -> HC | F42: 4 | G42: =VLOOKUP(B42,'INSUMOS & EQUIPOS'!$C$10:$E$419,3,FALSE) -> 50004.565 | H42: =F42*G42 -> 200018.26
G44: SUB-TOTAL MANO DE OBRA | H44: =SUM(H42:H43) -> 200018.26
A46: TOTAL COSTO DIRECTO | H46: =H44+H38+H32+H24 -> 950354.16
A48: NOTA: Los valores unitarios de los siguientes insumos se han fijado tomando como base los costos de referencia adoptados por Municipio de Barrancas, Departamento de la Guajira.

Sheet APU4.5.
C1: REPÚBLICA DE COLOMBIA
C2: DEPARTAMENTO DE LA GUAJIRA
C3: MUNICIPIO DE BARRANCAS
A5: FORMATO DE ANÁLISIS DE PRECIOS UNITARIOS
A6: ELABORÓ: | B6: OFICINA ASESORA DE PLANEACIÓN | E6: VERSIÓN: | F6: APU_BAR | G6: FECHA: | H6: JUNIO - 2026
A7: PROYECTO: | B7: ='INSUMOS & EQUIPOS'!$B$6 -> CONSTRUCCIÓN DE UN SISTEMA SOLAR FOTOVOLTAICO DE GENERACIÓN DISTRIBUIDA DE 0.99 MWE ETAPA 3 PARA EL DESARROLLO SOCIOECONÓMICO DEL MUNICIPIO DE BARRANCAS, EN EL DEPARTAMENTO DE LA GUAJIRA - BARRANCAS III
A9: DATOS ESPECIFICOS DE ANÁLISIS DE PRECIOS UNITARIOS
A11: ='PPTO RESUMEN'!$D$30 -> OBRAS CIVILES GENERALES
A13: ÍTEM | B13: DESCRIPCIÓN | H13: UNIDAD
A14: ='PPTO RESUMEN'!C35 -> 4.5 | B14: CONSTRUCCIÓN DE CASETA TIPO COBERTIZO DE 2 X 1 MTS, PARA LA UBICACIÓN DE INVERSORES, SIN MUROS. INCLUYE: PLACA BASE EN CONCRETO DE 3.500 PSI, ESTRUCTURA METÁLICA CON PROTECCIÓN ANTICORROSIVA, CUBIERTA TERMOACÚSTICA, ACCESORIOS PARA FIJACIÓN DE EQUIPOS Y TODO LO NECESARIO PARA SU CORRECTO FUNCIONAMIENTO | H14: UND
B16: I. MATERIALES
A17: ÍTEM | B17: DESCRIPCIÓN | D17: UNIDAD | E17: CANTIDAD | F17: DESPERDICIO % | G17: VALOR UNIT | H17: VALOR PARCIAL
A18: ='INSUMOS & EQUIPOS'!B10 -> MAT2411001 | B18: ='INSUMOS & EQUIPOS'!C10 -> ACERO DE REFUERZO PDR-60; Fy: 4200 kg/cm2 (6.000 PSI). | D18: =VLOOKUP(B18,'INSUMOS & EQUIPOS'!$C$10:$E$419,2,FALSE) -> KG | E18: 80 | F18: 0.05 | G18: =VLOOKUP(B18,'INSUMOS & EQUIPOS'!$C$10:$E$419,3,FALSE) -> 6913.6129 | H18: =E18*G18*(1+F18) -> 580743.48
A19: ='INSUMOS & EQUIPOS'!B14 -> MAT2411005 | B19: ='INSUMOS & EQUIPOS'!C14 -> ALAMBRE NEGRO No.18 | D19: =VLOOKUP(B19,'INSUMOS & EQUIPOS'!$C$10:$E$419,2,FALSE) -> KG | E19: 2 | F19: 0.05 | G19: =VLOOKUP(B19,'INSUMOS & EQUIPOS'!$C$10:$E$419,3,FALSE) -> 8639.868 | H19: =E19*G19*(1+F19) -> 18143.723
A20: ='INSUMOS & EQUIPOS'!B50 -> MAT2411041 | B20: ='INSUMOS & EQUIPOS'!C50 -> SEGUETA NICHOLSON | D20: =VLOOKUP(B20,'INSUMOS & EQUIPOS'!$C$10:$E$419,2,FALSE) -> UND | E20: 2 | F20: 0.05 | G20: =VLOOKUP(B20,'INSUMOS & EQUIPOS'!$C$10:$E$419,3,FALSE) -> 4211.5683 | H20: =E20*G20*(1+F20) -> 8844.2934
A21: ='INSUMOS & EQUIPOS'!B198 -> MAT2411189 | B21: ='INSUMOS & EQUIPOS'!C198 -> CUBIERTA EN LAMINA ONDULADA TERMOACÚSTICA. INCLUYE PERFILES METÁLICOS Y AMARRES | D21: =VLOOKUP(B21,'INSUMOS & EQUIPOS'!$C$10:$E$419,2,FALSE) -> M2 | E21: =(2*1)*1.2 -> 2.4 | F21: 0.05 | G21: =VLOOKUP(B21,'INSUMOS & EQUIPOS'!$C$10:$E$419,3,FALSE) -> 210456 | H21: =E21*G21*(1+F21) -> 530349.12
A22: ='INSUMOS & EQUIPOS'!B182 -> MAT2411173 | B22: ='INSUMOS & EQUIPOS'!C182 -> TUBERÍA DE ACERO GALVANIZADO ESTRUCTURAL 2,50 MM | D22: =VLOOKUP(B22,'INSUMOS & EQUIPOS'!$C$10:$E$419,2,FALSE) -> ML | E22: 6 | F22: 0.05 | G22: =VLOOKUP(B22,'INSUMOS & EQUIPOS'!$C$10:$E$419,3,FALSE) -> 46000 | H22: =E22*G22*(1+F22) -> 289800
A23: ='INSUMOS & EQUIPOS'!B195 -> MAT2411186 | B23: ='INSUMOS & EQUIPOS'!C195 -> CURVA VERTICAL EXTERIOR 30 X 8 90° PARA BANDEJA TIPO ESCALERA GALCO O SIMILAR | D23: =VLOOKUP(B23,'INSUMOS & EQUIPOS'!$C$10:$E$419,2,FALSE) -> UND | E23: 1 | G23: =VLOOKUP(B23,'INSUMOS & EQUIPOS'!$C$10:$E$419,3,FALSE) -> 107076 | H23: =E23*G23*(1+F23) -> 107076
A24: ='INSUMOS & EQUIPOS'!B196 -> MAT2411187 | B24: ='INSUMOS & EQUIPOS'!C196 -> CANALETA/DUCTO GALVANIZADO 20X10X2.4MT GALCO O SIMILAR | D24: =VLOOKUP(B24,'INSUMOS & EQUIPOS'!$C$10:$E$419,2,FALSE) -> UND | E24: 1 | G24: =VLOOKUP(B24,'INSUMOS & EQUIPOS'!$C$10:$E$419,3,FALSE) -> 90000 | H24: =E24*G24*(1+F24) -> 90000
A25: ='INSUMOS & EQUIPOS'!B197 -> MAT2411188 | B25: ='INSUMOS & EQUIPOS'!C197 -> DERIVACIÓN EN TE 20 X 8CM PARA BANDEJA ESCALERA GALCO O SIMILAR | D25: =VLOOKUP(B25,'INSUMOS & EQUIPOS'!$C$10:$E$419,2,FALSE) -> UND | E25: 1 | G25: =VLOOKUP(B25,'INSUMOS & EQUIPOS'!$C$10:$E$419,3,FALSE) -> 167880 | H25: =E25*G25*(1+F25) -> 167880
A26: ='INSUMOS & EQUIPOS'!B48 -> MAT2411039 | B26: ='INSUMOS & EQUIPOS'!C48 -> SOLDADURA HO E - 6011x1/8 | D26: =VLOOKUP(B26,'INSUMOS & EQUIPOS'!$C$10:$E$419,2,FALSE) -> KG | E26: 2 | F26: 0.05 | G26: =VLOOKUP(B26,'INSUMOS & EQUIPOS'!$C$10:$E$419,3,FALSE) -> 25693.2 | H26: =E26*G26*(1+F26) -> 53955.72
A27: BASICO03B | B27: ='APUS BASICOS'!D54 -> CONCRETO 2.000 PSI HECHO EN OBRA | D27: M3 | E27: =(2*1*0.05)*1.1 -> 0.11 | F27: 0.05 | G27: ='APUS BASICOS'!F54 -> 640946.19 | H27: =E27*G27*(1+F27) -> 74029.285
A28: BASICO06 | B28: ='APUS BASICOS'!D83 -> CONCRETO 3.500 PSI HECHO EN OBRA | D28: M3 | E28: =((2*1*0.15)+((0.5*0.5*0.5)*2))*1.1 -> 0.605 | F28: 0.05 | G28: ='APUS BASICOS'!F83 -> 763585.23 | H28: =E28*G28*(1+F28) -> 485067.52
G29: SUB-TOTAL MATERIALES | H29: =SUM(H18:H28) -> 2405889.1
A31: ÍTEM | B31: II. EQUIPOS
B32: DESCRIPCIÓN | E32: UNIDAD | F32: CANTIDAD | G32: VALOR UNIT | H32: VALOR PARCIAL
B33: HERRAMIENTA MENOR (% VR. MANO DE OBRA) | E33: % | F33: 0.05 | G33: =H53 -> 836426.37 | H33: =F33*G33 -> 41821.318
A34: ='INSUMOS & EQUIPOS'!B328 -> EQUI2411119 | B34: ='INSUMOS & EQUIPOS'!C328 -> FORMALETA METÁLICA PARA PAVIMENTO EN CONCRETO HIDRÁULICO - RIELES (M) | E34: =VLOOKUP(B34,'INSUMOS & EQUIPOS'!$C$10:$E$419,2,FALSE) -> DÍA | F34: =4*3 -> 12 | G34: =VLOOKUP(B34,'INSUMOS & EQUIPOS'!$C$10:$E$419,3,FALSE) -> 3843.45 | H34: =F34*G34 -> 46121.4
A35: ='INSUMOS & EQUIPOS'!B342 -> C0010922 | B35: ='INSUMOS & EQUIPOS'!C342 -> VIBRADOR DE CONCRETO, POTENCIA APROXIMADA DE 3 HP, MANGUERAS DE 4 A 6 METROS | E35: =VLOOKUP(B35,'INSUMOS & EQUIPOS'!$C$10:$E$419,2,FALSE) -> HR | F35: 1 | G35: =VLOOKUP(B35,'INSUMOS & EQUIPOS'!$C$10:$E$419,3,FALSE) -> 12119.334 | H35: =F35*G35 -> 12119.334
A36: ='INSUMOS & EQUIPOS'!B358 -> C0011088 | B36: ='INSUMOS & EQUIPOS'!C358 -> PLANTA ELÉCTRICA MOTOGENERADOR G.P. 100 KW | E36: =VLOOKUP(B36,'INSUMOS & EQUIPOS'!$C$10:$E$419,2,FALSE) -> HR | F36: 1 | G36: =VLOOKUP(B36,'INSUMOS & EQUIPOS'!$C$10:$E$419,3,FALSE) -> 75727.286 | H36: =F36*G36 -> 75727.286
A37: ='INSUMOS & EQUIPOS'!B343 -> C0010010 | B37: ='INSUMOS & EQUIPOS'!C343 -> ASPERSOR MANUAL DE 20 LITROS | E37: =VLOOKUP(B37,'INSUMOS & EQUIPOS'!$C$10:$E$419,2,FALSE) -> HR | F37: 1 | G37: =VLOOKUP(B37,'INSUMOS & EQUIPOS'!$C$10:$E$419,3,FALSE) -> 5957.2248 | H37: =F37*G37 -> 5957.2248
A38: ='INSUMOS & EQUIPOS'!B322 -> EQUI2611025 | B38: ='INSUMOS & EQUIPOS'!C322 -> EQUIPO DE SOLDADURA 400 AMP | E38: =VLOOKUP(B38,'INSUMOS & EQUIPOS'!$C$10:$E$419,2,FALSE) -> DÍA | F38: 0.3 | G38: =VLOOKUP(B38,'INSUMOS & EQUIPOS'!$C$10:$E$419,3,FALSE) -> 173458.37 | H38: =F38*G38 -> 52037.512
A39: ='INSUMOS & EQUIPOS'!B344 -> C0010011 | B39: ='INSUMOS & EQUIPOS'!C344 -> CEPILLO DE ACABADO O TEXTURIZADOR 120 CM X 3/4" 2 TUBOS EXTENSIBLES | E39: =VLOOKUP(B39,'INSUMOS & EQUIPOS'!$C$10:$E$419,2,FALSE) -> HR | F39: 1 | G39: =VLOOKUP(B39,'INSUMOS & EQUIPOS'!$C$10:$E$419,3,FALSE) -> 4068.792 | H39: =F39*G39 -> 4068.792
A40: ='INSUMOS & EQUIPOS'!B345 -> C0010170 | B40: ='INSUMOS & EQUIPOS'!C345 -> CIZALLA MANUAL DE 90 CM | E40: =VLOOKUP(B40,'INSUMOS & EQUIPOS'!$C$10:$E$419,2,FALSE) -> HR | F40: 1 | G40: =VLOOKUP(B40,'INSUMOS & EQUIPOS'!$C$10:$E$419,3,FALSE) -> 3081.0352 | H40: =F40*G40 -> 3081.0352
G41: SUB-TOTAL EQUIPOS | H41: =SUM(H33:H40) -> 240933.9
B43: III. TRANSPORTE
A44: ITEM: | B44: DESCRIPCIÓN | D44: UNIDAD | E44: DISTANCIA | F44: VOL - CANT | G44: TARIFA | H44: VALOR PARCIAL
A45: ='INSUMOS & EQUIPOS'!B411 -> TRANS241104 | B45: ='INSUMOS & EQUIPOS'!$C$411 -> TRANSPORTE DE MATERIALES | D45: =VLOOKUP(B45,'INSUMOS & EQUIPOS'!$C$10:$E$419,2,FALSE) -> % | F45: 0.05 | G45: =H29 -> 2405889.1 | H45: =F45*G45 -> 120294.46
G47: SUB-TOTAL TRANSPORTE | H47: =SUM(H45:H46) -> 120294.46
B49: IV. MANO DE OBRA
A50: ITEM: | B50: CUADRILLA | E50: UNIDAD | F50: CANTIDAD | G50: VALOR UNIT | H50: VALOR PARCIAL
A51: ='INSUMOS & EQUIPOS'!B382 -> MO241101 | B51: ='INSUMOS & EQUIPOS'!C382 -> CUADRILLA "AA" (Albañileria) | E51: =VLOOKUP(B51,'INSUMOS & EQUIPOS'!$C$10:$E$419,2,FALSE) -> HC | F51: 8 | G51: =VLOOKUP(B51,'INSUMOS & EQUIPOS'!$C$10:$E$419,3,FALSE) -> 50004.565 | H51: =F51*G51 -> 400036.52
A52: ='INSUMOS & EQUIPOS'!B383 -> MO241102 | B52: ='INSUMOS & EQUIPOS'!C383 -> CUADRILLA "BB" (Instalaciones) | E52: =VLOOKUP(B52,'INSUMOS & EQUIPOS'!$C$10:$E$419,2,FALSE) -> HC | F52: 8 | G52: =VLOOKUP(B52,'INSUMOS & EQUIPOS'!$C$10:$E$419,3,FALSE) -> 54548.731 | H52: =F52*G52 -> 436389.85
G53: SUB-TOTAL MANO DE OBRA | H53: =SUM(H51:H52) -> 836426.37
A55: TOTAL COSTO DIRECTO | H55: =H53+H47+H41+H29 -> 3603543.9
A57: NOTA: Los valores unitarios de los siguientes insumos se han fijado tomando como base los costos de referencia adoptados por Municipio de Barrancas, Departamento de la Guajira.

Sheet APU4.6.
C1: REPÚBLICA DE COLOMBIA
C2: DEPARTAMENTO DE LA GUAJIRA
C3: MUNICIPIO DE BARRANCAS
A5: FORMATO DE ANÁLISIS DE PRECIOS UNITARIOS
A6: ELABORÓ: | B6: OFICINA ASESORA DE PLANEACIÓN | E6: VERSIÓN: | F6: APU_BAR | G6: FECHA: | H6: JUNIO - 2026
A7: PROYECTO: | B7: ='INSUMOS & EQUIPOS'!$B$6 -> CONSTRUCCIÓN DE UN SISTEMA SOLAR FOTOVOLTAICO DE GENERACIÓN DISTRIBUIDA DE 0.99 MWE ETAPA 3 PARA EL DESARROLLO SOCIOECONÓMICO DEL MUNICIPIO DE BARRANCAS, EN EL DEPARTAMENTO DE LA GUAJIRA - BARRANCAS III
A9: DATOS ESPECIFICOS DE ANÁLISIS DE PRECIOS UNITARIOS
A11: ='PPTO RESUMEN'!$D$30 -> OBRAS CIVILES GENERALES
A13: ÍTEM | B13: DESCRIPCIÓN | H13: UNIDAD
A14: ='PPTO RESUMEN'!C36 -> 4.6 | B14: CONSTRUCCIÓN DE CIMENTACIÓN DE 5,00 X 4,00 MTS EN CONCRETO DE 4.000 PSI PARA SOPORTE DE SUBESTACIÓN ELÉCTRICA PRINCIPAL. INCLUYE EXCAVACIÓN, RETIRO DE MATERIAL Y ACERO DE REFUERZO. | H14: M3
B16: I. MATERIALES
A17: ÍTEM | B17: DESCRIPCIÓN | D17: UNIDAD | E17: CANTIDAD | F17: DESPERDICIO % | G17: VALOR UNIT | H17: VALOR PARCIAL
A18: BASICO3B | B18: ='APUS BASICOS'!D54 -> CONCRETO 2.000 PSI HECHO EN OBRA | D18: M3 | E18: =L19*0.05 -> 1 | F18: 0.05 | G18: ='APUS BASICOS'!F54 -> 640946.19 | H18: =E18*G18*(1+F18) -> 672993.5
A19: BASICO07 | B19: ='APUS BASICOS'!D95 -> CONCRETO 4.000 PSI HECHO EN OBRA | D19: M3 | E19: =L19*0.2 -> 4 | F19: 0.05 | G19: ='APUS BASICOS'!F95 -> 795130.8 | H19: =E19*G19*(1+F19) -> 3339549.4 | K19: =4*3 -> 12 | L19: =5*4 -> 20
A20: BASICOACERO | B20: =B.ACERO!B14 -> SUMINISTRO E INSTALACIÓN DE ACERO DE REFUERZO FY=60.000 PSI. | D20: KG | E20: 200 | F20: 0.05 | G20: =B.ACERO!H48 -> 11658.082 | H20: =E20*G20*(1+F20) -> 2448197.2 | L20: =5/0.2 -> 25 | M20: =L20*4 -> 100
A21: ='INSUMOS & EQUIPOS'!B13 -> MAT2411004 | B21: ='INSUMOS & EQUIPOS'!C13 -> AGUA | D21: =VLOOKUP(B21,'INSUMOS & EQUIPOS'!$C$10:$E$419,2,FALSE) -> LT | E21: 500 | F21: 0.05 | G21: =VLOOKUP(B21,'INSUMOS & EQUIPOS'!$C$10:$E$419,3,FALSE) -> 105.3 | H21: =E21*G21*(1+F21) -> 55282.5 | L21: =4/0.2 -> 20 | M21: =L21*5 -> 100
A22: ='INSUMOS & EQUIPOS'!B15 -> MAT2411006 | B22: ='INSUMOS & EQUIPOS'!C15 -> SIKA ANTISOL ROJO BASE EN AGUA | D22: =VLOOKUP(B22,'INSUMOS & EQUIPOS'!$C$10:$E$419,2,FALSE) -> KG | E22: 1 | F22: 0.05 | G22: =VLOOKUP(B22,'INSUMOS & EQUIPOS'!$C$10:$E$419,3,FALSE) -> 26951.535 | H22: =E22*G22*(1+F22) -> 28299.112
G24: SUB-TOTAL MATERIALES | H24: =SUM(H18:H23) -> 6544321.6
A26: ÍTEM | B26: II. EQUIPOS
B27: DESCRIPCIÓN | E27: UNIDAD | F27: CANTIDAD | G27: VALOR UNIT | H27: VALOR PARCIAL
B28: HERRAMIENTA MENOR (% VR. MANO DE OBRA) | E28: % | F28: 0.05 | G28: =H52 -> 400036.52 | H28: =F28*G28 -> 20001.826
A29: ='INSUMOS & EQUIPOS'!B358 -> C0011088 | B29: ='INSUMOS & EQUIPOS'!C358 -> PLANTA ELÉCTRICA MOTOGENERADOR G.P. 100 KW | E29: =VLOOKUP(B29,'INSUMOS & EQUIPOS'!$C$10:$E$419,2,FALSE) -> HR | F29: =1/2 -> 0.5 | G29: =VLOOKUP(B29,'INSUMOS & EQUIPOS'!$C$10:$E$419,3,FALSE) -> 75727.286 | H29: =F29*G29 -> 37863.643
A30: ='INSUMOS & EQUIPOS'!B342 -> C0010922 | B30: ='INSUMOS & EQUIPOS'!C342 -> VIBRADOR DE CONCRETO, POTENCIA APROXIMADA DE 3 HP, MANGUERAS DE 4 A 6 METROS | E30: =VLOOKUP(B30,'INSUMOS & EQUIPOS'!$C$10:$E$419,2,FALSE) -> HR | F30: =1/1 -> 1 | G30: =VLOOKUP(B30,'INSUMOS & EQUIPOS'!$C$10:$E$419,3,FALSE) -> 12119.334 | H30: =F30*G30 -> 12119.334
A31: ='INSUMOS & EQUIPOS'!B328 -> EQUI2411119 | B31: ='INSUMOS & EQUIPOS'!C328 -> FORMALETA METÁLICA PARA PAVIMENTO EN CONCRETO HIDRÁULICO - RIELES (M) | E31: =VLOOKUP(B31,'INSUMOS & EQUIPOS'!$C$10:$E$419,2,FALSE) -> DÍA | F31: =8*3 -> 24 | G31: =VLOOKUP(B31,'INSUMOS & EQUIPOS'!$C$10:$E$419,3,FALSE) -> 3843.45 | H31: =F31*G31 -> 92242.8
A32: ='INSUMOS & EQUIPOS'!B355 -> C0010290 | B32: ='INSUMOS & EQUIPOS'!C355 -> CORTADORA DE PAVIMENTO, PROFUNDIDAD DE CORTE: 16- 19 CM. CAPACIDAD DE DISCO: DESDE 12" HASTA 20" DE DIÁMETRO | E32: =VLOOKUP(B32,'INSUMOS & EQUIPOS'!$C$10:$E$419,2,FALSE) -> HR | F32: 2 | G32: =VLOOKUP(B32,'INSUMOS & EQUIPOS'!$C$10:$E$419,3,FALSE) -> 22616.242 | H32: =F32*G32 -> 45232.483
A33: ='INSUMOS & EQUIPOS'!B316 -> EQUI2411001 | B33: ='INSUMOS & EQUIPOS'!C316 -> CARROTANQUE DE AGUA (1000 GALONES) | E33: =VLOOKUP(B33,'INSUMOS & EQUIPOS'!$C$10:$E$419,2,FALSE) -> HR | F33: 0.5 | G33: =VLOOKUP(B33,'INSUMOS & EQUIPOS'!$C$10:$E$419,3,FALSE) -> 107321.76 | H33: =F33*G33 -> 53660.88
A34: ='INSUMOS & EQUIPOS'!B343 -> C0010010 | B34: ='INSUMOS & EQUIPOS'!C343 -> ASPERSOR MANUAL DE 20 LITROS | E34: =VLOOKUP(B34,'INSUMOS & EQUIPOS'!$C$10:$E$419,2,FALSE) -> HR | F34: =1/4 -> 0.25 | G34: =VLOOKUP(B34,'INSUMOS & EQUIPOS'!$C$10:$E$419,3,FALSE) -> 5957.2248 | H34: =F34*G34 -> 1489.3062
G36: SUB-TOTAL EQUIPOS | H36: =SUM(H28:H35) -> 262610.27
B38: III. TRANSPORTE
A39: ITEM: | B39: DESCRIPCIÓN | D39: UNIDAD | E39: DISTANCIA | F39: VOL - CANT | G39: TARIFA | H39: VALOR PARCIAL
A40: ='INSUMOS & EQUIPOS'!B403 -> MO241122 | B40: ='INSUMOS & EQUIPOS'!$C$411 -> TRANSPORTE DE MATERIALES | D40: =VLOOKUP(B40,'INSUMOS & EQUIPOS'!$C$10:$E$419,2,FALSE) -> % | F40: 0.05 | G40: =H24 -> 6544321.6 | H40: =F40*G40 -> 327216.08
G43: SUB-TOTAL TRANSPORTE | H43: =SUM(H40:H42) -> 327216.08
B45: IV. MANO DE OBRA
A46: ITEM: | B46: CUADRILLA | E46: UNIDAD | F46: CANTIDAD | G46: VALOR UNIT | H46: VALOR PARCIAL
A47: ='INSUMOS & EQUIPOS'!B382 -> MO241101 | B47: ='INSUMOS & EQUIPOS'!C382 -> CUADRILLA "AA" (Albañileria) | E47: =VLOOKUP(B47,'INSUMOS & EQUIPOS'!$C$10:$E$419,2,FALSE) -> HC | F47: 8 | G47: =VLOOKUP(B47,'INSUMOS & EQUIPOS'!$C$10:$E$419,3,FALSE) -> 50004.565 | H47: =F47*G47 -> 400036.52
G52: SUB-TOTAL MANO DE OBRA | H52: =SUM(H47:H51) -> 400036.52
A54: TOTAL COSTO DIRECTO | H54: =H52+H43+H36+H24 -> 7534184.5
A56: NOTA: Los valores unitarios de los siguientes insumos se han fijado tomando como base los costos de referencia adoptados por Municipio de Barrancas, Departamento de la Guajira.

Sheet MEM CAP 4
B2: REPUBLICA DE COLOMBIA
B3: DEPARTAMENTO DE LA GUAJIRA
B4: MUNICIPIO DE BARRANCAS
B5: OFICINA ASESORA DE PLANEACION
B7: CONSTRUCCIÓN DE UN SISTEMA SOLAR FOTOVOLTAICO DE GENERACIÓN DISTRIBUIDA DE 0.99 MWE PARA EL DESARROLLO SOCIOECONÓMICO DEL MUNICIPIO DE BARRANCAS, EN EL DEPARTAMENTO DE LA GUAJIRA - BARRANCAS III
B9: MEMORIA DE CANTIDADES
B12: =+'APU 4.1.'!A14 -> 4.1 | C12: =VLOOKUP(B12,'PPTO RESUMEN'!$C$17:$E$83,2) -> Conformación de calzada con sub_base granular tipo invias; incluye: suministro, extendido, humedecimiento, transporte externo, transporte interno, compactación hasta una densidad del 95% de la máxima obtenida en el ensayo del próctor modificado, medido en sitio. | N12: UNIDAD | O12: =VLOOKUP(B12,'PPTO RESUMEN'!$C$17:$E$83,3) -> m2
B13: No. | C13: CONCEPTO | D13: DIMENSIONES | G13: VOLUMEN / AREA | H13: Altura | I13: UNIDAD | J13: TOTAL | K13: ESQUEMA
D14: LARGO | E14: ALTO | F14: ANCHO
C15: Tramo 1 | D15: 317.774 | F15: 5 | J15: =F15*D15 -> 1588.87
C16: Tramo 2 | D16: 223.766 | F16: 5 | J16: =F16*D16 -> 1118.83
C17: Tramo 3 | D17: 288.343 | F17: 5 | J17: =F17*D17 -> 1441.715
C18: Tramo 4 | D18: 155.25 | J18: =F18*D18 -> 0
C19: Tramo 5 | D19: 189.4 | J19: =F19*D19 -> 0
B32: TOTAL | J32: =ROUND(SUM(J15:J31),1) -> 4149.4
B33: OBSERVACIONES: 1. El resultado está redondeado a 1 decimal * Area lote tomada de autocad
B37: REPUBLICA DE COLOMBIA
B38: DEPARTAMENTO DE LA GUAJIRA
B39: MUNICIPIO DE BARRANCAS
B40: OFICINA ASESORA DE PLANEACION
B42: =+B7 -> CONSTRUCCIÓN DE UN SISTEMA SOLAR FOTOVOLTAICO DE GENERACIÓN DISTRIBUIDA DE 0.99 MWE PARA EL DESARROLLO SOCIOECONÓMICO DEL MUNICIPIO DE BARRANCAS, EN EL DEPARTAMENTO DE LA GUAJIRA - BARRANCAS III
B44: MEMORIA DE CANTIDADES
B47: =+'PPTO RESUMEN'!C32 -> 4.2 | C47: =VLOOKUP(B47,'PPTO RESUMEN'!$C$17:$E$83,2) -> Construcción de cuneta de sección trapezoidal revestida con geosintético textil impermeable (tipo impertex o similar). Incluye: excavación, perfilado, compactación de la banca, suministro, corte, instalación y anclaje del material geosintético, y todo lo necesario para su correcto funcionamiento. | N47: UNIDAD | O47: =VLOOKUP(B47,'PPTO RESUMEN'!$C$17:$E$83,3) -> ml
B48: No. | C48: CONCEPTO | D48: DIMENSIONES | G48: VOLUMEN / AREA | H48: CANT | I48: UNIDAD | J48: TOTAL | K48: ESQUEMA
D49: LARGO | E49: ALTO | F49: ANCHO
C50: Cuneta | D50: 317.774 | J50: =+D50 -> 317.774
B67: TOTAL | J67: =ROUND(SUM(J50:J66),1) -> 317.8
B68: OBSERVACIONES: 1. El resultado está redondeado a 1 decimal * Area lote tomada de autocad
B72: REPUBLICA DE COLOMBIA
B73: DEPARTAMENTO DE LA GUAJIRA
B74: MUNICIPIO DE BARRANCAS
B75: OFICINA ASESORA DE PLANEACION
B77: =+B42 -> CONSTRUCCIÓN DE UN SISTEMA SOLAR FOTOVOLTAICO DE GENERACIÓN DISTRIBUIDA DE 0.99 MWE PARA EL DESARROLLO SOCIOECONÓMICO DEL MUNICIPIO DE BARRANCAS, EN EL DEPARTAMENTO DE LA GUAJIRA - BARRANCAS III
B79: MEMORIA DE CANTIDADES
B82: =+'PPTO RESUMEN'!C33 -> 4.3 | C82: =VLOOKUP(B82,'PPTO RESUMEN'!$C$17:$E$83,2) -> Construcción de camino peatonal permeable. Incluye: actividades de adecuación, nivelación y preparación del terreno, suministro e instalación de sistema de confinamiento celular (geocelda), suministro, llenado y acomodo de material granular tipo grava, y todo lo necesario para su correcto funcionamiento. | N82: UNIDAD | O82: =VLOOKUP(B82,'PPTO RESUMEN'!$C$17:$E$83,3) -> ml
B83: No. | C83: CONCEPTO | D83: DIMENSIONES | G83: VOLUMEN / AREA | H83: CANT | I83: UNIDAD | J83: TOTAL | K83: ESQUEMA
D84: LARGO | E84: ALTO | F84: ANCHO
C85: Caminos | D85: 200 | J85: 184
B102: TOTAL | J102: =ROUND(SUM(J85:J101),1) -> 184
B103: OBSERVACIONES:
B107: REPUBLICA DE COLOMBIA
B108: DEPARTAMENTO DE LA GUAJIRA
B109: MUNICIPIO DE BARRANCAS
B110: OFICINA ASESORA DE PLANEACION
B112: =+B77 -> CONSTRUCCIÓN DE UN SISTEMA SOLAR FOTOVOLTAICO DE GENERACIÓN DISTRIBUIDA DE 0.99 MWE PARA EL DESARROLLO SOCIOECONÓMICO DEL MUNICIPIO DE BARRANCAS, EN EL DEPARTAMENTO DE LA GUAJIRA - BARRANCAS III
B114: MEMORIA DE CANTIDADES
B117: =+'PPTO RESUMEN'!C34 -> 4.4 | C117: =VLOOKUP(B117,'PPTO RESUMEN'!$C$17:$E$83,2) -> Caja de inspección eléctrico de 90 x 90 x 110cm, en concreto reforzado de f'c= 3.500 psi - impermeabilizado. Incluye excavación y tape, tapa y herrajes, cañuelas, marcos en ángulo de 1 1/2"x3/16 e incluye todo lo necesario para su correcto funcionamiento. | N117: UNIDAD | O117: =VLOOKUP(B117,'PPTO RESUMEN'!$C$17:$E$83,3) -> und
B118: No. | C118: CONCEPTO | D118: DIMENSIONES | G118: VOLUMEN / AREA | H118: CANT | I118: UNIDAD | J118: TOTAL | K118: ESQUEMA
D119: LARGO | E119: ALTO | F119: ANCHO
C120: Cajas de Inspeccion | H120: 5 | I120: und | J120: =+H120 -> 5
B137: TOTAL | J137: =ROUND(SUM(J120:J136),1) -> 5
B138: OBSERVACIONES:
B142: REPUBLICA DE COLOMBIA
B143: DEPARTAMENTO DE LA GUAJIRA
B144: MUNICIPIO DE BARRANCAS
B145: OFICINA ASESORA DE PLANEACION
B147: =+B112 -> CONSTRUCCIÓN DE UN SISTEMA SOLAR FOTOVOLTAICO DE GENERACIÓN DISTRIBUIDA DE 0.99 MWE PARA EL DESARROLLO SOCIOECONÓMICO DEL MUNICIPIO DE BARRANCAS, EN EL DEPARTAMENTO DE LA GUAJIRA - BARRANCAS III
B149: MEMORIA DE CANTIDADES
B152: =+'PPTO RESUMEN'!C35 -> 4.5 | C152: =VLOOKUP(B152,'PPTO RESUMEN'!$C$17:$E$83,2) -> Construcción de caseta tipo cobertizo de 2 x 1 mts, para la ubicación de inversores, sin muros. Incluye: placa base en concreto de 3.500 psi, estructura metálica con protección anticorrosiva, cubierta termoacústica, accesorios para fijación de equipos y todo lo necesario para su correcto funcionamiento. | N152: UNIDAD | O152: =VLOOKUP(B152,'PPTO RESUMEN'!$C$17:$E$83,3) -> und
B153: No. | C153: CONCEPTO | D153: DIMENSIONES | G153: VOLUMEN / AREA | H153: CANT | I153: UNIDAD | J153: TOTAL | K153: ESQUEMA
D154: LARGO | E154: ALTO | F154: ANCHO
C155: Caseta Inversores | H155: 5 | I155: und | J155: =+H155 -> 5
B172: TOTAL | J172: =ROUND(SUM(J155:J171),1) -> 5
B173: OBSERVACIONES:
B178: REPUBLICA DE COLOMBIA
B179: DEPARTAMENTO DE LA GUAJIRA
B180: MUNICIPIO DE BARRANCAS
B181: OFICINA ASESORA DE PLANEACION
B183: =+B147 -> CONSTRUCCIÓN DE UN SISTEMA SOLAR FOTOVOLTAICO DE GENERACIÓN DISTRIBUIDA DE 0.99 MWE PARA EL DESARROLLO SOCIOECONÓMICO DEL MUNICIPIO DE BARRANCAS, EN EL DEPARTAMENTO DE LA GUAJIRA - BARRANCAS III
B185: MEMORIA DE CANTIDADES
B188: =+'PPTO RESUMEN'!C36 -> 4.6 | C188: =VLOOKUP(B188,'PPTO RESUMEN'!$C$17:$E$83,2) -> Construcción de cimentación en concreto de 4.000 PSI para soporte de subestación eléctrica principal. Incluye excavación, retiro de material y acero de refuerzo. | N188: UNIDAD | O188: =VLOOKUP(B188,'PPTO RESUMEN'!$C$17:$E$83,3) -> und
B189: No. | C189: CONCEPTO | D189: DIMENSIONES | G189: VOLUMEN / AREA | H189: CANT | I189: UNIDAD | J189: TOTAL | K189: ESQUEMA
D190: LARGO | E190: ALTO | F190: ANCHO
C191: Cimentacion subestacion electrica | H191: 1 | I191: und | J191: =+H191 -> 1
B208: TOTAL | J208: =ROUND(SUM(J191:J207),1) -> 1
B209: OBSERVACIONES:

Sheet APU 5.1.
C1: REPÚBLICA DE COLOMBIA
C2: DEPARTAMENTO DE LA GUAJIRA
C3: MUNICIPIO DE BARRANCAS
A5: FORMATO DE ANÁLISIS DE PRECIOS UNITARIOS
A6: ELABORÓ: | B6: OFICINA ASESORA DE PLANEACIÓN | E6: VERSIÓN: | F6: APU_BAR | G6: FECHA: | H6: JUNIO - 2026
A7: PROYECTO: | B7: ='INSUMOS & EQUIPOS'!$B$6 -> CONSTRUCCIÓN DE UN SISTEMA SOLAR FOTOVOLTAICO DE GENERACIÓN DISTRIBUIDA DE 0.99 MWE ETAPA 3 PARA EL DESARROLLO SOCIOECONÓMICO DEL MUNICIPIO DE BARRANCAS, EN EL DEPARTAMENTO DE LA GUAJIRA - BARRANCAS III
A9: DATOS ESPECIFICOS DE ANÁLISIS DE PRECIOS UNITARIOS
A11: ='PPTO RESUMEN'!$D$37 -> ZANJA MT PARA 1 CIRCUITO
A13: ÍTEM | B13: DESCRIPCIÓN | H13: UNIDAD
A14: ='PPTO RESUMEN'!C38 -> 5.1 | B14: SUMINISTRO E INSTALACIÓN DE CANALIZACIÓN DE DOS (02) TUBOS ENTERRADA A PROFUNDIDAD MÁXIMA DE 1,00 MTS, EN TUBERÍA DE PVC DE 4" TIPO DB (ZANJA 1) | H14: ML
B16: I. MATERIALES
A17: ÍTEM | B17: DESCRIPCIÓN | D17: UNIDAD | E17: CANTIDAD | F17: DESPERDICIO % | G17: VALOR UNIT | H17: VALOR PARCIAL
A18: ='INSUMOS & EQUIPOS'!B186 -> MAT2411177 | B18: ='INSUMOS & EQUIPOS'!C186 -> TUBERIA PVC DB 4" -NTC 979 Y RETIE | D18: =VLOOKUP(B18,'INSUMOS & EQUIPOS'!$C$10:$E$419,2,FALSE) -> ML | E18: 2 | F18: 0.05 | G18: =VLOOKUP(B18,'INSUMOS & EQUIPOS'!$C$10:$E$419,3,FALSE) -> 51479.167 | H18: =E18*G18*(1+F18) -> 108106.25
A19: ='INSUMOS & EQUIPOS'!B189 -> MAT2411180 | B19: ='INSUMOS & EQUIPOS'!C189 -> ESPUMA DE POLIURETANO IGNIFUGA SOUDAGOAM FR PARA ESPACIOS EN TERMINALES DE DUCTOS X 750ML | D19: =VLOOKUP(B19,'INSUMOS & EQUIPOS'!$C$10:$E$419,2,FALSE) -> UND | E19: =1/20 -> 0.05 | F19: 0.05 | G19: =VLOOKUP(B19,'INSUMOS & EQUIPOS'!$C$10:$E$419,3,FALSE) -> 65890 | H19: =E19*G19*(1+F19) -> 3459.225
A20: ='INSUMOS & EQUIPOS'!B190 -> MAT2411181 | B20: ='INSUMOS & EQUIPOS'!C190 -> CINTA SEÑALIZACIÓN DE RIESGO ELÉCTRICO SUBTERRÁNEO ROJO X 80 MT | D20: =VLOOKUP(B20,'INSUMOS & EQUIPOS'!$C$10:$E$419,2,FALSE) -> UND | E20: =1/80 -> 0.0125 | F20: 0.05 | G20: =VLOOKUP(B20,'INSUMOS & EQUIPOS'!$C$10:$E$419,3,FALSE) -> 111720 | H20: =E20*G20*(1+F20) -> 1466.325
A21: ='INSUMOS & EQUIPOS'!B192 -> MAT2411183 | B21: ='INSUMOS & EQUIPOS'!C192 -> SEPARADOR DE 2 DUCTOS DE Ø=4" (114,3MM) | D21: =VLOOKUP(B21,'INSUMOS & EQUIPOS'!$C$10:$E$419,2,FALSE) -> UND | E21: 1.1 | F21: 0.05 | G21: =VLOOKUP(B21,'INSUMOS & EQUIPOS'!$C$10:$E$419,3,FALSE) -> 10800 | H21: =E21*G21*(1+F21) -> 12474
A22: ='INSUMOS & EQUIPOS'!B109 -> MAT2411100 | B22: ='INSUMOS & EQUIPOS'!C109 -> SOLDADURA LIQUIDA PVC 1/4 GL | D22: =VLOOKUP(B22,'INSUMOS & EQUIPOS'!$C$10:$E$419,2,FALSE) -> UND | E22: =1/50 -> 0.02 | F22: 0.05 | G22: =VLOOKUP(B22,'INSUMOS & EQUIPOS'!$C$10:$E$419,3,FALSE) -> 69455.88 | H22: =E22*G22*(1+F22) -> 1458.5735
A23: ='INSUMOS & EQUIPOS'!B110 -> MAT2411101 | B23: ='INSUMOS & EQUIPOS'!C110 -> LIMPIADOR PVC 760-G, 1/4 GLN | D23: =VLOOKUP(B23,'INSUMOS & EQUIPOS'!$C$10:$E$419,2,FALSE) -> UND | E23: =E22 -> 0.02 | F23: 0.05 | G23: =VLOOKUP(B23,'INSUMOS & EQUIPOS'!$C$10:$E$419,3,FALSE) -> 82593.603 | H23: =E23*G23*(1+F23) -> 1734.4657
